Workbook
Name OLE_LINK1: Туризм!$A$3

Sheet АПК
A1: Приложение № 11 к Комплексной программе социально-экономического развития Чувашской Республики на 2025-2030 годы
A2: Инфраструктурные проекты Чувашской Республики в разрезе муниципальных образований
A3: Наименование | B3: Национальный проект, региональный проект | C3: Место реализации проекта | D3: Сроки реализации, годы | E3: Мощность | F3: Источник финансирования, наличие и необходимость ПСД | G3: Прогнозные объемы финансирования | O3: Число жителей, улучшивших условия в результате реализации, человек | P3: Основания для включения | Q3: Функциональный заказчик
G4: источник финансирования | H4: всего, в том числе | I4: 2025 | J4: 2026 | K4: 2027 | L4: 2028 | M4: 2029 | N4: 2030
A5: 1 | B5: 2 | C5: 3 | D5: 4 | E5: 5 | F5: 6 | G5: 7 | H5: 8 | I5: 9 | J5: 10 | K5: 11 | L5: 12 | M5: 13 | N5: 14 | O5: 15 | P5: 16 | Q5: 17
A6: Цивильский муниципальный округ Чувашской Республики
A7: Проектирование и строительство участка автомобильной дороги до д. Коснарбоси общей протяженностью 3 км. (от д. Таушкасы Чебоксарского МО до д. Коснарбоси Цивильского МО) | C7: Цивильский муниципальный округ Чувашской Республики | D7: 2026–2027 | E7: 2028 | F7: республиканский бюджет, требуется раз­работка ПСД | G7: объем финансирования, млн. рублей | H7: =SUM(H8:H11) -> 90 | I7: =SUM(I8:I11) -> 0 | J7: =SUM(J8:J11) -> 5 | K7: =SUM(K8:K11) -> 85 | L7: =SUM(L8:L11) -> 0 | M7: =SUM(M8:M11) -> 0 | N7: =SUM(N8:N11) -> 0 | O7: 2700 | Q7: Администрация Цивильского муниципального округа
G8: федеральный бюджет | H8: =SUM(I8:N8) -> 0 | I8: 0 | J8: 0 | K8: 0 | L8: 0 | M8: 0 | N8: 0
G9: республиканский бюджет Чувашской Республики | H9: =SUM(I9:N9) -> 90 | I9: 0 | J9: 5 | K9: 85 | L9: 0 | M9: 0 | N9: 0
G10: местный бюджет | H10: =SUM(I10:N10) -> 0 | I10: 0 | J10: 0 | K10: 0 | L10: 0 | M10: 0 | N10: 0
G11: внебюджетные источники | H11: =SUM(I11:N11) -> 0 | I11: 0 | J11: 0 | K11: 0 | L11: 0 | M11: 0 | N11: 0
A12: Итого по муниципальному округу: | G12: объем финансирования, млн. рублей | H12: =SUM(H7) -> 90 | I12: =SUM(I7) -> 0 | J12: =SUM(J7) -> 5 | K12: =SUM(K7) -> 85 | L12: =SUM(L7) -> 0 | M12: =SUM(M7) -> 0 | N12: =SUM(N7) -> 0
G13: федеральный бюджет | H13: =SUM(H8) -> 0 | I13: =SUM(I8) -> 0 | J13: =SUM(J8) -> 0 | K13: =SUM(K8) -> 0 | L13: =SUM(L8) -> 0 | M13: =SUM(M8) -> 0 | N13: =SUM(N8) -> 0
G14: республиканский бюджет Чувашской Республики | H14: =SUM(H9) -> 90 | I14: =SUM(I9) -> 0 | J14: =SUM(J9) -> 5 | K14: =SUM(K9) -> 85 | L14: =SUM(L9) -> 0 | M14: =SUM(M9) -> 0 | N14: =SUM(N9) -> 0
G15: местный бюджет | H15: =SUM(H10) -> 0 | I15: =SUM(I10) -> 0 | J15: =SUM(J10) -> 0 | K15: =SUM(K10) -> 0 | L15: =SUM(L10) -> 0 | M15: =SUM(M10) -> 0 | N15: =SUM(N10) -> 0
G16: внебюджетные источники | H16: =SUM(H11) -> 0 | I16: =SUM(I11) -> 0 | J16: =SUM(J11) -> 0 | K16: =SUM(K11) -> 0 | L16: =SUM(L11) -> 0 | M16: =SUM(M11) -> 0 | N16: =SUM(N11) -> 0
A17: Ядринский муниципальный округ
A18: Капитальный ремонт водопроводных линий по ул. Пискунова г. Ялрин (от перекрестка ул. Пискунова с ул. 50 лет Октября до перекрёстка ул. Пискунова с ул. Первомайская), по ул. Максима Горького г. Ядрин (от перекрестка ул. Максима Горького с ул. 50 лет Октября до перекрестка ул. Максима Горького с ул. К. Маркса) | B18: Государственная программа "Комплексное развитие сельских территорий Чувашской Республики" | C18: Чувашская Республика - Чувашия, м.о. Ядринский, Ядрин г. | D18: 2026 | E18: 1 км | F18: ФБ+РБ+МБ+ВБ | G18: объем финансирования, млн. рублей | H18: 7.4 | I18: =SUM(I19:I22) -> 0 | J18: 7.4 | K18: =SUM(K19:K22) -> 0 | L18: =SUM(L19:L22) -> 0 | M18: 0 | N18: =SUM(N19:N22) -> 0 | O18: 7626 | P18: Заявка на участие в мероприятиях государственной программы Российской Федерации "Комплексное развитие сельских территорий" на 2026 год. Постановление Кабинета Министров Чувашской Республики от 30.12.2025 № 802 "О распределении субсидии из республиканского бюджета Чувашской Республики бюджетам муниципальных округов на обеспечение комплексного развития сельских территорий на 2026 и 2027 годы" | Q18: Администрация Ядринского муниципального округа
G19: федеральный бюджет | H19: =SUM(I19:N19) -> 6.562 | I19: 0 | J19: 6.562 | K19: 0 | L19: 0 | M19: 0 | N19: 0
G20: республиканский бюджет Чувашской Республики | H20: =SUM(I20:N20) -> 0.066 | I20: 0 | J20: 0.066 | K20: 0 | L20: 0 | M20: 0 | N20: 0
G21: местный бюджет | H21: =SUM(I21:N21) -> 0.03 | I21: 0 | J21: 0.03 | K21: 0 | L21: 0 | M21: 0 | N21: 0
G22: внебюджетные источники | H22: =SUM(I22:N22) -> 0.736 | I22: 0 | J22: 0.736 | K22: 0 | L22: 0 | M22: 0 | N22: 0
A23: Капитальный ремонт спортивного стадиона, расположенного по адресу: Чувашская Республика, Ядринский муниципальный округ, г. Ядрин, ул. 30 лет Победы | B23: Государственная программа "Комплексное развитие сельских территорий Чувашской Республики" | C23: Чувашская Республика - Чувашия, м.о. Ядринский, Ядрин г. | D23: 2026-2026 | F23: ФБ+РБ+МБ+ВБ Требуется разработка ПСД | G23: объем финансирования, млн. рублей | H23: =SUM(H24:H27) -> 50 | I23: =SUM(I24:I27) -> 0 | J23: =SUM(J24:J27) -> 50 | K23: =SUM(K24:K27) -> 0 | L23: =SUM(L24:L27) -> 0 | M23: =SUM(M24:M27) -> 0 | N23: =SUM(N24:N27) -> 0 | O23: 7626 | P23: Заявка на участие в мероприятиях государственной программы Российской Федерации "Комплексное развитие сельских территорий" на 2026 год | Q23: Администрация Ядринского муниципального округа
G24: федеральный бюджет | H24: =SUM(I24:N24) -> 44.5 | I24: 0 | J24: 44.5 | K24: 0 | L24: 0 | M24: 0 | N24: 0
G25: республиканский бюджет Чувашской Республики | H25: =SUM(I25:N25) -> 0.4 | I25: 0 | J25: 0.4 | K25: 0 | L25: 0 | M25: 0 | N25: 0
G26: местный бюджет | H26: =SUM(I26:N26) -> 0.1 | I26: 0 | J26: 0.1 | K26: 0 | L26: 0 | M26: 0 | N26: 0
G27: внебюджетные источники | H27: =SUM(I27:N27) -> 5 | I27: 0 | J27: 5 | K27: 0 | L27: 0 | M27: 0 | N27: 0
A28: Капитальный ремонт системы водоснабжения по улице Молодежная в н. Ядрин Чувашской Республики | B28: Государственная программа "Комплексное развитие сельских территорий Чувашской Республики" | C28: Чувашская Республика, м.о. Ядринский, г. Ядрин | D28: 2026 | E28: 500 куб.м. | F28: ФБ+РБ+МБ+ВБ | G28: объем финансирования, млн. рублей | H28: =SUM(H29:H32) -> 19.97 | I28: =SUM(I29:I32) -> 0 | J28: =SUM(J29:J32) -> 19.97 | K28: =SUM(K29:K32) -> 0 | L28: =SUM(L29:L32) -> 0 | M28: =SUM(M29:M32) -> 0 | N28: =SUM(N29:N32) -> 0 | O28: 7626 | P28: Заявка на участие в мероприятиях государственной программы Российской Федерации "Комплексное развитие сельских территорий" на 2026 год. Постановление Кабинета Министров Чувашской Республики от 30.12.2025 № 802 "О распределении субсидии из республиканского бюджета Чувашской Республики бюджетам муниципальных округов на обеспечение комплексного развития сельских территорий на 2026 и 2027 годы" | Q28: Администрация Ядринского муниципального округа
G29: федеральный бюджет | H29: =SUM(I29:N29) -> 17.78 | I29: 0 | J29: 17.78 | K29: 0 | L29: 0 | M29: 0 | N29: 0
G30: республиканский бюджет Чувашской Республики | H30: =SUM(I30:N30) -> 0.18 | I30: 0 | J30: 0.18 | K30: 0 | L30: 0 | M30: 0 | N30: 0
G31: местный бюджет | H31: =SUM(I31:N31) -> 0.01 | I31: 0 | J31: 0.01 | K31: 0 | L31: 0 | M31: 0 | N31: 0
G32: внебюджетные источники | H32: =SUM(I32:N32) -> 2 | I32: 0 | J32: 2 | K32: 0 | L32: 0 | M32: 0 | N32: 0
A33: Строительство БМК в г. Ядрин с выводом из эксплуатации кот. № 1 Ядринского муниципального округа Чувашской Республики | B33: Государственная программа "Комплексное развитие сельских территорий Чувашской Республики" | C33: Чувашская Республика, м.о. Ядринский, г. Ядрин | D33: 2027 | E33: 6 мВт | F33: ФБ+РБ+МБ+ВБ | G33: объем финансирования, млн. рублей | H33: =SUM(H34:H37) -> 103 | I33: =SUM(I34:I37) -> 0 | J33: =SUM(J34:J37) -> 0 | K33: =SUM(K34:K37) -> 103 | L33: =SUM(L34:L37) -> 0 | M33: =SUM(M34:M37) -> 0 | N33: =SUM(N34:N37) -> 0 | O33: 7626 | P33: Заявка на участие в мероприятиях государственной программы Российской Федерации "Комплексное развитие сельских территорий" на 2026 год. Постановление Кабинета Министров Чувашской Республики от 30.12.2025 № 802 "О распределении субсидии из республиканского бюджета Чувашской Республики бюджетам муниципальных округов на обеспечение комплексного развития сельских территорий на 2026 и 2027 годы" | Q33: Администрация Ядринского муниципального округа
G34: федеральный бюджет | H34: =SUM(I34:N34) -> 91.72 | I34: 0 | J34: 0 | K34: 91.72 | L34: 0 | M34: 0 | N34: 0
G35: республиканский бюджет Чувашской Республики | H35: =SUM(I35:N35) -> 0.93 | I35: 0 | J35: 0 | K35: 0.93 | L35: 0 | M35: 0 | N35: 0
G36: местный бюджет | H36: =SUM(I36:N36) -> 0.05 | I36: 0 | J36: 0 | K36: 0.05 | L36: 0 | M36: 0 | N36: 0
G37: внебюджетные источники | H37: =SUM(I37:N37) -> 10.3 | I37: 0 | J37: 0 | K37: 10.3 | L37: 0 | M37: 0 | N37: 0
A38: Капитальный ремонт здания МБДОУ "Детский сад" "Сказка" по адресу: Чувашская Республика, г.Ядрин , ул. Чапаева, д.22 | B38: Государственная программа "Комплексное развитие сельских территорий Чувашской Республики" | C38: Чувашская Республика, м.о. Ядринский, г. Ядрин | D38: 2026 | E38: 200 чел. | F38: ФБ+РБ+МБ+ВБ | G38: объем финансирования, млн. рублей | H38: =SUM(H39:H42) -> 116.26 | I38: =SUM(I39:I42) -> 0 | J38: =SUM(J39:J42) -> 116.26 | K38: =SUM(K39:K42) -> 0 | L38: =SUM(L39:L42) -> 0 | M38: =SUM(M39:M42) -> 0 | N38: =SUM(N39:N42) -> 0 | O38: 7626 | P38: Заявка на участие в мероприятиях государственной программы Российской Федерации "Комплексное развитие сельских территорий" на 2026 год. Постановление Кабинета Министров Чувашской Республики от 30.12.2025 № 802 "О распределении субсидии из республиканского бюджета Чувашской Республики бюджетам муниципальных округов на обеспечение комплексного развития сельских территорий на 2026 и 2027 годы" | Q38: Администрация Ядринского муниципального округа
G39: федеральный бюджет | H39: =SUM(I39:N39) -> 103.52 | I39: 0 | J39: 103.52 | K39: 0 | L39: 0 | M39: 0 | N39: 0
G40: республиканский бюджет Чувашской Республики | H40: =SUM(I40:N40) -> 1.05 | I40: 0 | J40: 1.05 | K40: 0 | L40: 0 | M40: 0 | N40: 0
G41: местный бюджет | H41: =SUM(I41:N41) -> 0.06 | I41: 0 | J41: 0.06 | K41: 0 | L41: 0 | M41: 0 | N41: 0
G42: внебюджетные источники | H42: =SUM(I42:N42) -> 11.63 | I42: 0 | J42: 11.63 | K42: 0 | L42: 0 | M42: 0 | N42: 0
A43: Капитальный ремонт здания МБОУ «СОШ № 2» г. Ядрина по адресу: Чувашская Республика, г. Ядрин, ул. Чапаева, д. 20 «а» | B43: Государственная программа "Комплексное развитие сельских территорий Чувашской Республики" | C43: Чувашская Республика, м.о. Ядринский, г. Ядрин | D43: 2026 | E43: 160 чел. | F43: ФБ+РБ+МБ+ВБ | G43: объем финансирования, млн. рублей | H43: =SUM(H44:H47) -> 100.46 | I43: =SUM(I44:I47) -> 0 | J43: =SUM(J44:J47) -> 100.46 | K43: =SUM(K44:K47) -> 0 | L43: =SUM(L44:L47) -> 0 | M43: =SUM(M44:M47) -> 0 | N43: =SUM(N44:N47) -> 0 | O43: 7626 | P43: Заявка на участие в мероприятиях государственной программы Российской Федерации "Комплексное развитие сельских территорий" на 2026 год. Постановление Кабинета Министров Чувашской Республики от 30.12.2025 № 802 "О распределении субсидии из республиканского бюджета Чувашской Республики бюджетам муниципальных округов на обеспечение комплексного развития сельских территорий на 2026 и 2027 годы" | Q43: Администрация Ядринского муниципального округа
G44: федеральный бюджет | H44: =SUM(I44:N44) -> 89.46 | I44: 0 | J44: 89.46 | K44: 0 | L44: 0 | M44: 0 | N44: 0
G45: республиканский бюджет Чувашской Республики | H45: =SUM(I45:N45) -> 0.9 | I45: 0 | J45: 0.9 | K45: 0 | L45: 0 | M45: 0 | N45: 0
G46: местный бюджет | H46: =SUM(I46:N46) -> 0.05 | I46: 0 | J46: 0.05 | K46: 0 | L46: 0 | M46: 0 | N46: 0
G47: внебюджетные источники | H47: =SUM(I47:N47) -> 10.05 | I47: 0 | J47: 10.05 | K47: 0 | L47: 0 | M47: 0 | N47: 0
A48: Приобретение автобуса ГАЗель Next для ФСК г. Ядрин Ядринского муниципального округа Чувашской Республики | B48: Государственная программа "Комплексное развитие сельских территорий Чувашской Республики" | C48: Чувашская Республика, м.о. Ядринский, г. Ядрин | D48: 2026 | E48: 1 шт | F48: ФБ+РБ+МБ+ВБ | G48: объем финансирования, млн. руб. | H48: =SUM(H49:H52) -> 6.7934 | I48: =SUM(I49:I52) -> 0 | J48: =SUM(J49:J52) -> 6.7934 | K48: =SUM(K49:K52) -> 0 | L48: =SUM(L49:L52) -> 0 | M48: =SUM(M49:M52) -> 0 | N48: 0 | O48: 7626 | P48: Заявка на участие в мероприятиях государственной программы Российской Федерации "Комплексное развитие сельских территорий" на 2026 год. Постановление Кабинета Министров Чувашской Республики от 30.12.2025 № 802 "О распределении субсидии из республиканского бюджета Чувашской Республики бюджетам муниципальных округов на обеспечение комплексного развития сельских территорий на 2026 и 2027 годы" | Q48: Администрация Ядринского муниципального округа
G49: федеральный бюджет | H49: =SUM(I49:N49) -> 6.05 | I49: 0 | J49: 6.05 | K49: 0 | L49: 0 | M49: 0 | N49: 0
G50: республиканский бюджет Чувашской Республики | H50: =SUM(I50:N50) -> 0.06022822 | I50: 0 | J50: 0.06022822 | K50: 0 | L50: 0 | M50: 0 | N50: 0
G51: местный бюджет | H51: =SUM(I51:N51) -> 0.00317178 | I51: 0 | J51: 0.00317178 | K51: 0 | L51: 0 | M51: 0 | N51: 0
G52: внебюджетные источники | H52: =SUM(I52:N52) -> 0.68 | I52: 0 | J52: 0.68 | K52: 0 | L52: 0 | M52: 0 | N52: 0
A53: ИТОГО по Ядринскому муниципальному округу: | G53: объем финансирования, млн. рублей | H53: =SUM(H18,H23,H28,H33,H38,H43,H48) -> 403.8834 | I53: =SUM(I18,I23,I28,I33,I38,I43,I48) -> 0 | J53: =SUM(J18,J23,J28,J33,J38,J43,J48) -> 300.8834 | K53: =SUM(K18,K23,K28,K33,K38,K43,K48) -> 103 | L53: =SUM(L18,L23,L28,L33,L38,L43,L48) -> 0 | M53: =SUM(M18,M23,M28,M33,M38,M43,M48) -> 0 | N53: =SUM(N18,N23,N28,N33,N38,N43,N48) -> 0 | O53: 7626
G54: федеральный бюджет | H54: =SUM(H19,H24,H29,H34,H39,H44,H49) -> 359.592 | I54: =SUM(I19,I24,I29,I34,I39,I44,I49) -> 0 | J54: =SUM(J19,J24,J29,J34,J39,J44,J49) -> 267.872 | K54: =SUM(K19,K24,K29,K34,K39,K44,K49) -> 91.72 | L54: =SUM(L19,L24,L29,L34,L39,L44,L49) -> 0 | M54: =SUM(M19,M24,M29,M34,M39,M44,M49) -> 0 | N54: =SUM(N19,N24,N29,N34,N39,N44,N49) -> 0
G55: республиканский бюджет Чувашской Республики | H55: =SUM(H20,H25,H30,H35,H40,H45,H50) -> 3.5862282 | I55: =SUM(I20,I25,I30,I35,I40,I45,I50) -> 0 | J55: =SUM(J20,J25,J30,J35,J40,J45,J50) -> 2.6562282 | K55: =SUM(K20,K25,K30,K35,K40,K45,K50) -> 0.93 | L55: =SUM(L20,L25,L30,L35,L40,L45,L50) -> 0 | M55: =SUM(M20,M25,M30,M35,M40,M45,M50) -> 0 | N55: =SUM(N20,N25,N30,N35,N40,N45,N50) -> 0
G56: местный бюджет | H56: =SUM(H21,H26,H31,H36,H41,H46,H51) -> 0.30317178 | I56: =SUM(I21,I26,I31,I36,I41,I46,I51) -> 0 | J56: =SUM(J21,J26,J31,J36,J41,J46,J51) -> 0.25317178 | K56: =SUM(K21,K26,K31,K36,K41,K46,K51) -> 0.05 | L56: =SUM(L21,L26,L31,L36,L41,L46,L51) -> 0 | M56: =SUM(M21,M26,M31,M36,M41,M46,M51) -> 0 | N56: =SUM(N21,N26,N31,N36,N41,N46,N51) -> 0
G57: внебюджетные источники | H57: =SUM(H22,H27,H32,H37,H42,H47,H52) -> 40.396 | I57: =SUM(I22,I27,I32,I37,I42,I47,I52) -> 0 | J57: =SUM(J22,J27,J32,J37,J42,J47,J52) -> 30.096 | K57: =SUM(K22,K27,K32,K37,K42,K47,K52) -> 10.3 | L57: =SUM(L22,L27,L32,L37,L42,L47,L52) -> 0 | M57: =SUM(M22,M27,M32,M37,M42,M47,M52) -> 0 | N57: =SUM(N22,N27,N32,N37,N42,N47,N52) -> 0

Sheet Туризм
A1: Наименование | B1: Национальный проект, региональный проект | C1: Место реализации проекта | D1: Сроки реализации, годы | E1: Мощность | F1: Источник финансирования, наличие и необходимость ПСД | G1: Прогнозные объемы финансирования | O1: Число жителей, улучшивших условия в результате реализации, человек | P1: Основания для включения | Q1: Функциональный заказчик
G2: источник финансирования | H2: всего, в том числе | I2: 2025 | J2: 2026 | K2: 2027 | L2: 2028 | M2: 2029 | N2: 2030
A3: 1 | B3: 2 | C3: 3 | D3: 4 | E3: 5 | F3: 6 | G3: 7 | H3: 8 | I3: 9 | J3: 10 | K3: 11 | L3: 12 | M3: 13 | N3: 14 | O3: 15 | P3: 16 | Q3: 17
A4: Городской округ город Чебоксары Чувашской Республики
A5: Разработка ПСД для реконструкции Казанской набережной и строительства объектов туристической инфраструктуры на Казанской набережной г. Чебоксары | B5: НП «Туризм и гостеприимство» | C5: городской округ город Чебоксары Чувашской Республики | D5: 2029–2030 | E5: 3 км | F5: республиканский бюджет Чувашской Республики, необходима ПСД | G5: объем финансирования, млн. рублей | H5: =SUM(H6:H9) -> 126 | I5: =SUM(I6:I9) -> 0 | J5: =SUM(J6:J9) -> 0 | K5: =SUM(K6:K9) -> 0 | L5: =SUM(L6:L9) -> 0 | M5: =SUM(M6:M9) -> 100 | N5: =SUM(N6:N9) -> 26 | O5: Число посетителей в год – 1,5–2 млн. единиц | P5: Заявка на участие в РАИП 2026–2027 | Q5: Администрация города Чебоксары
G6: федеральный бюджет | H6: =SUM(I6:N6) -> 0 | I6: 0 | J6: 0 | K6: 0 | L6: 0 | M6: 0 | N6: 0
G7: республиканский бюджет Чувашской Республики | H7: =SUM(I7:N7) -> 126 | I7: 0 | J7: 0 | K7: 0 | L7: 0 | M7: 100 | N7: 26
G8: местный бюджет | H8: =SUM(I8:N8) -> 0 | I8: 0 | J8: 0 | K8: 0 | L8: 0 | M8: 0 | N8: 0
G9: внебюджетные источники | H9: =SUM(I9:N9) -> 0 | I9: 0 | J9: 0 | K9: 0 | L9: 0 | M9: 0 | N9: 0
A10: Строительство (реконструкция) Казанской набережной и строительство объектов туристической инфраструктуры на Казанской набережной г. Чебоксары | B10: НП «Туризм и гостеприимство» | C10: городской округ город Чебоксары Чувашской Республики | D10: 2029–2030 | E10: 3 км | F10: федеральный бюджет, республиканский бюджет Чувашской Республики, местный бюджет города Чебоксары, необходима ПСД | G10: объем финансирования, млн. рублей | H10: =SUM(H11:H14) -> 1774 | I10: =SUM(I11:I14) -> 0 | J10: =SUM(J11:J14) -> 0 | K10: =SUM(K11:K14) -> 0 | L10: =SUM(L11:L14) -> 0 | M10: =SUM(M11:M14) -> 500 | N10: =SUM(N11:N14) -> 1274 | O10: Число посетителей в год – 1,5–2 млн. единиц | P10: Заявка на участие в государственной программе РФ «Развитие туризма» приложение № 3 | Q10: Администрация города Чебоксары
G11: федеральный бюджет | H11: =SUM(I11:N11) -> 1720.8 | I11: 0 | J11: 0 | K11: 0 | L11: 0 | M11: 485 | N11: 1235.8
G12: республиканский бюджет Чувашской Республики | H12: =SUM(I12:N12) -> 42.6 | I12: 0 | J12: 0 | K12: 0 | L12: 0 | M12: 12 | N12: 30.6
G13: местный бюджет | H13: =SUM(I13:N13) -> 10.6 | I13: 0 | J13: 0 | K13: 0 | L13: 0 | M13: 3 | N13: 7.6
G14: внебюджетные источники | H14: =SUM(I14:N14) -> 0 | I14: 0 | J14: 0 | K14: 0 | L14: 0 | M14: 0 | N14: 0
A15: Разработка ПСД для инженерной инфраструктуры (дополнительной причальной стенки) Чебоксарского речного порта, г. Чебоксары | B15: НП «Туризм и гостеприимство» | C15: городской округ город Чебоксары Чувашской Республики | D15: 2029 | E15: - | F15: республиканский бюджет Чувашской Республики, необходима ПСД | G15: объем финансирования, млн. рублей | H15: =SUM(H16:H19) -> 9 | I15: =SUM(I16:I19) -> 0 | J15: =SUM(J16:J19) -> 0 | K15: =SUM(K16:K19) -> 0 | L15: =SUM(L16:L19) -> 0 | M15: =SUM(M16:M19) -> 9 | N15: =SUM(N16:N19) -> 0 | O15: Число посетителей в год – 1,5–2 млн. единиц | P15: Заявка на участие в РАИП 2027 года | Q15: Администрация города Чебоксары
G16: федеральный бюджет | H16: =SUM(I16:N16) -> 0 | I16: 0 | J16: 0 | K16: 0 | L16: 0 | M16: 0 | N16: 0
G17: республиканский бюджет Чувашской Республики | H17: =SUM(I17:N17) -> 9 | I17: 0 | J17: 0 | K17: 0 | L17: 0 | M17: 9 | N17: 0
G18: местный бюджет | H18: =SUM(I18:N18) -> 0 | I18: 0 | J18: 0 | K18: 0 | L18: 0 | M18: 0 | N18: 0
G19: внебюджетные источники | H19: =SUM(I19:N19) -> 0 | I19: 0 | J19: 0 | K19: 0 | L19: 0 | M19: 0 | N19: 0
A20: Строительство инженерной инфраструктуры (дополнительной причальной стенки) Чебоксарского речного порта, г. Чебоксары | B20: НП «Туризм и гостеприимство» | C20: городской округ город Чебоксары Чувашской Республики | D20: 2029–2030 | E20: - | F20: федеральный бюджет, республиканский бюджет Чувашской Республики, местный бюджет города Чебоксары, необходима ПСД | G20: объем финансирования, млн. рублей | H20: =SUM(H21:H24) -> 390 | I20: =SUM(I21:I24) -> 0 | J20: =SUM(J21:J24) -> 0 | K20: =SUM(K21:K24) -> 0 | L20: =SUM(L21:L24) -> 0 | M20: =SUM(M21:M24) -> 150 | N20: =SUM(N21:N24) -> 240 | O20: Число посетителей в год – 1,5–2 млн. единиц | P20: Заявка на участие в государственной программе РФ «Развитие туризма» приложение № 3 | Q20: Администрация города Чебоксары
G21: федеральный бюджет | H21: =SUM(I21:N21) -> 378.3 | I21: 0 | J21: 0 | K21: 0 | L21: 0 | M21: 145.5 | N21: 232.8
G22: республиканский бюджет Чувашской Республики | H22: =SUM(I22:N22) -> 9.4 | I22: 0 | J22: 0 | K22: 0 | L22: 0 | M22: 3.6 | N22: 5.8
G23: местный бюджет | H23: =SUM(I23:N23) -> 2.3 | I23: 0 | J23: 0 | K23: 0 | L23: 0 | M23: 0.9 | N23: 1.4
G24: внебюджетные источники | H24: =SUM(I24:N24) -> 0 | I24: 0 | J24: 0 | K24: 0 | L24: 0 | M24: 0 | N24: 0
A25: Разработка ПСД для строительства объекта «Парящий мост» над рекой Волга со смотровой площадкой от Мемориального комплекса «Парк Победы» | B25: НП «Туризм и гостеприимство» | C25: городской округ город Чебоксары Чувашской Республики | D25: 2029 | E25: - | F25: республиканский бюджет Чувашской Республики, необходима ПСД | G25: объем финансирования, млн. рублей | H25: =SUM(H26:H29) -> 50 | I25: =SUM(I26:I29) -> 0 | J25: =SUM(J26:J29) -> 0 | K25: =SUM(K26:K29) -> 0 | L25: =SUM(L26:L29) -> 0 | M25: =SUM(M26:M29) -> 50 | N25: =SUM(N26:N29) -> 0 | O25: Число посетителей в год – 1,5–2 млн. единиц | P25: Заявка на участие в государственной программе РФ «Развитие туризма» приложение № 3 | Q25: Администрация города Чебоксары
G26: федеральный бюджет | H26: =SUM(I26:N26) -> 0 | I26: 0 | J26: 0 | K26: 0 | L26: 0 | M26: 0 | N26: 0
G27: республиканский бюджет Чувашской Республики | H27: =SUM(I27:N27) -> 50 | I27: 0 | J27: 0 | K27: 0 | L27: 0 | M27: 50 | N27: 0
G28: местный бюджет | H28: =SUM(I28:N28) -> 0 | I28: 0 | J28: 0 | K28: 0 | L28: 0 | M28: 0 | N28: 0
G29: внебюджетные источники | H29: =SUM(I29:N29) -> 0 | I29: 0 | J29: 0 | K29: 0 | L29: 0 | M29: 0 | N29: 0
A30: Строительство объекта «Парящий мост» над рекой Волга со смотровой площадкой от Мемориального комлпекса «Парк Победы» | B30: НП «Туризм и гостеприимство» | C30: городской округ город Чебоксары Чувашской Республики | D30: 2029–2030 | E30: - | F30: федеральный бюджет, республиканский бюджет Чувашской Республики, местный бюджет города Чебоксары, необходима ПСД | G30: объем финансирования, млн. рублей | H30: =SUM(H31:H34) -> 500 | I30: =SUM(I31:I34) -> 0 | J30: =SUM(J31:J34) -> 0 | K30: =SUM(K31:K34) -> 0 | L30: =SUM(L31:L34) -> 0 | M30: =SUM(M31:M34) -> 250 | N30: =SUM(N31:N34) -> 250 | O30: Число посетителей в год – 1,5–2 млн. единиц | P30: Заявка на участие в государственной программе РФ «Развитие туризма» приложение № 3 | Q30: Администрация города Чебоксары
G31: федеральный бюджет | H31: =SUM(I31:N31) -> 495 | I31: 0 | J31: 0 | K31: 0 | L31: 0 | M31: 247.5 | N31: 247.5
G32: республиканский бюджет Чувашской Республики | H32: =SUM(I32:N32) -> 4 | I32: 0 | J32: 0 | K32: 0 | L32: 0 | M32: 2 | N32: 2
G33: местный бюджет | H33: =SUM(I33:N33) -> 1 | I33: 0 | J33: 0 | K33: 0 | L33: 0 | M33: 0.5 | N33: 0.5
G34: внебюджетные источники | H34: =SUM(I34:N34) -> 0 | I34: 0 | J34: 0 | K34: 0 | L34: 0 | M34: 0 | N34: 0
A35: Строительство пирса и перенос ПСКР «Чебоксары» на постоянное место стоянки | B35: НП «Туризм и гостеприимство» | C35: городской округ город Чебоксары Чувашской Республики | D35: 2029-2030 | E35: - | F35: муниципальный бюджет города Чебоксары, ПСД имеется, нет экспертизы | G35: объем финансирования, млн. рублей | H35: =SUM(H36:H39) -> 280 | I35: =SUM(I36:I39) -> 0 | J35: =SUM(J36:J39) -> 0 | K35: =SUM(K36:K39) -> 0 | L35: =SUM(L36:L39) -> 0 | M35: =SUM(M36:M39) -> 100 | N35: =SUM(N36:N39) -> 180 | O35: Число посетителей в год – 1,5–2 млн. единиц | P35: Перенос корабля-музея на постоянное место стоянки | Q35: Администрация города Чебоксары
G36: федеральный бюджет | H36: =SUM(I36:N36) -> 0 | I36: 0 | J36: 0 | K36: 0 | L36: 0 | M36: 0 | N36: 0
G37: республиканский бюджет Чувашской Республики | H37: =SUM(I37:N37) -> 0 | I37: 0 | J37: 0 | K37: 0 | L37: 0 | M37: 0 | N37: 0
G38: местный бюджет | H38: =SUM(I38:N38) -> 280 | I38: 0 | J38: 0 | K38: 0 | L38: 0 | M38: 100 | N38: 180
G39: внебюджетные источники | H39: =SUM(I39:N39) -> 0 | I39: 0 | J39: 0 | K39: 0 | L39: 0 | M39: 0 | N39: 0
A40: Разработка ПСД и создание музея морской славы на базе пограничного сторожевого корабля «Чебоксары» | B40: НП «Туризм и гостеприимство» | C40: городской округ город Чебоксары Чувашской Республики | D40: 2029–2030 | E40: - | F40: федеральный бюджет, республиканский бюджет Чувашской Республики, местный бюджет города Чебоксары, ПСД имеется, нет экспертизы | G40: объем финансирования, млн. рублей | H40: =SUM(H41:H44) -> 88 | I40: =SUM(I41:I44) -> 0 | J40: =SUM(J41:J44) -> 0 | K40: =SUM(K41:K44) -> 0 | L40: =SUM(L41:L44) -> 0 | M40: =SUM(M41:M44) -> 40 | N40: =SUM(N41:N44) -> 48 | O40: Число посетителей в год – 1,5–2 млн. единиц | P40: ПСД – заявка на участие в РАИП 2026 года. Строительство – заявка на участие в государственной программе РФ «Развитие туризма» приложение № 3 | Q40: Администрация города Чебоксары
G41: федеральный бюджет | H41: =SUM(I41:N41) -> 77.6 | I41: 0 | J41: 0 | K41: 0 | L41: 0 | M41: 38.8 | N41: 38.8
G42: республиканский бюджет Чувашской Республики | H42: =SUM(I42:N42) -> 10 | I42: 0 | J42: 0 | K42: 0 | L42: 0 | M42: 1 | N42: 9
G43: местный бюджет | H43: =SUM(I43:N43) -> 0.4 | I43: 0 | J43: 0 | K43: 0 | L43: 0 | M43: 0.2 | N43: 0.2
G44: внебюджетные источники | H44: =SUM(I44:N44) -> 0 | I44: 0 | J44: 0 | K44: 0 | L44: 0 | M44: 0 | N44: 0
A45: Разработка ПСД и строительство 4-х гостевых парковок с санитарными зонами для стоянки туристических автобусов в г. Чебоксары | B45: НП «Туризм и гостеприимство» | C45: городской округ город Чебоксары Чувашской Республики | D45: 2029-2030 | E45: - | F45: федеральный бюджет, республиканский бюджет Чувашской Республики, местный бюджет города Чебоксары, необходима ПСД | G45: объем финансирования, млн. рублей | H45: =SUM(H46:H49) -> 80 | I45: =SUM(I46:I49) -> 0 | J45: =SUM(J46:J49) -> 0 | K45: =SUM(K46:K49) -> 0 | L45: =SUM(L46:L49) -> 0 | M45: =SUM(M46:M49) -> 8 | N45: =SUM(N46:N49) -> 72 | O45: Число посетителей в год – 1,5–2 млн. единиц | P45: Заявка на участие в РАИП 2027–2028 гг. | Q45: Администрация города Чебоксары
G46: федеральный бюджет | H46: =SUM(I46:N46) -> 69.8 | I46: 0 | J46: 0 | K46: 0 | L46: 0 | M46: 0 | N46: 69.8
G47: республиканский бюджет Чувашской Республики | H47: =SUM(I47:N47) -> 9.7 | I47: 0 | J47: 0 | K47: 0 | L47: 0 | M47: 8 | N47: 1.7
G48: местный бюджет | H48: =SUM(I48:N48) -> 0.5 | I48: 0 | J48: 0 | K48: 0 | L48: 0 | M48: 0 | N48: 0.5
G49: внебюджетные источники | H49: =SUM(I49:N49) -> 0 | I49: 0 | J49: 0 | K49: 0 | L49: 0 | M49: 0 | N49: 0
A50: Разработка ПСД и строительство инженерной инфраструктуры для зоопарка в парке «Амазония» | B50: НП «Туризм и гостеприимство» | C50: городской округ город Чебоксары Чувашской Республики | D50: 2029-2030 | E50: - | F50: федеральный бюджет, республиканский бюджет Чувашской Республики, местный бюджет города Чебоксары, необходима ПСД | G50: объем финансирования, млн. рублей | H50: =SUM(H51:H54) -> 150 | I50: =SUM(I51:I54) -> 0 | J50: =SUM(J51:J54) -> 0 | K50: =SUM(K51:K54) -> 0 | L50: =SUM(L51:L54) -> 0 | M50: =SUM(M51:M54) -> 75 | N50: =SUM(N51:N54) -> 75 | O50: Число посетителей в год – 500–600 тыс. единиц | P50: ПСД – заявка на участие в РАИП 2027 года. Строительство – заявка на участие в государственной программе РФ «Развитие туризма» приложение № 3 | Q50: Администрация города Чебоксары
G51: федеральный бюджет | H51: =SUM(I51:N51) -> 135.8 | I51: 0 | J51: 0 | K51: 0 | L51: 0 | M51: 67.9 | N51: 67.9
G52: республиканский бюджет Чувашской Республики | H52: =SUM(I52:N52) -> 13.4 | I52: 0 | J52: 0 | K52: 0 | L52: 0 | M52: 6.7 | N52: 6.7
G53: местный бюджет | H53: =SUM(I53:N53) -> 0.8 | I53: 0 | J53: 0 | K53: 0 | L53: 0 | M53: 0.4 | N53: 0.4
G54: внебюджетные источники | H54: =SUM(I54:N54) -> 0 | I54: 0 | J54: 0 | K54: 0 | L54: 0 | M54: 0 | N54: 0
A55: Разработка ПСД и строительство объектов инжнерной и туристской инфраструктуры комплексного подъемника с Московской набережной в парк «Амазония» | B55: НП «Туризм и гостеприимство» | C55: городской округ город Чебоксары Чувашской Республики | D55: 2029-2030 | E55: - | F55: федеральный бюджет, республиканский бюджет Чувашской Республики, местный бюджет города Чебоксары, необходима ПСД | G55: объем финансирования, млн. рублей | H55: =SUM(H56:H59) -> 319.95 | I55: =SUM(I56:I59) -> 0 | J55: =SUM(J56:J59) -> 0 | K55: =SUM(K56:K59) -> 0 | L55: =SUM(L56:L59) -> 0 | M55: =SUM(M56:M59) -> 159.95 | N55: =SUM(N56:N59) -> 160 | O55: Число посетителей в год – 500–600 тыс. единиц | P55: ПСД – заявка на участие в РАИП 2027 года. Строительство – заявка на участие в государственной программе РФ «Развитие туризма» приложение № 3 | Q55: Администрация города Чебоксары
G56: федеральный бюджет | H56: =SUM(I56:N56) -> 300.65 | I56: 0 | J56: 0 | K56: 0 | L56: 0 | M56: 150.35 | N56: 150.3
G57: республиканский бюджет Чувашской Республики | H57: =SUM(I57:N57) -> 17.4 | I57: 0 | J57: 0 | K57: 0 | L57: 0 | M57: 8.5 | N57: 8.9
G58: местный бюджет | H58: =SUM(I58:N58) -> 1.9 | I58: 0 | J58: 0 | K58: 0 | L58: 0 | M58: 1.1 | N58: 0.8
G59: внебюджетные источники | H59: =SUM(I59:N59) -> 0 | I59: 0 | J59: 0 | K59: 0 | L59: 0 | M59: 0 | N59: 0
A60: Разработка ПСД и создание Музейно-ремесленного комплекса по адресу К. Иванова, 20 | B60: НП «Туризм и гостеприимство» | C60: городской округ город Чебоксары Чувашской Республики | D60: 2029-2030 | E60: - | F60: федеральный бюджет, республиканский бюджет Чувашской Республики, местный бюджет города Чебоксары, необходима ПСД | G60: объем финансирования, млн. рублей | H60: =SUM(H61:H64) -> 150 | I60: =SUM(I61:I64) -> 0 | J60: =SUM(J61:J64) -> 0 | K60: =SUM(K61:K64) -> 0 | L60: =SUM(L61:L64) -> 0 | M60: =SUM(M61:M64) -> 15 | N60: =SUM(N61:N64) -> 135 | O60: Число посетителей в год – 500–600 тыс. единиц | P60: ПСД – заявка на участие в РАИП 2027 го­да. Строительство – заявка на участие в государственной программе РФ «Развитие туризма» приложение № 3 | Q60: Администрация города Чебоксары
G61: федеральный бюджет | H61: =SUM(I61:N61) -> 131 | I61: 0 | J61: 0 | K61: 0 | L61: 0 | M61: 0 | N61: 131
G62: республиканский бюджет Чувашской Республики | H62: =SUM(I62:N62) -> 18.2 | I62: 0 | J62: 0 | K62: 0 | L62: 0 | M62: 15 | N62: 3.2
G63: местный бюджет | H63: =SUM(I63:N63) -> 0.8 | I63: 0 | J63: 0 | K63: 0 | L63: 0 | M63: 0 | N63: 0.8
G64: внебюджетные источники | H64: =SUM(I64:N64) -> 0 | I64: 0 | J64: 0 | K64: 0 | L64: 0 | M64: 0 | N64: 0
A65: Проектирование и строительство дамбы и дороги к гостиничному комплексу «Сокрома – Чебоксары» (новый объект) | B65: НП «Туризм и гостеприимство» | C65: городской округ город Чебоксары Чувашской Республики | D65: 2029-2030 | E65: - | F65: федеральный бюджет, республиканский бюджет Чувашской Республики, местный бюджет города Чебоксары, необходима ПСД | G65: объем финансирования, млн. рублей | H65: =SUM(H66:H69) -> 250 | I65: =SUM(I66:I69) -> 0 | J65: =SUM(J66:J69) -> 0 | K65: =SUM(K66:K69) -> 0 | L65: =SUM(L66:L69) -> 0 | M65: =SUM(M66:M69) -> 20 | N65: =SUM(N66:N69) -> 230 | O65: – | P65: ПСД – заявка на участие в РАИП 2026 го­да. Строительство – заявка на участие в государственной программе РФ «Развитие туризма» приложение № 3 | Q65: Администрация города Чебоксары
G66: федеральный бюджет | H66: =SUM(I66:N66) -> 223.1 | I66: 0 | J66: 0 | K66: 0 | L66: 0 | M66: 0 | N66: 223.1
G67: республиканский бюджет Чувашской Республики | H67: =SUM(I67:N67) -> 25.5 | I67: 0 | J67: 0 | K67: 0 | L67: 0 | M67: 20 | N67: 5.5
G68: местный бюджет | H68: =SUM(I68:N68) -> 1.4 | I68: 0 | J68: 0 | K68: 0 | L68: 0 | M68: 0 | N68: 1.4
G69: внебюджетные источники | H69: =SUM(I69:N69) -> 0 | I69: 0 | J69: 0 | K69: 0 | L69: 0 | M69: 0 | N69: 0
A70: Разработка ПСД и строительство инженерной инфраструктуры (дорога 2,2 км и газификация 1,2 км) к базе отдыха «Усадьба Жемчужная», г. Че­боксары. | B70: НП «Туризм и гостеприимство» | C70: городской округ город Чебоксары Чувашской Республики | D70: 2029-2030 | E70: 2,2 км | F70: федеральный бюджет, республиканский бюджет Чувашской Республики, местный бюджет города Чебоксары,необходима ПСД | G70: объем финансирования, млн. рублей | H70: =SUM(H71:H74) -> 52.6 | I70: =SUM(I71:I74) -> 0 | J70: =SUM(J71:J74) -> 0 | K70: =SUM(K71:K74) -> 0 | L70: =SUM(L71:L74) -> 0 | M70: =SUM(M71:M74) -> 48.1 | N70: =SUM(N71:N74) -> 4.5 | O70: – | P70: ПСД – заявка на участие в РАИП 2025 года. Строительство – заявка на участие в государственной программе РФ «Развитие туризма» приложение № 3 | Q70: Администрация города Чебоксары
G71: федеральный бюджет | H71: =SUM(I71:N71) -> 46.6 | I71: 0 | J71: 0 | K71: 0 | L71: 0 | M71: 46.6 | N71: 0
G72: республиканский бюджет Чувашской Республики | H72: =SUM(I72:N72) -> 5.7 | I72: 0 | J72: 0 | K72: 0 | L72: 0 | M72: 1.2 | N72: 4.5
G73: местный бюджет | H73: =SUM(I73:N73) -> 0.3 | I73: 0 | J73: 0 | K73: 0 | L73: 0 | M73: 0.3 | N73: 0
G74: внебюджетные источники | H74: =SUM(I74:N74) -> 0 | I74: 0 | J74: 0 | K74: 0 | L74: 0 | M74: 0 | N74: 0
A75: Разработка ПСД и строительство инженерной инфраструктуры (дорога 1,8 км) к базе отдыха «Нартаван», г. Че­бок­сары | B75: НП «Туризм и гостеприимство» | C75: городской округ город Чебоксары Чувашской Республики | D75: 2029-2030 | E75: 1,8 км | F75: федеральный бюджет, республиканский бюджет Чувашской Республики, местный бюджет города Чебоксары, необходима ПСД | G75: объем финансирования, млн. рублей | H75: =SUM(H76:H79) -> 44 | I75: =SUM(I76:I79) -> 0 | J75: =SUM(J76:J79) -> 0 | K75: =SUM(K76:K79) -> 0 | L75: =SUM(L76:L79) -> 0 | M75: =SUM(M76:M79) -> 40 | N75: =SUM(N76:N79) -> 4 | O75: – | P75: ПСД – заявка на участие в РАИП 2025 года. Строительство – заявка на участие в государственной программе РФ «Развитие туризма» приложение № 3 | Q75: Администрация города Чебоксары
G76: федеральный бюджет | H76: =SUM(I76:N76) -> 38.8 | I76: 0 | J76: 0 | K76: 0 | L76: 0 | M76: 38.8 | N76: 0
G77: республиканский бюджет Чувашской Республики | H77: =SUM(I77:N77) -> 5 | I77: 0 | J77: 0 | K77: 0 | L77: 0 | M77: 1 | N77: 4
G78: местный бюджет | H78: =SUM(I78:N78) -> 0.2 | I78: 0 | J78: 0 | K78: 0 | L78: 0 | M78: 0.2 | N78: 0
G79: внебюджетные источники | H79: =SUM(I79:N79) -> 0 | I79: 0 | J79: 0 | K79: 0 | L79: 0 | M79: 0 | N79: 0
A80: Разработка ПСД и строительствоинженерной инфраструктуры (дорога 2 км) к базе отдыха «Волжская деревня», г. Чебоксары | B80: НП «Туризм и гостеприимство» | C80: городской округ город Чебоксары Чувашской Республики | D80: 2029-2030 | E80: 2 км | F80: федеральный бюджет, республиканский бюджет Чувашской Республики, местный бюджет города Чебоксары, необходима ПСД | G80: объем финансирования, млн. рублей | H80: =SUM(H81:H84) -> 62 | I80: =SUM(I81:I84) -> 0 | J80: =SUM(J81:J84) -> 0 | K80: =SUM(K81:K84) -> 0 | L80: =SUM(L81:L84) -> 0 | M80: =SUM(M81:M84) -> 24 | N80: =SUM(N81:N84) -> 38 | O80: – | P80: ПСД – заявка на участие в РАИП 2026 года. Строительство – заявка на участие в государственной программе РФ «Развитие туризма» приложение № 3 | Q80: Администрация города Чебоксары
G81: федеральный бюджет | H81: =SUM(I81:N81) -> 60.2 | I81: 0 | J81: 0 | K81: 0 | L81: 0 | M81: 23.3 | N81: 36.9
G82: республиканский бюджет Чувашской Республики | H82: =SUM(I82:N82) -> 1.5 | I82: 0 | J82: 0 | K82: 0 | L82: 0 | M82: 0.6 | N82: 0.9
G83: местный бюджет | H83: =SUM(I83:N83) -> 0.3 | I83: 0 | J83: 0 | K83: 0 | L83: 0 | M83: 0.1 | N83: 0.2
G84: внебюджетные источники | H84: =SUM(I84:N84) -> 0 | I84: 0 | J84: 0 | K84: 0 | L84: 0 | M84: 0 | N84: 0
A85: Разработка ПСД и строительство инженерной инфраструктуры (дорога 6 км) к базе отдыха «Аван», г. Чебоксары | B85: НП «Туризм и гостеприимство» | C85: городской округ город Чебоксары Чувашской Республики | D85: 2029-2030 | E85: 6 км | F85: федеральный бюджет, республиканский бюджет Чувашской Республики, местный бюджет города Чебоксары, необходима ПСД | G85: объем финансирования, млн. рублей | H85: =SUM(H86:H89) -> 120 | I85: =SUM(I86:I89) -> 0 | J85: =SUM(J86:J89) -> 0 | K85: =SUM(K86:K89) -> 0 | L85: =SUM(L86:L89) -> 0 | M85: =SUM(M86:M89) -> 65 | N85: 55 | O85: – | P85: ПСД – заявка на участие в РАИП 2026 года. Строительство – заявка на участие в государственной программе РФ «Развитие туризма» приложение № 3 | Q85: Администрация города Чебоксары
G86: федеральный бюджет | H86: =SUM(I86:N86) -> 106.7 | I86: 0 | J86: 0 | K86: 0 | L86: 0 | M86: 58.2 | N86: 48.5
G87: республиканский бюджет Чувашской Республики | H87: =SUM(I87:N87) -> 12.6 | I87: 0 | J87: 0 | K87: 0 | L87: 0 | M87: 6.4 | N87: 6.2
G88: местный бюджет | H88: =SUM(I88:N88) -> 0.7 | I88: 0 | J88: 0 | K88: 0 | L88: 0 | M88: 0.4 | N88: 0.3
G89: внебюджетные источники | H89: =SUM(I89:N89) -> 0 | I89: 0 | J89: 0 | K89: 0 | L89: 0 | M89: 0 | N89: 0
A90: Разработка ПСД и строительство двух гостевых парковок с санитарными зонами для стоянки туристических автобусов на Заволжской терриотрии г. Чебоксары | B90: НП «Туризм и гостеприимство» | C90: городской округ город Чебоксары Чувашской Республики | D90: 2029-2030 | E90: - | F90: федеральный бюджет, республиканский бюджет Чувашской Республики, местный бюджет города Чебоксары, необходима ПСД | G90: объем финансирования, млн. рублей | H90: =SUM(H91:H94) -> 36 | I90: =SUM(I91:I94) -> 0 | J90: =SUM(J91:J94) -> 0 | K90: =SUM(K91:K94) -> 0 | L90: =SUM(L91:L94) -> 0 | M90: =SUM(M91:M94) -> 4 | N90: =SUM(N91:N94) -> 32 | O90: – | P90: ПСД – заявка на участие в РАИП 2026 года. Строительство – заявка на участие в государственной программе РФ «Развитие туризма» приложение № 3 | Q90: Администрация города Чебоксары
G91: федеральный бюджет | H91: 30.9 | I91: 0 | J91: 0 | K91: 0 | L91: 0 | M91: 0 | N91: 30.9
G92: республиканский бюджет Чувашской Республики | H92: 4.9 | I92: 0 | J92: 0 | K92: 0 | L92: 0 | M92: 4 | N92: 0.9
G93: местный бюджет | H93: 0.2 | I93: 0 | J93: 0 | K93: 0 | L93: 0 | M93: 0 | N93: 0.2
G94: внебюджетные источники | H94: 0 | I94: 0 | J94: 0 | K94: 0 | L94: 0 | M94: 0 | N94: 0
A95: Строительство набережной пассажирских причалов и объектов туристической инфраструктуры на левобережных остановочных пунктах Сосновка и Пляж г. Чебоксары | B95: НП «Туризм и гостеприимство» | C95: городской округ город Чебоксары Чувашской Республики | D95: 2029-2030 | E95: - | F95: федеральный бюджет, республиканский бюджет Чувашской Республики, местный бюджет города Чебоксары, необходима ПСД | G95: объем финансирования, млн. рублей | H95: =SUM(H96:H99) -> 40 | I95: =SUM(I96:I99) -> 0 | J95: =SUM(J96:J99) -> 0 | K95: =SUM(K96:K99) -> 0 | L95: =SUM(L96:L99) -> 0 | M95: =SUM(M96:M99) -> 4 | N95: =SUM(N96:N99) -> 36 | O95: 20000 | P95: ПСД – заявка на участие в РАИП 2026 года. Строительство – заявка на участие в государственной программе РФ «Развитие туризма» приложение № 3 | Q95: Администрация города Чебоксары
G96: федеральный бюджет | H96: =SUM(I96:N96) -> 34.9 | I96: 0 | J96: 0 | K96: 0 | L96: 0 | M96: 0 | N96: 34.9
G97: республиканский бюджет Чувашской Республики | H97: =SUM(I97:N97) -> 4.9 | I97: 0 | J97: 0 | K97: 0 | L97: 0 | M97: 4 | N97: 0.9
G98: местный бюджет | H98: =SUM(I98:N98) -> 0.2 | I98: 0 | J98: 0 | K98: 0 | L98: 0 | M98: 0 | N98: 0.2
G99: внебюджетные источники | H99: =SUM(I99:N99) -> 0 | I99: 0 | J99: 0 | K99: 0 | L99: 0 | M99: 0 | N99: 0
A100: Разработка ПСД и строительство «Волжской марины» и объектов туристической инфраструктуры на левобережной территории г. Чебоксары | B100: НП «Туризм и гостеприимство» | C100: городской округ город Чебоксары Чувашской Республики | D100: 2029-2030 | E100: - | F100: федеральный бюджет, республиканский бюджет Чувашской Республики, местный бюджет города Чебоксары, необходима ПСД | G100: объем финансирования, млн. рублей | H100: =SUM(H101:H104) -> 3900 | I100: =SUM(I101:I104) -> 0 | J100: =SUM(J101:J104) -> 0 | K100: =SUM(K101:K104) -> 0 | L100: =SUM(L101:L104) -> 0 | M100: =SUM(M101:M104) -> 2200 | N100: =SUM(N101:N104) -> 1700 | O100: – | P100: ПСД – заявка на участие в РАИП 2028 года. Строительство – заявка на участие в Гос проекта РФ «Развитие туризма» приложение № 3 | Q100: Администрация города Чебоксары
...

Sheet Строительство и ЖКХ
A1: Наименование | B1: Национальный проект, региональный проект | C1: Место реализации проекта | D1: Сроки реализации, годы | E1: Мощность | F1: Источник финансирования, наличие и необходимость ПСД | G1: Прогнозные объемы финансирования | O1: Число жителей, улучшивших условия в результате реализации, человек | P1: Основания для включения | Q1: Функциональный заказчик
G2: источник финансирования | H2: всего, в том числе | I2: 2025 | J2: 2026 | K2: 2027 | L2: 2028 | M2: 2029 | N2: 2030
A3: 1 | B3: 2 | C3: 3 | D3: 4 | E3: 5 | F3: 6 | G3: 7 | H3: 8 | I3: 9 | J3: 10 | K3: 11 | L3: 12 | M3: 13 | N3: 14 | O3: 15 | P3: 16 | Q3: 17
A4: городской округ город Чебоксары Чувашской Республики
A5: Магистральные сети водоснабжения микрорайона 2 «А» центральной части города Чебоксары «Грязевская стрелка», ограниченной улицами Гагарина, Ярмарочная, Пионерская, Калинина | B5: НП "Инфраструктура для жизни" | C5: городской округ город Чебоксары Чувашской Республики | D5: 2022-2026 | E5: 1,92 км | F5: Республиканский бюджет Чувашской Республики | G5: объем финансирования, млн. рублей | H5: =SUM(H6:H9) -> 19.9 | I5: =SUM(I6:I9) -> 0 | J5: =SUM(J6:J9) -> 19.9 | K5: =SUM(K6:K9) -> 0 | L5: =SUM(L6:L9) -> 0 | M5: =SUM(M6:M9) -> 0 | N5: =SUM(N6:N9) -> 0 | O5: 6723 | P5: Обеспечение ресурсами новых потребителей. Комфортное проживание и работа. Развитая инфраструктура. | Q5: Минстрой Чувашии
G6: федеральный бюджет | H6: =SUM(I6:N6) -> 0 | I6: 0 | J6: 0 | K6: 0 | L6: 0 | M6: 0 | N6: 0
G7: республиканский бюджет Чувашской Республики | H7: =SUM(I7:N7) -> 19.9 | I7: 0 | J7: 19.9 | K7: 0 | L7: 0 | M7: 0 | N7: 0
G8: местный бюджет | H8: =SUM(I8:N8) -> 0 | I8: 0 | J8: 0 | K8: 0 | L8: 0 | M8: 0 | N8: 0
G9: внебюджетные источники | H9: =SUM(I9:N9) -> 0 | I9: 0 | J9: 0 | K9: 0 | L9: 0 | M9: 0 | N9: 0
A10: Магистральные сети хозяйственно-бытовой канализации микрорайона 2 «А» центральной части города Чебоксары «Грязевская стрелка», ограниченной улицами Гагарина, Ярмарочная, Пионерская, Калинина | B10: НП "Инфраструктура для жизни" | C10: городской округ город Чебоксары Чувашской Республики | D10: 2022-2026 | E10: 1,125 км | F10: Республиканский бюджет Чувашской Республики | G10: объем финансирования, млн. рублей | H10: =SUM(H11:H14) -> 23.5 | I10: =SUM(I11:I14) -> 0 | J10: =SUM(J11:J14) -> 23.5 | K10: =SUM(K11:K14) -> 0 | L10: =SUM(L11:L14) -> 0 | M10: =SUM(M11:M14) -> 0 | N10: =SUM(N11:N14) -> 0 | O10: 6723 | P10: Обеспечение ресурсами новых потребителей. Отведение стоков от жилых домов и общественных зданий. Комфортное проживание и работа. Развитая инфраструктура. | Q10: Минстрой Чувашии
G11: федеральный бюджет | H11: =SUM(I11:N11) -> 0 | I11: 0 | J11: 0 | K11: 0 | L11: 0 | M11: 0 | N11: 0
G12: республиканский бюджет Чувашской Республики | H12: =SUM(I12:N12) -> 23.5 | I12: 0 | J12: 23.5 | K12: 0 | L12: 0 | M12: 0 | N12: 0
G13: местный бюджет | H13: =SUM(I13:N13) -> 0 | I13: 0 | J13: 0 | K13: 0 | L13: 0 | M13: 0 | N13: 0
G14: внебюджетные источники | H14: =SUM(I14:N14) -> 0 | I14: 0 | J14: 0 | K14: 0 | L14: 0 | M14: 0 | N14: 0
A15: Магистральные сети ливневой канализации микрорайона 2 «А» центральной части города Чебоксары «Грязевская стрелка», ограниченной улицами Гагарина, Ярмарочная, Пионерская, Калинина | B15: НП "Инфраструктура для жизни" | C15: городской округ город Чебоксары Чувашской Республики | D15: 2022-2026 | E15: 1,125 км | F15: Республиканский бюджет Чувашской Республики | G15: объем финансирования, млн. рублей | H15: =SUM(H16:H19) -> 42.3 | I15: =SUM(I16:I19) -> 0 | J15: =SUM(J16:J19) -> 42.3 | K15: =SUM(K16:K19) -> 0 | L15: =SUM(L16:L19) -> 0 | M15: =SUM(M16:M19) -> 0 | N15: =SUM(N16:N19) -> 0 | O15: 6723 | P15: Обеспечение ресурсами новых потребителей. Комфортное проживание и работа. Развитая инфраструктура. | Q15: Минстрой Чувашии
G16: федеральный бюджет | H16: =SUM(I16:N16) -> 0 | I16: 0 | J16: 0 | K16: 0 | L16: 0 | M16: 0 | N16: 0
G17: республиканский бюджет Чувашской Республики | H17: =SUM(I17:N17) -> 42.3 | I17: 0 | J17: 42.3 | K17: 0 | L17: 0 | M17: 0 | N17: 0
G18: местный бюджет | H18: =SUM(I18:N18) -> 0 | I18: 0 | J18: 0 | K18: 0 | L18: 0 | M18: 0 | N18: 0
G19: внебюджетные источники | H19: =SUM(I19:N19) -> 0 | I19: 0 | J19: 0 | K19: 0 | L19: 0 | M19: 0 | N19: 0
A20: Магистральные сети теплоснабжения микрорайона 2 «А» центральной части города Чебоксары «Грязевская стрелка», ограниченной улицами Гагарина, Ярмарочная, Пионерская, Калинина | B20: НП "Инфраструктура для жизни" | C20: городской округ город Чебоксары Чувашской Республики | D20: 2022-2026 | E20: 0,789 км | F20: Республиканский бюджет Чувашской Республики | G20: объем финансирования, млн. рублей | H20: =SUM(H21:H24) -> 41.5 | I20: =SUM(I21:I24) -> 0 | J20: =SUM(J21:J24) -> 41.5 | K20: =SUM(K21:K24) -> 0 | L20: =SUM(L21:L24) -> 0 | M20: =SUM(M21:M24) -> 0 | N20: =SUM(N21:N24) -> 0 | O20: 6723 | P20: Обеспечение ресурсами новых потребителей. Комфортное проживание и работа. Развитая инфраструктура. | Q20: Минстрой Чувашии
G21: федеральный бюджет | H21: =SUM(I21:N21) -> 0 | I21: 0 | J21: 0 | K21: 0 | L21: 0 | M21: 0 | N21: 0
G22: республиканский бюджет Чувашской Республики | H22: =SUM(I22:N22) -> 41.5 | I22: 0 | J22: 41.5 | K22: 0 | L22: 0 | M22: 0 | N22: 0
G23: местный бюджет | H23: =SUM(I23:N23) -> 0 | I23: 0 | J23: 0 | K23: 0 | L23: 0 | M23: 0 | N23: 0
G24: внебюджетные источники | H24: =SUM(I24:N24) -> 0 | I24: 0 | J24: 0 | K24: 0 | L24: 0 | M24: 0 | N24: 0
A25: Магистральные сети электроснабжения микрорайона 2 «А» центральной части города Чебоксары «Грязевская стрелка», ограниченной улицами Гагарина, Ярмарочная, Пионерская, Калинина | B25: НП "Инфраструктура для жизни" | C25: городской округ город Чебоксары Чувашской Республики | D25: 2022-2026 | E25: 1,7 км | F25: Республиканский бюджет Чувашской Республики | G25: объем финансирования, млн. рублей | H25: =SUM(H26:H29) -> 25.7 | I25: =SUM(I26:I29) -> 0 | J25: =SUM(J26:J29) -> 25.7 | K25: =SUM(K26:K29) -> 0 | L25: =SUM(L26:L29) -> 0 | M25: =SUM(M26:M29) -> 0 | N25: =SUM(N26:N29) -> 0 | O25: 6723 | P25: Обеспечение ресурсами новых потребителей. Комфортное проживание и работа. Развитая инфраструктура. | Q25: Минстрой Чувашии
G26: федеральный бюджет | H26: =SUM(I26:N26) -> 0 | I26: 0 | J26: 0 | K26: 0 | L26: 0 | M26: 0 | N26: 0
G27: республиканский бюджет Чувашской Республики | H27: =SUM(I27:N27) -> 25.7 | I27: 0 | J27: 25.7 | K27: 0 | L27: 0 | M27: 0 | N27: 0
G28: местный бюджет | H28: =SUM(I28:N28) -> 0 | I28: 0 | J28: 0 | K28: 0 | L28: 0 | M28: 0 | N28: 0
G29: внебюджетные источники | H29: =SUM(I29:N29) -> 0 | I29: 0 | J29: 0 | K29: 0 | L29: 0 | M29: 0 | N29: 0
A30: Отводящий коллектор реки Кайбулка и ее притоков от ул. Гагарина до ул. Калинина городской округ город Чебоксары Чувашской Республики | B30: НП "Инфраструктура для жизни" | C30: городской округ город Чебоксары Чувашской Республики | D30: 2029 | E30: 2,585 км | F30: Республиканский бюджет Чувашской Республики | G30: объем финансирования, млн. рублей | H30: =SUM(H31:H34) -> 105.5 | I30: =SUM(I31:I34) -> 0 | J30: =SUM(J31:J34) -> 0 | K30: =SUM(K31:K34) -> 0 | L30: =SUM(L31:L34) -> 0 | M30: =SUM(M31:M34) -> 105.5 | N30: =SUM(N31:N34) -> 0 | O30: 507183 | P30: Подключение новых потребителей; сокращение объемов загрязненных сточных вод | Q30: Администрация города Чебоксары
G31: федеральный бюджет | H31: =SUM(I31:N31) -> 0 | I31: 0 | J31: 0 | K31: 0 | L31: 0 | M31: 0 | N31: 0
G32: республиканский бюджет Чувашской Республики | H32: =SUM(I32:N32) -> 105.5 | I32: 0 | J32: 0 | K32: 0 | L32: 0 | M32: 105.5 | N32: 0
G33: местный бюджет | H33: =SUM(I33:N33) -> 0 | I33: 0 | J33: 0 | K33: 0 | L33: 0 | M33: 0 | N33: 0
G34: внебюджетные источники | H34: =SUM(I34:N34) -> 0 | I34: 0 | J34: 0 | K34: 0 | L34: 0 | M34: 0 | N34: 0
A35: Устройство водопропускного коллектора со спрямлением русла р. Чебоксарка | B35: НП "Инфраструктура для жизни" | C35: городской округ город Чебоксары Чувашской Республики | D35: 2024-2025 | E35: - | F35: Республиканский бюджет Чувашской Республики | G35: объем финансирования, млн. рублей | H35: =SUM(H36:H39) -> 83.9 | I35: =SUM(I36:I39) -> 66.8 | J35: =SUM(J36:J39) -> 17.1 | K35: =SUM(K36:K39) -> 0 | L35: =SUM(L36:L39) -> 0 | M35: =SUM(M36:M39) -> 0 | N35: =SUM(N36:N39) -> 0 | O35: 507183 | P35: Подключение новых потребителей; сокращение объемов загрязненных сточных вод | Q35: Минстрой Чувашии
G36: федеральный бюджет | H36: =SUM(I36:N36) -> 0 | I36: 0 | J36: 0 | K36: 0 | L36: 0 | M36: 0 | N36: 0
G37: республиканский бюджет Чувашской Республики | H37: =SUM(I37:N37) -> 83.9 | I37: 66.8 | J37: 17.1 | K37: 0 | L37: 0 | M37: 0 | N37: 0
G38: местный бюджет | H38: =SUM(I38:N38) -> 0 | I38: 0 | J38: 0 | K38: 0 | L38: 0 | M38: 0 | N38: 0
G39: внебюджетные источники | H39: =SUM(I39:N39) -> 0 | I39: 0 | J39: 0 | K39: 0 | L39: 0 | M39: 0 | N39: 0
A40: Сети водоснабжения в нижней части I очереди VII микрорайона центральной части г. Чебоксары | B40: НП "Инфраструктура для жизни" | C40: городской округ город Чебоксары Чувашской Республики | D40: 2025 | E40: - | F40: Республиканский бюджет Чувашской Республики | G40: объем финансирования, млн. рублей | H40: =SUM(H41:H44) -> 46.1 | I40: =SUM(I41:I44) -> 0 | J40: =SUM(J41:J44) -> 46.1 | K40: =SUM(K41:K44) -> 0 | L40: =SUM(L41:L44) -> 0 | M40: =SUM(M41:M44) -> 0 | N40: =SUM(N41:N44) -> 0 | O40: 507183 | P40: Подключение новых потребителей; сокращение объемов загрязненных сточных вод | Q40: Минстрой Чувашии
G41: федеральный бюджет | H41: =SUM(I41:N41) -> 0 | I41: 0 | J41: 0 | K41: 0 | L41: 0 | M41: 0 | N41: 0
G42: республиканский бюджет Чувашской Республики | H42: =SUM(I42:N42) -> 46.1 | I42: 0 | J42: 46.1 | K42: 0 | L42: 0 | M42: 0 | N42: 0
G43: местный бюджет | H43: =SUM(I43:N43) -> 0 | I43: 0 | J43: 0 | K43: 0 | L43: 0 | M43: 0 | N43: 0
G44: внебюджетные источники | H44: =SUM(I44:N44) -> 0 | I44: 0 | J44: 0 | K44: 0 | L44: 0 | M44: 0 | N44: 0
A45: Сети водоотведения хозяйственно-бытовых стоков в нижней части I очереди VII микрорайона центральной части г. Чебоксары | B45: НП "Инфраструктура для жизни" | C45: городской округ город Чебоксары Чувашской Республики | D45: 2025-2026 | E45: - | F45: Республиканский бюджет Чувашской Республики | G45: объем финансирования, млн. рублей | H45: =SUM(H46:H49) -> 60 | I45: =SUM(I46:I49) -> 11.7 | J45: =SUM(J46:J49) -> 48.3 | K45: =SUM(K46:K49) -> 0 | L45: =SUM(L46:L49) -> 0 | M45: =SUM(M46:M49) -> 0 | N45: =SUM(N46:N49) -> 0 | O45: 507183 | P45: Подключение новых потребителей; сокращение объемов загрязненных сточных вод | Q45: Минстрой Чувашии
G46: федеральный бюджет | H46: =SUM(I46:N46) -> 0 | I46: 0 | J46: 0 | K46: 0 | L46: 0 | M46: 0 | N46: 0
G47: республиканский бюджет Чувашской Республики | H47: =SUM(I47:N47) -> 60 | I47: 11.7 | J47: 48.3 | K47: 0 | L47: 0 | M47: 0 | N47: 0
G48: местный бюджет | H48: =SUM(I48:N48) -> 0 | I48: 0 | J48: 0 | K48: 0 | L48: 0 | M48: 0 | N48: 0
G49: внебюджетные источники | H49: =SUM(I49:N49) -> 0 | I49: 0 | J49: 0 | K49: 0 | L49: 0 | M49: 0 | N49: 0
A50: Сети ливневых стоков в нижней части I очереди VII микрорайона центральной части г. Чебоксары | B50: НП "Инфраструктура для жизни" | C50: городской округ город Чебоксары Чувашской Республики | D50: 2025-2026 | E50: - | F50: Республиканский бюджет Чувашской Республики | G50: объем финансирования, млн. рублей | H50: =SUM(H51:H54) -> 57.5 | I50: =SUM(I51:I54) -> 28.1 | J50: =SUM(J51:J54) -> 29.4 | K50: =SUM(K51:K54) -> 0 | L50: =SUM(L51:L54) -> 0 | M50: =SUM(M51:M54) -> 0 | N50: =SUM(N51:N54) -> 0 | O50: 507183 | P50: Подключение новых потребителей; сокращение объемов загрязненных сточных вод | Q50: Минстрой Чувашии
G51: федеральный бюджет | H51: =SUM(I51:N51) -> 0 | I51: 0 | J51: 0 | K51: 0 | L51: 0 | M51: 0 | N51: 0
G52: республиканский бюджет Чувашской Республики | H52: =SUM(I52:N52) -> 57.5 | I52: 28.1 | J52: 29.4 | K52: 0 | L52: 0 | M52: 0 | N52: 0
G53: местный бюджет | H53: =SUM(I53:N53) -> 0 | I53: 0 | J53: 0 | K53: 0 | L53: 0 | M53: 0 | N53: 0
G54: внебюджетные источники | H54: =SUM(I54:N54) -> 0 | I54: 0 | J54: 0 | K54: 0 | L54: 0 | M54: 0 | N54: 0
A55: Канализационно-насосная станция с аварийно-регулирующим резервуаром в микрорайоне «Акварель» ограниченном, жилыми домами по ул. Академика Королева, улицей Гражданской ул. Дементьева городской округ город Чебоксары Чувашской Республики | B55: НП "Инфраструктура для жизни" | C55: городской округ город Чебоксары Чувашской Республики | D55: 2026-2027 | E55: - | F55: федеральный бюджет, республиканский бюджет Чувашской Республики, местный бюджет города Чебоксары | G55: объем финансирования, млн. рублей | H55: =SUM(H56:H59) -> 242.8 | I55: =SUM(I56:I59) -> 0 | J55: =SUM(J56:J59) -> 121.4 | K55: =SUM(K56:K59) -> 121.4 | L55: =SUM(L56:L59) -> 0 | M55: =SUM(M56:M59) -> 0 | N55: =SUM(N56:N59) -> 0 | O55: 3700 | P55: Подключение новых потребителей; сокращение объемов загрязненных сточных вод | Q55: Администрация города Чебоксары
G56: федеральный бюджет | H56: =SUM(I56:N56) -> 240.4 | I56: 0 | J56: 120.2 | K56: 120.2 | L56: 0 | M56: 0 | N56: 0
G57: республиканский бюджет Чувашской Республики | H57: =SUM(I57:N57) -> 2 | I57: 0 | J57: 1 | K57: 1 | L57: 0 | M57: 0 | N57: 0
G58: местный бюджет | H58: =SUM(I58:N58) -> 0.4 | I58: 0 | J58: 0.2 | K58: 0.2 | L58: 0 | M58: 0 | N58: 0
G59: внебюджетные источники | H59: =SUM(I59:N59) -> 0 | I59: 0 | J59: 0 | K59: 0 | L59: 0 | M59: 0 | N59: 0
A60: Ливневые очистные сооружения в микрорайоне "Акварель", ограниченном жилыми домами по ул. Академика Королева, ул. Гражданской, ул. Дементьева в г. Чебоксары | B60: НП "Инфраструктура для жизни" | C60: городской округ город Чебоксары Чувашской Республики | D60: 2026-2027 | E60: - | F60: федеральный бюджет, республиканский бюджет Чувашской Республики, местный бюджет города Чебоксары | G60: объем финансирования, млн. рублей | H60: =SUM(H61:H64) -> 42.68 | I60: =SUM(I61:I64) -> 0 | J60: =SUM(J61:J64) -> 21.34 | K60: =SUM(K61:K64) -> 21.34 | L60: =SUM(L61:L64) -> 0 | M60: =SUM(M61:M64) -> 0 | N60: =SUM(N61:N64) -> 0 | O60: 3700 | P60: Подключение новых потребителей; сокращение объемов загрязненных сточных вод | Q60: Администрация города Чебоксары
G61: федеральный бюджет | H61: =SUM(I61:N61) -> 42.2 | I61: 0 | J61: 21.1 | K61: 21.1 | L61: 0 | M61: 0 | N61: 0
G62: республиканский бюджет Чувашской Республики | H62: =SUM(I62:N62) -> 0.4 | I62: 0 | J62: 0.2 | K62: 0.2 | L62: 0 | M62: 0 | N62: 0
G63: местный бюджет | H63: =SUM(I63:N63) -> 0.08 | I63: 0 | J63: 0.04 | K63: 0.04 | L63: 0 | M63: 0 | N63: 0
G64: внебюджетные источники | H64: =SUM(I64:N64) -> 0 | I64: 0 | J64: 0 | K64: 0 | L64: 0 | M64: 0 | N64: 0
A65: Реконструкция насосной станции I-го подъема очистной водопроводной станции «Заовражная» по адресу: городской округ город Чебоксары Чувашской Республики, ул. Заовражная, д. 70 | B65: НП "Инфраструктура для жизни" | C65: городской округ город Чебоксары Чувашской Республики | D65: 2026-2027 | E65: 240000 | F65: республиканский бюджет Чувашской Республики, Положительное заключение ГЭ № 21-1-1-3-023744-2022 от 18.04.2022 | G65: объем финансирования, млн. рублей | H65: =SUM(H66:H69) -> 836.50064 | I65: =SUM(I66:I69) -> 0 | J65: =SUM(J66:J69) -> 555.9 | K65: =SUM(K66:K69) -> 280.60064 | L65: =SUM(L66:L69) -> 0 | M65: =SUM(M66:M69) -> 0 | N65: =SUM(N66:N69) -> 0 | O65: 507183 | P65: Улучшение показателей качества воды, повышение надежности и качества водоснабжения | Q65: Минстрой Чувашии
G66: федеральный бюджет | H66: =SUM(I66:N66) -> 0 | I66: =SUM(J66:O66) -> 0 | J66: =SUM(K66:P66) -> 0 | K66: =SUM(L66:Q66) -> 0 | L66: =SUM(M66:R66) -> 0 | M66: =SUM(N66:S66) -> 0 | N66: =SUM(O66:T66) -> 0
G67: республиканский бюджет Чувашской Республики | H67: =SUM(I67:N67) -> 836.50064 | I67: 0 | J67: 555.9 | K67: 280.60064 | L67: 0 | M67: 0 | N67: 0
G68: местный бюджет | H68: =SUM(I68:N68) -> 0 | I68: 0 | J68: 0 | K68: 0 | L68: 0 | M68: 0 | N68: 0
G69: внебюджетные источники | H69: =SUM(I69:N69) -> 0 | I69: 0 | J69: 0 | K69: 0 | L69: 0 | M69: 0 | N69: 0
A70: Реконструкция насосной станции II-го подъема очистной водопроводной станции «Заовражная» по адресу: городской округ город Чебоксары Чувашской Республики, ул. Заовражная, д. 70 | B70: - | C70: городской округ город Чебоксары Чувашской Республики | D70: 2025–2029 | E70: 240000 | F70: собственные средства (Инвестиционная программа акционерного общества «Водоканал») | G70: объем финансирования, млн. рублей | H70: =SUM(H71:H74) -> 572.9 | I70: =SUM(I71:I74) -> 95.8 | J70: =SUM(J71:J74) -> 114.1 | K70: =SUM(K71:K74) -> 121.9 | L70: =SUM(L71:L74) -> 127.8 | M70: =SUM(M71:M74) -> 113.3 | N70: =SUM(N71:N74) -> 0 | O70: 507183 | P70: Улучшение показателей качества воды, повышение надежности и качества водоснабжения | Q70: Минстрой Чувашии
G71: федеральный бюджет | H71: =SUM(I71:N71) -> 0 | I71: 0 | J71: 0 | K71: 0 | L71: 0 | M71: 0 | N71: 0
G72: республиканский бюджет Чувашской Республики | H72: =SUM(I72:N72) -> 0 | I72: 0 | J72: 0 | K72: 0 | L72: 0 | M72: 0 | N72: 0
G73: местный бюджет | H73: =SUM(I73:N73) -> 0 | I73: 0 | J73: 0 | K73: 0 | L73: 0 | M73: 0 | N73: 0
G74: внебюджетные источники | H74: =SUM(I74:N74) -> 572.9 | I74: 95.8 | J74: 114.1 | K74: 121.9 | L74: 127.8 | M74: 113.3 | N74: 0
A75: Реконструкция блока отстойников очистной водопроводной станции «Заовражная» по адресу: городской округ город Чебоксары Чувашской Республики, ул. Заовражная, д. 70 | B75: НП "Инфраструктура для жизни" | C75: городской округ город Чебоксары Чувашской Республики | D75: 2027–2030 | E75: 240000 | F75: республиканский бюджет Чувашской Республики, Положительное заключение ГЭ № 21-1-1-3-065960-2022 от 14.09.2022 | G75: объем финансирования, млн. рублей | H75: =SUM(H76:H79) -> 1724.2015 | I75: 0 | J75: 0 | K75: 165.00736 | L75: 459.355 | M75: 459.355 | N75: 640.48409 | O75: 507183 | P75: Улучшение показателей качества воды, повышение надежности и качества водоснабжения | Q75: Минстрой Чувашии
G76: федеральный бюджет | H76: 0 | I76: 0 | J76: 0 | K76: 0 | L76: 0 | M76: 0 | N76: 0
G77: республиканский бюджет Чувашской Республики | H77: =SUM(I77:N77) -> 1605.3584 | I77: 0 | J77: 0 | K77: 165.00736 | L77: 459.355 | M77: 459.355 | N77: 521.641
G78: местный бюджет | H78: =SUM(I78:N78) -> 0 | I78: 0 | J78: 0 | K78: 0 | L78: 0 | M78: 0 | N78: 0
G79: внебюджетные источники | H79: =SUM(I79:N79) -> 118.84309 | I79: 0 | J79: 0 | K79: 0 | L79: 0 | M79: 0 | N79: 118.84309
A80: Реконструкция водовода диаметром 600 мм от ул. Водопроводная, 2А до пр. Ленина, 35А, городской округ город Чебоксары Чувашской Республики | B80: НП "Инфраструктура для жизни" | C80: городской округ город Чебоксары Чувашской Республики | D80: 2029 | E80: - | F80: федеральный бюджет, республиканский бюджет Чувашской Республики. ПСД отсутствует | G80: объем финансирования, млн. рублей | H80: =SUM(H81:H84) -> 837 | I80: =SUM(I81:I84) -> 0 | J80: =SUM(J81:J84) -> 0 | K80: =SUM(K81:K84) -> 0 | L80: =SUM(L81:L84) -> 0 | M80: =SUM(M81:M84) -> 837 | N80: =SUM(N81:N84) -> 0 | O80: 507183 | P80: Уменьшение потерь питьевой воды | Q80: Минстрой Чувашии
G81: федеральный бюджет | H81: =SUM(I81:N81) -> 828.6 | I81: 0 | J81: 0 | K81: 0 | L81: 0 | M81: 828.6 | N81: 0
G82: республиканский бюджет Чувашской Республики | H82: =SUM(I82:N82) -> 8.4 | I82: 0 | J82: 0 | K82: 0 | L82: 0 | M82: 8.4 | N82: 0
G83: местный бюджет | H83: =SUM(I83:N83) -> 0 | I83: 0 | J83: 0 | K83: 0 | L83: 0 | M83: 0 | N83: 0
G84: внебюджетные источники | H84: =SUM(I84:N84) -> 0 | I84: 0 | J84: 0 | K84: 0 | L84: 0 | M84: 0 | N84: 0
A85: Капитальный ремонт водовода диаметром 500 мм от ул. Петрова до Базового проезда, городской округ город Чебоксары Чувашской Республики | B85: НП "Инфраструктура для жизни" | C85: городской округ город Чебоксары Чувашской Республики | D85: 2029 | E85: - | F85: федеральный бюджет, республиканский бюджет Чувашской Республики. ПСД отсутствует | G85: объем финансирования, млн. рублей | H85: =SUM(H86:H89) -> 350.5 | I85: =SUM(I86:I89) -> 0 | J85: =SUM(J86:J89) -> 0 | K85: =SUM(K86:K89) -> 0 | L85: =SUM(L86:L89) -> 0 | M85: =SUM(M86:M89) -> 350.5 | N85: =SUM(N86:N89) -> 0 | O85: 507183 | P85: Уменьшение потерь питьевой воды | Q85: Минстрой Чувашии
G86: федеральный бюджет | H86: =SUM(I86:N86) -> 297.9 | I86: 0 | J86: 0 | K86: 0 | L86: 0 | M86: 297.9 | N86: 0
G87: республиканский бюджет Чувашской Республики | H87: =SUM(I87:N87) -> 52.6 | I87: 0 | J87: 0 | K87: 0 | L87: 0 | M87: 52.6 | N87: 0
G88: местный бюджет | H88: =SUM(I88:N88) -> 0 | I88: 0 | J88: 0 | K88: 0 | L88: 0 | M88: 0 | N88: 0
G89: внебюджетные источники | H89: =SUM(I89:N89) -> 0 | I89: 0 | J89: 0 | K89: 0 | L89: 0 | M89: 0 | N89: 0
A90: Капитальный ремонт водовода диаметром 900 мм от ул. Петрова до Базового проезда, городской округ город Чебоксары Чувашской Республики | B90: НП "Инфраструктура для жизни" | C90: городской округ город Чебоксары Чувашской Республики | D90: 2029 | E90: - | F90: федеральный бюджет, республиканский бюджет Чувашской Республики. ПСД отсутствует | G90: объем финансирования, млн. рублей | H90: =SUM(H91:H94) -> 596.6 | I90: =SUM(I91:I94) -> 0 | J90: =SUM(J91:J94) -> 0 | K90: =SUM(K91:K94) -> 0 | L90: =SUM(L91:L94) -> 0 | M90: =SUM(M91:M94) -> 596.6 | N90: =SUM(N91:N94) -> 0 | O90: 507183 | P90: Уменьшение потерь питьевой воды | Q90: Минстрой Чувашии
G91: федеральный бюджет | H91: =SUM(I91:N91) -> 507.1 | I91: 0 | J91: 0 | K91: 0 | L91: 0 | M91: 507.1 | N91: 0
G92: республиканский бюджет Чувашской Республики | H92: =SUM(I92:N92) -> 89.5 | I92: 0 | J92: 0 | K92: 0 | L92: 0 | M92: 89.5 | N92: 0
G93: местный бюджет | H93: =SUM(I93:N93) -> 0 | I93: 0 | J93: 0 | K93: 0 | L93: 0 | M93: 0 | N93: 0
G94: внебюджетные источники | H94: =SUM(I94:N94) -> 0 | I94: 0 | J94: 0 | K94: 0 | L94: 0 | M94: 0 | N94: 0
A95: Реконструкция водовода 1000 мм №1 от Ядринского шоссе д.1 до НС 3 подъема №2 | B95: НП "Инфраструктура для жизни" | C95: городской округ город Чебоксары Чувашской Республики | D95: 2029–2030 | E95: - | F95: федеральный бюджет, республиканский бюджет Чувашской Республики. ПСД отсутствует | G95: объем финансирования, млн. рублей | H95: =SUM(H96:H99) -> 1575.2 | I95: =SUM(I96:I99) -> 0 | J95: =SUM(J96:J99) -> 0 | K95: =SUM(K96:K99) -> 0 | L95: =SUM(L96:L99) -> 0 | M95: =SUM(M96:M99) -> 787.6 | N95: =SUM(N96:N99) -> 787.6 | O95: 507183 | P95: Уменьшение потерь питьевой воды | Q95: Минстрой Чувашии
G96: федеральный бюджет | H96: =SUM(I96:N96) -> 1339 | I96: 0 | J96: 0 | K96: 0 | L96: 0 | M96: 669.5 | N96: 669.5
G97: республиканский бюджет Чувашской Республики | H97: =SUM(I97:N97) -> 236.2 | I97: 0 | J97: 0 | K97: 0 | L97: 0 | M97: 118.1 | N97: 118.1
G98: местный бюджет | H98: =SUM(I98:N98) -> 0 | I98: 0 | J98: 0 | K98: 0 | L98: 0 | M98: 0 | N98: 0
G99: внебюджетные источники | H99: =SUM(I99:N99) -> 0 | I99: 0 | J99: 0 | K99: 0 | L99: 0 | M99: 0 | N99: 0
A100: Строительство объектов водоснабжения (водоочистная станция, насосные станции, сети) для проектируемых и существующих объектов многофункциональной территории с рекреационной и образовательной функцией в Заволжье (Чебоксарский ГО) в рамках реализации мастер-плана развития Чебоксарской агломерации в том числе в пос. Сосновка, Северный, Октябрьский, Пролетарский, Первомайский) | B100: НП "Инфраструктура для жизни" | C100: городской округ город Чебоксары Чувашской Республики | D100: 2029 | E100: 631 | F100: федеральный бюджет, республиканский бюджет Чувашской Республики. ПСД отсутствует | G100: объем финансирования, млн. рублей | H100: =SUM(H101:H104) -> 90 | I100: =SUM(I101:I104) -> 0 | J100: =SUM(J101:J104) -> 0 | K100: =SUM(K101:K104) -> 0 | L100: =SUM(L101:L104) -> 0 | M100: =SUM(M101:M104) -> 90 | N100: =SUM(N101:N104) -> 0 | O100: 12000 | P100: Подключение новых потребителей; обеспечие населения питьевой водой, соответствующей требованиям безопасности и безвредности | Q100: Минстрой Чувашии
...

Sheet Энергетика
A1: Наименование | B1: Национальный проект, региональный проект | C1: Место реализации проекта | D1: Сроки реализации, годы | E1: Мощность | F1: Источник финансирования, наличие и необходимость ПСД | G1: Прогнозные объемы финансирования | O1: Число жителей, улучшивших условия в результате реализации, человек | P1: Основания для включения | Q1: Функциональный заказчик
G2: источник финансирования | H2: всего, в том числе | I2: 2025 | J2: 2026 | K2: 2027 | L2: 2028 | M2: 2029 | N2: 2030
A3: 1 | B3: 2 | C3: 3 | D3: 4 | E3: 5 | F3: 6 | G3: 7 | H3: 8 | I3: 9 | J3: 10 | K3: 11 | L3: 12 | M3: 13 | N3: 14 | O3: 15 | P3: 16 | Q3: 17
A4: Алатырский муниципальный округ Чувашской Республики
A5: Установка и размещения электрозарядных станций для электрического автомобильного транспорта на территории города Алатыря | B5: - | C5: Алатырский муниципальный округ Чувашской Республики | D5: 2027–2029 | F5: внебюджетные источники | G5: объем финансирования, млн. рублей | H5: =SUM(H6:H9) -> 9 | I5: =SUM(I6:I9) -> 0 | J5: =SUM(J6:J9) -> 0 | K5: =SUM(K6:K9) -> 3 | L5: =SUM(L6:L9) -> 3 | M5: =SUM(M6:M9) -> 3 | N5: =SUM(N6:N9) -> 0 | O5: 35298 | P5: Схема и программа развития зарядной инфраструктуры для электрического автомобильного транспорта на территории Чувашской Республики на период до 2024 года и на перспективу до 2030 года | Q5: Администрация Алатырского муниципального округа
G6: федеральный бюджет | H6: =SUM(I6:N6) -> 0 | I6: 0 | J6: 0 | K6: 0 | L6: 0 | M6: 0 | N6: 0
G7: республиканский бюджет Чувашской Республики | H7: =SUM(I7:N7) -> 0 | I7: 0 | J7: 0 | K7: 0 | L7: 0 | M7: 0 | N7: 0
G8: местный бюджет | H8: =SUM(I8:N8) -> 0 | I8: 0 | J8: 0 | K8: 0 | L8: 0 | M8: 0 | N8: 0
G9: внебюджетные источники | H9: =SUM(I9:N9) -> 9 | I9: 0 | J9: 0 | K9: 3 | L9: 3 | M9: 3 | N9: 0
A10: ИТОГО по муниципальному округу: | G10: объем финансирования, млн. рублей | H10: =SUM(H11:H14) -> 9 | I10: =SUM(I11:I14) -> 0 | J10: =SUM(J11:J14) -> 0 | K10: =SUM(K11:K14) -> 3 | L10: =SUM(L11:L14) -> 3 | M10: =SUM(M11:M14) -> 3 | N10: =SUM(N11:N14) -> 0
G11: федеральный бюджет | H11: =SUM(I11:N11) -> 0 | I11: =I6 -> 0 | J11: =J6 -> 0 | K11: =K6 -> 0 | L11: =L6 -> 0 | M11: =M6 -> 0 | N11: =N6 -> 0
G12: республиканский бюджет Чувашской Республики | H12: =SUM(I12:N12) -> 0 | I12: =I7 -> 0 | J12: =J7 -> 0 | K12: =K7 -> 0 | L12: =L7 -> 0 | M12: =M7 -> 0 | N12: =N7 -> 0
G13: местный бюджет | H13: =SUM(I13:N13) -> 0 | I13: =I8 -> 0 | J13: =J8 -> 0 | K13: =K8 -> 0 | L13: =L8 -> 0 | M13: =M8 -> 0 | N13: =N8 -> 0
G14: внебюджетные источники | H14: =SUM(I14:N14) -> 9 | I14: =I9 -> 0 | J14: =J9 -> 0 | K14: =K9 -> 3 | L14: =L9 -> 3 | M14: =M9 -> 3 | N14: =N9 -> 0
A15: Батыревский муниципальный округ Чувашской Республики
A16: Создание индустриального парка в Батыревсом районе в рамках реализации мероприятий индивидуальных программ социально-экономического развития отдльных субъектов Российской Федерации в части государственной поддержки реализации инвестиционных проектов, малого и среднего предпринимательства (2 этап) | B16: В рамках реализации мероприятий Индивидуальной программы социально-экономического развития отдельных субъектов Российской Федерации в части государственной поддержки реализации инвестиционных проектов, малого и среднего предпринимательства" | C16: Батыревский муниципальный округ | D16: 2025 | F16: внебюджетные источники | G16: объем финансирования, млн. рублей | H16: =SUM(H17:H20) -> 35.52 | I16: =SUM(I17:I20) -> 35.52 | J16: =SUM(J17:J20) -> 0 | K16: =SUM(K17:K20) -> 0 | L16: =SUM(L17:L20) -> 0 | M16: =SUM(M17:M20) -> 0 | N16: =SUM(N17:N20) -> 0 | O16: 30329 | P16: Индивидуальная программа социально-экономического отдельных субъектов Российской Федерации | Q16: Администрация Батыревского муниципального округа
G17: федеральный бюджет | H17: =SUM(I17:N17) -> 0 | I17: 0 | J17: 0 | K17: 0 | L17: 0 | M17: 0 | N17: 0
G18: республиканский бюджет Чувашской Республики | H18: =SUM(I18:N18) -> 35.52 | I18: 35.52 | J18: 0 | K18: 0 | L18: 0 | M18: 0 | N18: 0
G19: местный бюджет | H19: =SUM(I19:N19) -> 0 | I19: 0 | J19: 0 | K19: 0 | L19: 0 | M19: 0 | N19: 0
G20: внебюджетные источники | H20: =SUM(I20:N20) -> 0 | I20: 0 | J20: 0 | K20: 0 | L20: 0 | M20: 0 | N20: 0
A21: ИТОГО по муниципальному округу: | G21: объем финансирования, млн. рублей | H21: =SUM(H22:H25) -> 35.52 | I21: =SUM(I22:I25) -> 35.52 | J21: =SUM(J22:J25) -> 0 | K21: =SUM(K22:K25) -> 0 | L21: =SUM(L22:L25) -> 0 | M21: =SUM(M22:M25) -> 0 | N21: =SUM(N22:N25) -> 0
G22: федеральный бюджет | H22: =SUM(I22:N22) -> 0 | I22: =I17 -> 0 | J22: =J17 -> 0 | K22: =K17 -> 0 | L22: =L17 -> 0 | M22: =M17 -> 0 | N22: =N17 -> 0
G23: республиканский бюджет Чувашской Республики | H23: =SUM(I23:N23) -> 35.52 | I23: =I18 -> 35.52 | J23: =J18 -> 0 | K23: =K18 -> 0 | L23: =L18 -> 0 | M23: =M18 -> 0 | N23: =N18 -> 0
G24: местный бюджет | H24: =SUM(I24:N24) -> 0 | I24: =I19 -> 0 | J24: =J19 -> 0 | K24: =K19 -> 0 | L24: =L19 -> 0 | M24: =M19 -> 0 | N24: =N19 -> 0
G25: внебюджетные источники | H25: =SUM(I25:N25) -> 0 | I25: =I20 -> 0 | J25: =J20 -> 0 | K25: =K20 -> 0 | L25: =L20 -> 0 | M25: =M20 -> 0 | N25: =N20 -> 0
A26: Козловский муниципальный округ Чувашской Республики
A27: Проектные работы «Строительство электрической трансформаторной подстанции и сетей электроснаснабжения МКД по ул. Молодежной г. Козловка» | B27: Государственная программа Чувашской Республики «Модернизация и развитие сферы жилищно-коммунального хозяйства» | C27: Козловский муниципальный округ Чувашской Республики | D27: 2028 | F27: РБ, МБ | G27: объем финансирования, млн. рублей | H27: =SUM(H28:H31) -> 1.6 | I27: =SUM(I28:I31) -> 0 | J27: =SUM(J28:J31) -> 0 | K27: =SUM(K28:K31) -> 0 | L27: =SUM(L28:L31) -> 1.6 | M27: =SUM(M28:M31) -> 0 | N27: =SUM(N28:N31) -> 0 | O27: 280 | P27: 4 многоквартирных муниципальных дома подключены к системам тепло-, водо- и электроснабжения ФКУ ИК-5 УФСИН России по Чувашской Республике. Необходимо включение данных домов в общегородские сети. | Q27: Администрация Козловского муниципального округа
G28: федеральный бюджет | H28: =SUM(I28:N28) -> 0 | I28: 0 | J28: 0 | K28: 0 | L28: 0 | M28: 0 | N28: 0
G29: республиканский бюджет Чувашской Республики | H29: =SUM(I29:N29) -> 0 | I29: 0 | J29: 0 | K29: 0 | L29: 0 | M29: 0 | N29: 0
G30: местный бюджет | H30: =SUM(I30:N30) -> 1.6 | I30: 0 | J30: 0 | K30: 0 | L30: 1.6 | M30: 0 | N30: 0
G31: внебюджетные источники | H31: =SUM(I31:N31) -> 0 | I31: 0 | J31: 0 | K31: 0 | L31: 0 | M31: 0 | N31: 0
A32: Строительство электрической трансформаторной подстанции и сетей электроснаснабжения МКД по ул. Молодежной г. Козловка | B32: Государственная программа Чувашской Республики «Модернизация и развитие сферы жилищно-коммунального хозяйства» | C32: Козловский муниципальный округ Чувашской Республики | D32: 2029–2030 | F32: ФБ, РБ. разработка ПСД требуется, запланирована на 2028 г | G32: объем финансирования, млн. рублей | H32: =SUM(H33:H36) -> 12.4 | I32: =SUM(I33:I36) -> 0 | J32: =SUM(J33:J36) -> 0 | K32: =SUM(K33:K36) -> 0 | L32: =SUM(L33:L36) -> 0 | M32: =SUM(M33:M36) -> 7.4 | N32: =SUM(N33:N36) -> 5 | O32: 280 | P32: 4 многоквартирных муниципальных дома подключены к системам тепло-, водо- и электроснабжения ФКУ ИК-5 УФСИН России по Чувашской Республике. Необходимо включение данных домов в общегородские сети. | Q32: Администрация Козловского муниципального округа
G33: федеральный бюджет | H33: =SUM(I33:N33) -> 6.2 | I33: 0 | J33: 0 | K33: 0 | L33: 0 | M33: 3.7 | N33: 2.5
G34: республиканский бюджет Чувашской Республики | H34: =SUM(I34:N34) -> 6.2 | I34: 0 | J34: 0 | K34: 0 | L34: 0 | M34: 3.7 | N34: 2.5
G35: местный бюджет | H35: =SUM(I35:N35) -> 0 | I35: 0 | J35: 0 | K35: 0 | L35: 0 | M35: 0 | N35: 0
G36: внебюджетные источники | H36: =SUM(I36:N36) -> 0 | I36: 0 | J36: 0 | K36: 0 | L36: 0 | M36: 0 | N36: 0
A37: ИТОГО по муниципальному округу: | G37: объем финансирования, млн. рублей | H37: =SUM(H38:H41) -> 14 | I37: =SUM(I38:I41) -> 0 | J37: =SUM(J38:J41) -> 0 | K37: =SUM(K38:K41) -> 0 | L37: =SUM(L38:L41) -> 1.6 | M37: =SUM(M38:M41) -> 7.4 | N37: =SUM(N38:N41) -> 5
G38: федеральный бюджет | H38: =SUM(I38:N38) -> 6.2 | I38: =SUM(I28+I33) -> 0 | J38: =SUM(J28+J33) -> 0 | K38: =SUM(K28+K33) -> 0 | L38: =SUM(L28+L33) -> 0 | M38: =SUM(M28+M33) -> 3.7 | N38: =SUM(N28+N33) -> 2.5
G39: республиканский бюджет Чувашской Республики | H39: =SUM(I39:N39) -> 6.2 | I39: =SUM(I29+I34) -> 0 | J39: =SUM(J29+J34) -> 0 | K39: =SUM(K29+K34) -> 0 | L39: =SUM(L29+L34) -> 0 | M39: =SUM(M29+M34) -> 3.7 | N39: =SUM(N29+N34) -> 2.5
G40: местный бюджет | H40: =SUM(I40:N40) -> 1.6 | I40: =SUM(I30+I35) -> 0 | J40: =SUM(J30+J35) -> 0 | K40: =SUM(K30+K35) -> 0 | L40: =SUM(L30+L35) -> 1.6 | M40: =SUM(M30+M35) -> 0 | N40: =SUM(N30+N35) -> 0
G41: внебюджетные источники | H41: =SUM(I41:N41) -> 0 | I41: =SUM(I31+I36) -> 0 | J41: =SUM(J31+J36) -> 0 | K41: =SUM(K31+K36) -> 0 | L41: =SUM(L31+L36) -> 0 | M41: =SUM(M31+M36) -> 0 | N41: =SUM(N31+N36) -> 0
A42: Ядринский муниципальный округ Чувашской Республики
A43: Переустройство воздушных линий электропередач, принадлежащих ГУП ЧГЭС (10 кВт) вдоль ул. Некрасова и ул. Садовая в кабельную линию под землю в рамках проекта Благоустройство общественных пространств вдоль улиц в зоне административного центра г. Ядрин (включая улицы Садовая, Некрасова) (IX Всероссийский конкурс лучших проектов создания комфортной городской среды) | C43: Ядринский муниципальный округ Чувашской Республики | D43: 2025 | F43: республиканский бюджет | G43: объем финансирования, млн. рублей | H43: =SUM(H44:H47) -> 5.8 | I43: =SUM(I44:I47) -> 5.8 | J43: =SUM(J44:J47) -> 0 | K43: =SUM(K44:K47) -> 0 | L43: =SUM(L44:L47) -> 0 | M43: =SUM(M44:M47) -> 0 | N43: =SUM(N44:N47) -> 0 | O43: 20000 | P43: Победитель IX Всероссийского конкурса лучших проектов создания комфортной городской среды | Q43: Администрация Ядринского муниципального округа
G44: федеральный бюджет | H44: =SUM(I44:N44) -> 0 | I44: 0 | J44: 0 | K44: 0 | L44: 0 | M44: 0 | N44: 0
G45: республиканский бюджет Чувашской Республики | H45: =SUM(I45:N45) -> 5.8 | I45: 5.8 | J45: 0 | K45: 0 | L45: 0 | M45: 0 | N45: 0
G46: местный бюджет | H46: =SUM(I46:N46) -> 0 | I46: 0 | J46: 0 | K46: 0 | L46: 0 | M46: 0 | N46: 0
G47: внебюджетные источники | H47: =SUM(I47:N47) -> 0 | I47: 0 | J47: 0 | K47: 0 | L47: 0 | M47: 0 | N47: 0
A48: ИТОГО по муниципальному округу: | G48: объем финансирования, млн. рублей | H48: =SUM(H49:H52) -> 5.8 | I48: =SUM(I49:I52) -> 5.8 | J48: =SUM(J49:J52) -> 0 | K48: =SUM(K49:K52) -> 0 | L48: =SUM(L49:L52) -> 0 | M48: =SUM(M49:M52) -> 0 | N48: =SUM(N49:N52) -> 0
G49: федеральный бюджет | H49: =SUM(I49:N49) -> 0 | I49: =SUM(I44) -> 0 | J49: =SUM(J44) -> 0 | K49: =SUM(K44) -> 0 | L49: =SUM(L44) -> 0 | M49: =SUM(M44) -> 0 | N49: =SUM(N44) -> 0
G50: республиканский бюджет Чувашской Республики | H50: =SUM(I50:N50) -> 5.8 | I50: =SUM(I45) -> 5.8 | J50: =SUM(J45) -> 0 | K50: =SUM(K45) -> 0 | L50: =SUM(L45) -> 0 | M50: =SUM(M45) -> 0 | N50: =SUM(N45) -> 0
G51: местный бюджет | H51: =SUM(I51:N51) -> 0 | I51: =SUM(I46) -> 0 | J51: =SUM(J46) -> 0 | K51: =SUM(K46) -> 0 | L51: =SUM(L46) -> 0 | M51: =SUM(M46) -> 0 | N51: =SUM(N46) -> 0
G52: внебюджетные источники | H52: =SUM(I52:N52) -> 0 | I52: =SUM(I47) -> 0 | J52: =SUM(J47) -> 0 | K52: =SUM(K47) -> 0 | L52: =SUM(L47) -> 0 | M52: =SUM(M47) -> 0 | N52: =SUM(N47) -> 0

Sheet Транспорт и дорожное хозяйство
A1: Наименование | B1: Национальный проект, региональный проект | C1: Место реализации проекта | D1: Сроки реализации, годы | E1: Мощность | F1: Источник финансирования, наличие и необходимость ПСД | G1: Прогнозные объемы финансирования | O1: Число жителей, улучшивших условия в результате реализации, человек | P1: Основания для включения | Q1: Функциональный заказчик
G2: источник финансирования | H2: всего, в том числе | I2: 2025 | J2: 2026 | K2: 2027 | L2: 2028 | M2: 2029 | N2: 2030
A3: 1 | B3: 2 | C3: 3 | D3: 4 | E3: 5 | F3: 6 | G3: 7 | H3: 8 | I3: 9 | J3: 10 | K3: 11 | L3: 12 | M3: 13 | N3: 14 | O3: 15 | P3: 16 | Q3: 17
A4: городской округ город Чебоксары Чувашской Республики
A5: Дорога в жилой застройке в микрорайоне № 5 жилого района «Новый город» г. Чебоксары | B5: НП "Инфраструктура для жизни" | C5: городской округ город Чебоксары Чувашской Республики | D5: 2025-2026 | E5: 0,451 км | F5: Республиканский бюджет Чувашской Республики | G5: объем финансирования, млн. рублей | H5: =SUM(H6:H9) -> 129.5 | I5: =SUM(I6:I9) -> 57.4 | J5: =SUM(J6:J9) -> 72.1 | K5: =SUM(K6:K9) -> 0 | L5: =SUM(L6:L9) -> 0 | M5: =SUM(M6:M9) -> 0 | N5: =SUM(N6:N9) -> 0 | O5: 100000 | P5: улучшение транспортной инфраструктуры | Q5: Минстрой Чувашии
G6: федеральный бюджет | H6: =SUM(I6:N6) -> 0 | I6: 0 | J6: 0 | K6: 0 | L6: 0 | M6: 0 | N6: 0
G7: республиканский бюджет Чувашской Республики | H7: =SUM(I7:N7) -> 129.5 | I7: 57.4 | J7: 72.1 | K7: 0 | L7: 0 | M7: 0 | N7: 0
G8: местный бюджет | H8: =SUM(I8:N8) -> 0 | I8: 0 | J8: 0 | K8: 0 | L8: 0 | M8: 0 | N8: 0
G9: внебюджетные источники | H9: =SUM(I9:N9) -> 0 | I9: 0 | J9: 0 | K9: 0 | L9: 0 | M9: 0 | N9: 0
A10: Автомобильная дорога микрорайона 2 «А» центральной части города Чебоксары «Грязевская стрелка» | B10: НП "Инфраструктура для жизни" | C10: городской округ город Чебоксары Чувашской Республики | D10: 2025-2026 | E10: 0.644 | F10: Республиканский бюджет Чувашской Республики | G10: объем финансирования, млн. рублей | H10: =SUM(H11:H14) -> 74.7 | I10: =SUM(I11:I14) -> 46.7 | J10: =SUM(J11:J14) -> 28 | K10: =SUM(K11:K14) -> 0 | L10: =SUM(L11:L14) -> 0 | M10: =SUM(M11:M14) -> 0 | N10: =SUM(N11:N14) -> 0 | O10: 6743 | P10: Обеспечение транспортной связи между районами города | Q10: Минстрой Чувашии
G11: федеральный бюджет | H11: =SUM(I11:N11) -> 0 | I11: 0 | J11: 0 | K11: 0 | L11: 0 | M11: 0 | N11: 0
G12: республиканский бюджет Чувашской Республики | H12: =SUM(I12:N12) -> 74.7 | I12: 46.7 | J12: 28 | K12: 0 | L12: 0 | M12: 0 | N12: 0
G13: местный бюджет | H13: =SUM(I13:N13) -> 0 | I13: 0 | J13: 0 | K13: 0 | L13: 0 | M13: 0 | N13: 0
G14: внебюджетные источники | H14: =SUM(I14:N14) -> 0 | I14: 0 | J14: 0 | K14: 0 | L14: 0 | M14: 0 | N14: 0
A15: Строительство третьего транспортного полукольца в г. Чебоксары. 1 этап | B15: НП «Инфраструктура для жизни» | C15: городской округ город Чебоксары Чувашской Республики | D15: 2026–2030 | E15: 2.18 | F15: Федеральный бюджет, республиканский бюджет Чувашской Республики, местный бюджет, ПСД имеется | G15: объем финансирования, млн. рублей | H15: =SUM(H16:H19) -> 6019.9 | I15: =SUM(I16:I19) -> 0 | J15: =SUM(J16:J19) -> 30 | K15: =SUM(K16:K19) -> 0 | L15: =SUM(L16:L19) -> 0 | M15: =SUM(M16:M19) -> 3333.2 | N15: =SUM(N16:N19) -> 2656.7 | O15: 500000 | P15: Обеспечение транспортной связи между районами города | Q15: Администрация города Чебоксары
G16: федеральный бюджет | H16: =SUM(I16:N16) -> 5824 | I16: 0 | J16: 0 | K16: 0 | L16: 0 | M16: 3241.3 | N16: 2582.7
G17: республиканский бюджет Чувашской Республики | H17: =SUM(I17:N17) -> 156.7 | I17: 0 | J17: 24 | K17: 0 | L17: 0 | M17: 73.5 | N17: 59.2
G18: местный бюджет | H18: =SUM(I18:N18) -> 39.2 | I18: 0 | J18: 6 | K18: 0 | L18: 0 | M18: 18.4 | N18: 14.8
G19: внебюджетные источники | H19: =SUM(I19:N19) -> 0 | I19: 0 | J19: 0 | K19: 0 | L19: 0 | M19: 0 | N19: 0
A20: Строительство третьего транспортного полукольца в г. Чебоксары 2 и 3 этапы | B20: НП «Инфраструктура для жизни» | C20: городской округ город Чебоксары Чувашской Республики | D20: 2029–2030 | E20: 4.8 | F20: Федеральный бюджет, республиканский бюджет Чувашской Республики, местный бюджет, имеется необходимость в разработке ПСД | G20: объем финансирования, млн. рублей | H20: =SUM(H21:H24) -> 25000 | I20: =SUM(I21:I24) -> 0 | J20: =SUM(J21:J24) -> 0 | K20: =SUM(K21:K24) -> 0 | L20: =SUM(L21:L24) -> 0 | M20: =SUM(M21:M24) -> 15000 | N20: =SUM(N21:N24) -> 10000 | O20: 500000 | P20: Обеспечение транспортной связи между районами города | Q20: Администрация города Чебоксары
G21: федеральный бюджет | H21: =SUM(I21:N21) -> 24250 | I21: 0 | J21: 0 | K21: 0 | L21: 0 | M21: 14550 | N21: 9700
G22: республиканский бюджет Чувашской Республики | H22: =SUM(I22:N22) -> 600 | I22: 0 | J22: 0 | K22: 0 | L22: 0 | M22: 360 | N22: 240
G23: местный бюджет | H23: =SUM(I23:N23) -> 150 | I23: 0 | J23: 0 | K23: 0 | L23: 0 | M23: 90 | N23: 60
G24: внебюджетные источники | H24: =SUM(I24:N24) -> 0 | I24: 0 | J24: 0 | K24: 0 | L24: 0 | M24: 0 | N24: 0
A25: Реконструкция ул. Фучика (с устройством одноуровневой транспортной развязки) | B25: НП «Инфраструктура для жизни» | C25: городской округ город Чебоксары Чувашской Республики | D25: 2027, 2029 | E25: 0.9 | F25: Федеральный бюджет, республиканский бюджет Чувашской Республики, местный бюджет, ПСД планируется разработать в 2026 году | G25: объем финансирования, млн. рублей | H25: =SUM(H26:H29) -> 612.5 | I25: =SUM(I26:I29) -> 0 | J25: =SUM(J26:J29) -> 0 | K25: =SUM(K26:K29) -> 12.5 | L25: =SUM(L26:L29) -> 0 | M25: =SUM(M26:M29) -> 600 | N25: =SUM(N26:N29) -> 0 | O25: 100000 | P25: Приведение в нормативное состояние автодороги | Q25: Администрация города Чебоксары
G26: федеральный бюджет | H26: =SUM(I26:N26) -> 582 | I26: 0 | J26: 0 | K26: 0 | L26: 0 | M26: 582 | N26: 0
G27: республиканский бюджет Чувашской Республики | H27: =SUM(I27:N27) -> 14.4 | I27: 0 | J27: 0 | K27: 0 | L27: 0 | M27: 14.4 | N27: 0
G28: местный бюджет | H28: =SUM(I28:N28) -> 16.1 | I28: 0 | J28: 0 | K28: 12.5 | L28: 0 | M28: 3.6 | N28: 0
G29: внебюджетные источники | H29: =SUM(I29:N29) -> 0 | I29: 0 | J29: 0 | K29: 0 | L29: 0 | M29: 0 | N29: 0
A30: Капитальный ремонт автомобильной дороги по ул. Пристанционная | B30: НП «Инфраструктура для жизни» | C30: городской округ город Чебоксары Чувашской Республики | D30: 2025 | E30: 1 | F30: республиканский бюджет Чувашской Республики, местный бюджет, ПСД имеется | G30: объем финансирования, млн. рублей | H30: =SUM(H31:H34) -> 111.3 | I30: =SUM(I31:I34) -> 111.3 | J30: 0 | K30: =SUM(K31:K34) -> 0 | L30: =SUM(L31:L34) -> 0 | M30: =SUM(M31:M34) -> 0 | N30: =SUM(N31:N34) -> 0 | O30: 20000 | P30: Приведение в нормативное состояние автодороги | Q30: Администрация города Чебоксары
G31: федеральный бюджет | H31: =SUM(I31:N31) -> 0 | I31: 0 | J31: 0 | K31: 0 | L31: 0 | M31: 0 | N31: 0
G32: республиканский бюджет Чувашской Республики | H32: =SUM(I32:N32) -> 89 | I32: 89 | J32: 0 | K32: 0 | L32: 0 | M32: 0 | N32: 0
G33: местный бюджет | H33: =SUM(I33:N33) -> 22.3 | I33: 22.3 | J33: 0 | K33: 0 | L33: 0 | M33: 0 | N33: 0
G34: внебюджетные источники | H34: =SUM(I34:N34) -> 0 | I34: 0 | J34: 0 | K34: 0 | L34: 0 | M34: 0 | N34: 0
A35: Капитальный ремонт участка автомобильной дороги по проезду Соляное | B35: НП «Инфраструктура для жизни» | C35: городской округ город Чебоксары Чувашской Республики | D35: 2027-2028 | E35: 1.4 | F35: республиканский бюджет Чувашской Республики, местный бюджет, имеется необходимость в разработке ПСД | G35: объем финансирования, млн. рублей | H35: =SUM(H36:H39) -> 300 | I35: =SUM(I36:I39) -> 0 | J35: =SUM(J36:J39) -> 0 | K35: =SUM(K36:K39) -> 100 | L35: =SUM(L36:L39) -> 200 | M35: =SUM(M36:M39) -> 0 | N35: =SUM(N36:N39) -> 0 | O35: 30000 | P35: Приведение в нормативное состояние автодороги | Q35: Администрация города Чебоксары
G36: федеральный бюджет | H36: =SUM(I36:N36) -> 0 | I36: 0 | J36: 0 | K36: 0 | L36: 0 | M36: 0 | N36: 0
G37: республиканский бюджет Чувашской Республики | H37: =SUM(I37:N37) -> 240 | I37: 0 | J37: 0 | K37: 80 | L37: 160 | M37: 0 | N37: 0
G38: местный бюджет | H38: =SUM(I38:N38) -> 60 | I38: 0 | J38: 0 | K38: 20 | L38: 40 | M38: 0 | N38: 0
G39: внебюджетные источники | H39: =SUM(I39:N39) -> 0 | I39: 0 | J39: 0 | K39: 0 | L39: 0 | M39: 0 | N39: 0
A40: Строительство ул. Н. Рождественского г. Чебоксары | B40: НП «Инфраструктура для жизни» | C40: городской округ город Чебоксары Чувашской Республики | D40: 2029-2030 | E40: 1.4 | F40: республиканский бюджет Чувашской Республики, местный бюджет, имеется необходимость в разработке ПСД | G40: объем финансирования, млн. рублей | H40: =SUM(H41:H44) -> 985.6 | I40: =SUM(I41:I44) -> 0 | J40: =SUM(J41:J44) -> 0 | K40: =SUM(K41:K44) -> 0 | L40: =SUM(L41:L44) -> 0 | M40: =SUM(M41:M44) -> 492.8 | N40: 492.8 | O40: 50000 | P40: Обеспечение транспортной связи между районами города | Q40: Администрация города Чебоксары
G41: федеральный бюджет | H41: =SUM(I41:N41) -> 0 | I41: 0 | J41: 0 | K41: 0 | L41: 0 | M41: 0 | N41: 0
G42: республиканский бюджет Чувашской Республики | H42: =SUM(I42:N42) -> 788.4 | I42: 0 | J42: 0 | K42: 0 | L42: 0 | M42: 394.2 | N42: 394.2
G43: местный бюджет | H43: =SUM(I43:N43) -> 197.2 | I43: 0 | J43: 0 | K43: 0 | L43: 0 | M43: 98.6 | N43: 98.6
G44: внебюджетные источники | H44: =SUM(I44:N44) -> 0 | I44: 0 | J44: 0 | K44: 0 | L44: 0 | M44: 0 | N44: 0
A45: Строительство ул. Ярмарочная | B45: НП «Инфраструктура для жизни» | C45: городской округ город Чебоксары Чувашской Республики | D45: 2029–2030 | E45: 3 | F45: республиканский бюджет Чувашской Республики, местный бюджет, имеется необходимость в разработке ПСД | G45: объем финансирования, млн. рублей | H45: =SUM(H46:H49) -> 631.7 | I45: =SUM(I46:I49) -> 0 | J45: =SUM(J46:J49) -> 0 | K45: =SUM(K46:K49) -> 0 | L45: =SUM(L46:L49) -> 0 | M45: =SUM(M46:M49) -> 300 | N45: =SUM(N46:N49) -> 331.7 | O45: 50000 | P45: Обеспечение транспортной связи между районами города | Q45: Администрация города Чебоксары
G46: федеральный бюджет | H46: =SUM(I46:N46) -> 0 | I46: 0 | J46: 0 | K46: 0 | L46: 0 | M46: 0 | N46: 0
G47: республиканский бюджет Чувашской Республики | H47: =SUM(I47:N47) -> 505.4 | I47: 0 | J47: 0 | K47: 0 | L47: 0 | M47: 240 | N47: 265.4
G48: местный бюджет | H48: =SUM(I48:N48) -> 126.3 | I48: 0 | J48: 0 | K48: 0 | L48: 0 | M48: 60 | N48: 66.3
G49: внебюджетные источники | H49: =SUM(I49:N49) -> 0 | I49: 0 | J49: 0 | K49: 0 | L49: 0 | M49: 0 | N49: 0
A50: Капитальный ремонт автомобильной дороги М-7 «Волга» Москва – Владимир – Нижний Новгород – Ка­зань – Уфа, восточный подъезд к г. Чебок­сары, км 3+1400 – км 3+300» | B50: НП «Инфраструктура для жизни» | C50: городской округ город Чебоксары Чувашской Республики | D50: 2029 | E50: 0.16 | F50: республиканский бюджет Чувашской Республики, местный бюджет, имеется необходимость в разработке ПСД | G50: объем финансирования, млн. рублей | H50: =SUM(H51:H54) -> 170 | I50: =SUM(I51:I54) -> 0 | J50: =SUM(J51:J54) -> 0 | K50: =SUM(K51:K54) -> 0 | L50: =SUM(L51:L54) -> 0 | M50: =SUM(M51:M54) -> 170 | N50: =SUM(N51:N54) -> 0 | O50: 300000 | P50: Приведение в нормативное состояние автодороги | Q50: Администрация города Чебоксары
G51: федеральный бюджет | H51: =SUM(I51:N51) -> 0 | I51: 0 | J51: 0 | K51: 0 | L51: 0 | M51: 0 | N51: 0
G52: республиканский бюджет Чувашской Республики | H52: =SUM(I52:N52) -> 136 | I52: 0 | J52: 0 | K52: 0 | L52: 0 | M52: 136 | N52: 0
G53: местный бюджет | H53: =SUM(I53:N53) -> 34 | I53: 0 | J53: 0 | K53: 0 | L53: 0 | M53: 34 | N53: 0
G54: внебюджетные источники | H54: =SUM(I54:N54) -> 0 | I54: 0 | J54: 0 | K54: 0 | L54: 0 | M54: 0 | N54: 0
A55: Капитальный ремонт Калининского моста | B55: НП «Инфраструктура для жизни» | C55: городской округ город Чебоксары Чувашской Республики | D55: 2025–2026 | E55: 0.113 | F55: республиканский бюджет Чувашской Республики, местный бюджет, имеется ПСД | G55: объем финансирования, млн. рублей | H55: =SUM(H56:H59) -> 325 | I55: =SUM(I56:I59) -> 4.3 | J55: =SUM(J56:J59) -> 320.7 | K55: =SUM(K56:K59) -> 0 | L55: =SUM(L56:L59) -> 0 | M55: =SUM(M56:M59) -> 0 | N55: =SUM(N56:N59) -> 0 | O55: 150000 | P55: Приведение в нормативное состояние моста | Q55: Администрация города Чебоксары
G56: федеральный бюджет | H56: =SUM(I56:N56) -> 0 | I56: 0 | J56: 0 | K56: 0 | L56: 0 | M56: 0 | N56: 0
G57: республиканский бюджет Чувашской Республики | H57: =SUM(I57:N57) -> 260.1 | I57: 3.5 | J57: 256.6 | K57: 0 | L57: 0 | M57: 0 | N57: 0
G58: местный бюджет | H58: =SUM(I58:N58) -> 64.9 | I58: 0.8 | J58: 64.1 | K58: 0 | L58: 0 | M58: 0 | N58: 0
G59: внебюджетные источники | H59: =SUM(I59:N59) -> 0 | I59: 0 | J59: 0 | K59: 0 | L59: 0 | M59: 0 | N59: 0
A60: Капитальный ремонт Гагаринского моста | B60: НП «Инфраструктура для жизни» | C60: городской округ город Чебоксары Чувашской Республики | D60: 2025–2026 | E60: 0.407 | F60: республиканский бюджет Чувашской Республики, местный бюджет, имеется ПСД | G60: объем финансирования, млн. рублей | H60: =SUM(H61:H64) -> 877.7 | I60: =SUM(I61:I64) -> 362.7 | J60: =SUM(J61:J64) -> 515 | K60: =SUM(K61:K64) -> 0 | L60: =SUM(L61:L64) -> 0 | M60: =SUM(M61:M64) -> 0 | N60: =SUM(N61:N64) -> 0 | O60: 150000 | P60: Приведение в нормативное состояние моста | Q60: Администрация города Чебоксары
G61: федеральный бюджет | H61: =SUM(I61:N61) -> 0 | I61: 0 | J61: 0 | K61: 0 | L61: 0 | M61: 0 | N61: 0
G62: республиканский бюджет Чувашской Республики | H62: =SUM(I62:N62) -> 702.2 | I62: 290.2 | J62: 412 | K62: 0 | L62: 0 | M62: 0 | N62: 0
G63: местный бюджет | H63: =SUM(I63:N63) -> 175.5 | I63: 72.5 | J63: 103 | K63: 0 | L63: 0 | M63: 0 | N63: 0
G64: внебюджетные источники | H64: =SUM(I64:N64) -> 0 | I64: 0 | J64: 0 | K64: 0 | L64: 0 | M64: 0 | N64: 0
A65: Ремонт мостов г. Чебоксары (путепровод по пр. Мира. Путепровод Центральный рынок, пешеходный мост «Лакреевский лес») | B65: НП «Инфраструктура для жизни» | C65: городской округ город Чебоксары Чувашской Республики | D65: 2026–2028 | E65: 0.305 | F65: республиканский бюджет Чувашской Республики, местный бюджет, имеется необходимость в разработке ПСД | G65: объем финансирования, млн. рублей | H65: =SUM(H66:H69) -> 720 | I65: =SUM(I66:I69) -> 0 | J65: =SUM(J66:J69) -> 20 | K65: =SUM(K66:K69) -> 400 | L65: =SUM(L66:L69) -> 300 | M65: =SUM(M66:M69) -> 0 | N65: =SUM(N66:N69) -> 0 | O65: 300000 | P65: Приведение в нормативное состояние моста | Q65: Администрация города Чебоксары
G66: федеральный бюджет | H66: =SUM(I66:N66) -> 0 | I66: 0 | J66: 0 | K66: 0 | L66: 0 | M66: 0 | N66: 0
G67: республиканский бюджет Чувашской Республики | H67: =SUM(I67:N67) -> 576 | I67: 0 | J67: 16 | K67: =152+168 -> 320 | L67: 240 | M67: 0 | N67: 0
G68: местный бюджет | H68: =SUM(I68:N68) -> 144 | I68: 0 | J68: 4 | K68: =38+42 -> 80 | L68: 60 | M68: 0 | N68: 0
G69: внебюджетные источники | H69: =SUM(I69:N69) -> 0 | I69: 0 | J69: 0 | K69: 0 | L69: 0 | M69: 0 | N69: 0
A70: Реконструкция моста по ул. Грибоедова | B70: НП «Инфраструктура для жизни» | C70: городской округ город Чебоксары Чувашской Республики | D70: 2026 | E70: 8 п. м | F70: местный бюджет, имеется необходимость в разработке ПСД | G70: объем финансирования, млн. рублей | H70: =SUM(H71:H74) -> 31.4 | I70: =SUM(I71:I74) -> 0 | J70: =SUM(J71:J74) -> 31.4 | K70: =SUM(K71:K74) -> 0 | L70: =SUM(L71:L74) -> 0 | M70: =SUM(M71:M74) -> 0 | N70: =SUM(N71:N74) -> 0 | O70: 500 | P70: Приведение в нормативное состояние моста | Q70: Администрация города Чебоксары
G71: федеральный бюджет | H71: =SUM(I71:N71) -> 0 | I71: 0 | J71: 0 | K71: 0 | L71: 0 | M71: 0 | N71: 0
G72: республиканский бюджет Чувашской Республики | H72: =SUM(I72:N72) -> 0 | I72: 0 | J72: 0 | K72: 0 | L72: 0 | M72: 0 | N72: 0
G73: местный бюджет | H73: =SUM(I73:N73) -> 31.4 | I73: 0 | J73: 31.4 | K73: 0 | L73: 0 | M73: 0 | N73: 0
G74: внебюджетные источники | H74: =SUM(I74:N74) -> 0 | I74: 0 | J74: 0 | K74: 0 | L74: 0 | M74: 0 | N74: 0
A75: Строительство дороги по ул. Базарная от ул. И.С. Тукташа до ул. Дзержинского в микрорайоне 1А центральной части г. Чебоксары | B75: НП "Инфраструктура для жизни" | C75: городской округ город Чебоксары Чувашской Республики | D75: 2025-2026 | E75: 0.55 | F75: Республиканский бюджет Чувашской Республики | G75: объем финансирования, млн. рублей | H75: =SUM(H76:H79) -> 141.9 | I75: =SUM(I76:I79) -> 0.8 | J75: =SUM(J76:J79) -> 141.1 | K75: =SUM(K76:K79) -> 0 | L75: =SUM(L76:L79) -> 0 | M75: =SUM(M76:M79) -> 0 | N75: =SUM(N76:N79) -> 0 | O75: 100000 | P75: улучшение транспортной инфраструктуры | Q75: Минстрой Чувашии
G76: федеральный бюджет | H76: =SUM(I76:N76) -> 0 | I76: 0 | J76: 0 | K76: 0 | L76: 0 | M76: 0 | N76: 0
G77: республиканский бюджет Чувашской Республики | H77: =SUM(I77:N77) -> 141.9 | I77: 0.8 | J77: 141.1 | K77: 0 | L77: 0 | M77: 0 | N77: 0
G78: местный бюджет | H78: =SUM(I78:N78) -> 0 | I78: 0 | J78: 0 | K78: 0 | L78: 0 | M78: 0 | N78: 0
G79: внебюджетные источники | H79: =SUM(I79:N79) -> 0 | I79: 0 | J79: 0 | K79: 0 | L79: 0 | M79: 0 | N79: 0
A80: Строительство дороги по ул. Базарная от ул. Н.Рождественского до ул. Н. Смирнова в микрорайоне 1А центральной части г. Чебоксары | B80: НП "Инфраструктура для жизни" | C80: городской округ город Чебоксары Чувашской Республики | D80: 2025-2026 | E80: 0.3 | F80: Республиканский бюджет Чувашской Республики | G80: объем финансирования, млн. рублей | H80: =SUM(H81:H84) -> 96.9 | I80: =SUM(I81:I84) -> 63.4 | J80: =SUM(J81:J84) -> 33.5 | K80: =SUM(K81:K84) -> 0 | L80: =SUM(L81:L84) -> 0 | M80: =SUM(M81:M84) -> 0 | N80: =SUM(N81:N84) -> 0 | O80: 100000 | P80: Обеспечение транспортной связи между районами города | Q80: Минстрой Чувашии
G81: федеральный бюджет | H81: =SUM(I81:N81) -> 0 | I81: 0 | J81: 0 | K81: 0 | L81: 0 | M81: 0 | N81: 0
G82: республиканский бюджет Чувашской Республики | H82: =SUM(I82:N82) -> 96.9 | I82: 63.4 | J82: 33.5 | K82: 0 | L82: 0 | M82: 0 | N82: 0
G83: местный бюджет | H83: =SUM(I83:N83) -> 0 | I83: 0 | J83: 0 | K83: 0 | L83: 0 | M83: 0 | N83: 0
G84: внебюджетные источники | H84: =SUM(I84:N84) -> 0 | I84: 0 | J84: 0 | K84: 0 | L84: 0 | M84: 0 | N84: 0
A85: Строительство автомобильной дороги микрорайона 3 жилого района «Солнечный» Новоюжного планировочного района г. Чебоксары (1 этап строительства) | B85: НП "Инфраструктура для жизни" | C85: городской округ город Чебоксары Чувашской Республики | D85: 2025-2026 | E85: 0.378 | F85: Республиканский бюджет Чувашской Республики | G85: объем финансирования, млн. рублей | H85: =SUM(H86:H89) -> 55.11 | I85: =SUM(I86:I89) -> 55.1 | J85: =SUM(J86:J89) -> 0.01 | K85: =SUM(K86:K89) -> 0 | L85: =SUM(L86:L89) -> 0 | M85: =SUM(M86:M89) -> 0 | N85: =SUM(N86:N89) -> 0 | O85: 100000 | P85: Обеспечение транспортной связи между районами города | Q85: Минстрой Чувашии
G86: федеральный бюджет | H86: =SUM(I86:N86) -> 0 | I86: 0 | J86: 0 | K86: 0 | L86: 0 | M86: 0 | N86: 0
G87: республиканский бюджет Чувашской Республики | H87: =SUM(I87:N87) -> 55.11 | I87: 55.1 | J87: 0.01 | K87: 0 | L87: 0 | M87: 0 | N87: 0
G88: местный бюджет | H88: =SUM(I88:N88) -> 0 | I88: 0 | J88: 0 | K88: 0 | L88: 0 | M88: 0 | N88: 0
G89: внебюджетные источники | H89: =SUM(I89:N89) -> 0 | I89: 0 | J89: 0 | K89: 0 | L89: 0 | M89: 0 | N89: 0
A90: Магистральная дорога районного значения № 3 в жилом районе «Новый город» г. Чебоксары (4 этап) | B90: НП "Инфраструктура для жизни" | C90: городской округ город Чебоксары Чувашской Республики | D90: 2026 | E90: 0.3 | F90: Республиканский бюджет Чувашской Республики | G90: объем финансирования, млн. рублей | H90: =SUM(H91:H94) -> 196.9 | I90: =SUM(I91:I94) -> 0 | J90: =SUM(J91:J94) -> 196.9 | K90: =SUM(K91:K94) -> 0 | L90: =SUM(L91:L94) -> 0 | M90: =SUM(M91:M94) -> 0 | N90: =SUM(N91:N94) -> 0 | O90: 100000 | P90: улучшение транспортной инфраструктуры | Q90: Минстрой Чувашии
G91: федеральный бюджет | H91: =SUM(I91:N91) -> 0 | I91: 0 | J91: 0 | K91: 0 | L91: 0 | M91: 0 | N91: 0
G92: республиканский бюджет Чувашской Республики | H92: =SUM(I92:N92) -> 196.9 | I92: 0 | J92: 196.9 | K92: 0 | L92: 0 | M92: 0 | N92: 0
G93: местный бюджет | H93: =SUM(I93:N93) -> 0 | I93: 0 | J93: 0 | K93: 0 | L93: 0 | M93: 0 | N93: 0
G94: внебюджетные источники | H94: =SUM(I94:N94) -> 0 | I94: 0 | J94: 0 | K94: 0 | L94: 0 | M94: 0 | N94: 0
A95: Строительство дорог (II этап) в микрорайоне "Олимп" по ул.З. Яковлевой, 58 г. Чебоксары | B95: НП «Инфраструктура для жизни» | C95: городской округ город Чебоксары Чувашской Республики | D95: 2026 | E95: 0,35 км | F95: федеральный бюджет, республиканский бюджет Чувашской Республики, местный бюджет города Чебоксары | G95: объем финансирования, млн. рублей | H95: =SUM(H96:H99) -> 48.4 | I95: =SUM(I96:I99) -> 0 | J95: =SUM(J96:J99) -> 48.4 | K95: =SUM(K96:K99) -> 0 | L95: =SUM(L96:L99) -> 0 | M95: =SUM(M96:M99) -> 0 | N95: =SUM(N96:N99) -> 0 | O95: 4700 | P95: Обеспечение транспортной связи между районами города | Q95: Минстрой Чувашии
G96: федеральный бюджет | H96: =SUM(I96:N96) -> 47.9 | I96: 0 | J96: 47.9 | K96: 0 | L96: 0 | M96: 0 | N96: 0
G97: республиканский бюджет Чувашской Республики | H97: =SUM(I97:N97) -> 0.4 | I97: 0 | J97: 0.4 | K97: 0 | L97: 0 | M97: 0 | N97: 0
G98: местный бюджет | H98: =SUM(I98:N98) -> 0.1 | I98: 0 | J98: 0.1 | K98: 0 | M98: 0 | N98: 0
G99: внебюджетные источники | H99: =SUM(I99:N99) -> 0 | I99: 0 | J99: 0 | K99: 0 | L99: 0 | M99: 0 | N99: 0
A100: Реконструкция автомобильной дороги по ул. Пархоменко г. Чебоксары | B100: НП «Инфраструктура для жизни» | C100: городской округ город Чебоксары Чувашской Республики | D100: 2025-2026 | E100: 0,323 км | F100: республиканский бюджет Чувашской Республики, местный бюджет | G100: объем финансирования, млн. рублей | H100: =SUM(H101:H104) -> 63.4 | I100: =SUM(I101:I104) -> 50.9 | J100: =SUM(J101:J104) -> 12.5 | K100: =SUM(K101:K104) -> 0 | L100: =SUM(L101:L104) -> 0 | M100: =SUM(M101:M104) -> 0 | N100: =SUM(N101:N104) -> 0 | O100: 500 | P100: Приведение в нормативное состояние автодороги | Q100: Администрация города Чебоксары
...

Sheet Потреб рынок и сфера услуг
A1: Наименование | B1: Национальный проект, региональный проект | C1: Место реализации проекта | D1: Сроки реализации, годы | E1: Мощность | F1: Источник финансирования, наличие и необходимость ПСД | G1: Прогнозные объемы финансирования | O1: Число жителей, улучшивших условия в результате реализации, человек | P1: Основания для включения | Q1: Функциональный заказчик
G2: источник финансирования | H2: всего, в том числе | I2: 2025 | J2: 2026 | K2: 2027 | L2: 2028 | M2: 2029 | N2: 2030
A3: 1 | B3: 2 | C3: 3 | D3: 4 | E3: 5 | F3: 6 | G3: 7 | H3: 8 | I3: 9 | J3: 10 | K3: 11 | L3: 12 | M3: 13 | N3: 14 | O3: 15 | P3: 16 | Q3: 17
A4: Алатырский муниципальный округ Чувашской Республики
A5: Разработка ПСД для строительства инженерной инфраструктуры при создание ТИЦ города и реконструкция парка отдыха (мангальные зоны, аттракционы, инфраструктура общественного питания) города Алатырь | B5: - | C5: Алатырский муниципальный округ Чувашской Республики | D5: 2025–2026 | E5: Создание новой точки притяжения туристов в городе Алатырь, мангальные зоны, атракционы, инфраструктура общественного питания | F5: Планируется в 2025 году подать заявку на разработку ПСД в РАИП, строительство в 2026 г. | G5: объем финансирования, млн. рублей | H5: =SUM(H6:H9) -> 50.1 | I5: =SUM(I6:I9) -> 5 | J5: =SUM(J6:J9) -> 45.1 | K5: =SUM(K6:K9) -> 0 | L5: =SUM(L6:L9) -> 0 | M5: =SUM(M6:M9) -> 0 | N5: =SUM(N6:N9) -> 0 | P5: 0 | Q5: Администрация Алатырского муниципального округа
G6: федеральный бюджет | H6: =SUM(I6:N6) -> 43.7 | I6: 0 | J6: 43.7 | K6: 0 | L6: 0 | M6: 0 | N6: 0
G7: республиканский бюджет Чувашской Республики | H7: =SUM(I7:N7) -> 6.1 | I7: 5 | J7: 1.1 | K7: 0 | L7: 0 | M7: 0 | N7: 0
G8: местный бюджет | H8: =SUM(I8:N8) -> 0.3 | I8: 0 | J8: 0.3 | K8: 0 | L8: 0 | M8: 0 | N8: 0
G9: внебюджетные источники | H9: =SUM(I9:N9) -> 0 | I9: 0 | J9: 0 | K9: 0 | L9: 0 | M9: 0 | N9: 0
A10: ИТОГО по муниципальному округу: | G10: объем финансирования, млн. рублей | H10: =SUM(H5) -> 50.1 | I10: =SUM(I5) -> 5 | J10: =SUM(J5) -> 45.1 | K10: =SUM(K5) -> 0 | L10: =SUM(L5) -> 0 | M10: =SUM(M5) -> 0 | N10: =SUM(N5) -> 0
G11: федеральный бюджет | H11: =SUM(H6) -> 43.7 | I11: =SUM(I6) -> 0 | J11: =SUM(J6) -> 43.7 | K11: =SUM(K6) -> 0 | L11: =SUM(L6) -> 0 | M11: =SUM(M6) -> 0 | N11: =SUM(N6) -> 0
G12: республиканский бюджет Чувашской Республики | H12: =SUM(H7) -> 6.1 | I12: =SUM(I7) -> 5 | J12: =SUM(J7) -> 1.1 | K12: =SUM(K7) -> 0 | L12: =SUM(L7) -> 0 | M12: =SUM(M7) -> 0 | N12: =SUM(N7) -> 0
G13: местный бюджет | H13: =SUM(H8) -> 0.3 | I13: =SUM(I8) -> 0 | J13: =SUM(J8) -> 0.3 | K13: =SUM(K8) -> 0 | L13: =SUM(L8) -> 0 | M13: =SUM(M8) -> 0 | N13: =SUM(N8) -> 0
G14: внебюджетные источники | H14: =SUM(H9) -> 0 | I14: =SUM(I9) -> 0 | J14: =SUM(J9) -> 0 | K14: =SUM(K9) -> 0 | L14: =SUM(L9) -> 0 | M14: =SUM(M9) -> 0 | N14: =SUM(N9) -> 0
A15: Канашский муниципальный округ Чувашской Республики
A16: Строительство торгового комплекса ИП Александров А.В. | C16: Канашский муниципальный округ Чувашской Республики | D16: 2025 | E16: - | F16: Средства юридических лиц | G16: объем финансирования, млн. рублей | H16: =SUM(H17:H20) -> 15 | I16: =SUM(I17:I20) -> 15 | J16: =SUM(J17:J20) -> 0 | K16: =SUM(K17:K20) -> 0 | L16: =SUM(L17:L20) -> 0 | M16: =SUM(M17:M20) -> 0 | N16: =SUM(N17:N20) -> 0 | Q16: Администрация Канашского муниципального округа
G17: федеральный бюджет | H17: =SUM(I17:N17) -> 0 | I17: 0 | J17: 0 | K17: 0 | L17: 0 | M17: 0 | N17: 0
G18: республиканский бюджет Чувашской Республики | H18: =SUM(I18:N18) -> 0 | I18: 0 | J18: 0 | K18: 0 | L18: 0 | M18: 0 | N18: 0
G19: местный бюджет | H19: =SUM(I19:N19) -> 0 | I19: 0 | J19: 0 | K19: 0 | L19: 0 | M19: 0 | N19: 0
G20: внебюджетные источники | H20: =SUM(I20:N20) -> 15 | I20: 15 | J20: 0 | K20: 0 | L20: 0 | M20: 0 | N20: 0
A21: ИТОГО по муниципальному округу: | G21: объем финансирования, млн. рублей | H21: =SUM(H16) -> 15 | I21: =SUM(I16) -> 15 | J21: =SUM(J16) -> 0 | K21: =SUM(K16) -> 0 | L21: =SUM(L16) -> 0 | M21: =SUM(M16) -> 0 | N21: =SUM(N16) -> 0
G22: федеральный бюджет | H22: =SUM(H17) -> 0 | I22: =SUM(I17) -> 0 | J22: =SUM(J17) -> 0 | K22: =SUM(K17) -> 0 | L22: =SUM(L17) -> 0 | M22: =SUM(M17) -> 0 | N22: =SUM(N17) -> 0
G23: республиканский бюджет Чувашской Республики | H23: =SUM(H18) -> 0 | I23: =SUM(I18) -> 0 | J23: =SUM(J18) -> 0 | K23: =SUM(K18) -> 0 | L23: =SUM(L18) -> 0 | M23: =SUM(M18) -> 0 | N23: =SUM(N18) -> 0
G24: местный бюджет | H24: =SUM(H19) -> 0 | I24: =SUM(I19) -> 0 | J24: =SUM(J19) -> 0 | K24: =SUM(K19) -> 0 | L24: =SUM(L19) -> 0 | M24: =SUM(M19) -> 0 | N24: =SUM(N19) -> 0
G25: внебюджетные источники | H25: =SUM(H20) -> 15 | I25: =SUM(I20) -> 15 | J25: =SUM(J20) -> 0 | K25: =SUM(K20) -> 0 | L25: =SUM(L20) -> 0 | M25: =SUM(M20) -> 0 | N25: =SUM(N20) -> 0
A26: Козловский муниципальный округ Чувашской Республики
A27: Развитие инфраструктуры и создание торговых рядов на универсальной ярмарке в г. Козловка, ООО «Лад» | B27: Малое и среднее предпринимательство и поддержка индивидуальной предпринимательской инициативы | C27: Козловский муниципальный округ Чувашской Республики | D27: 2025–2027 | E27: Создание дополнительно30 торговых мест | F27: Внебюджетные средства | G27: объем финансирования, млн. рублей | H27: =SUM(H28:H31) -> 1.5 | I27: =SUM(I28:I31) -> 0 | J27: =SUM(J28:J31) -> 0.5 | K27: =SUM(K28:K31) -> 0.5 | L27: =SUM(L28:L31) -> 0.5 | M27: =SUM(M28:M31) -> 0 | N27: =SUM(N28:N31) -> 0 | O27: 7400 | Q27: Администрация Козловского муниципального округа
G28: федеральный бюджет | H28: =SUM(I28:N28) -> 0 | I28: 0 | J28: 0 | K28: 0 | L28: 0 | M28: 0 | N28: 0
G29: республиканский бюджет Чувашской Республики | H29: =SUM(I29:N29) -> 0 | I29: 0 | J29: 0 | K29: 0 | L29: 0 | M29: 0 | N29: 0
G30: местный бюджет | H30: =SUM(I30:N30) -> 0 | I30: 0 | J30: 0 | K30: 0 | L30: 0 | M30: 0 | N30: 0
G31: внебюджетные источники | H31: =SUM(I31:N31) -> 1.5 | I31: 0 | J31: 0.5 | K31: 0.5 | L31: 0.5 | M31: 0
A32: Предоставление муниципальных преференций предоставления муниципальной преференции товаропроизводителям – субъектам малого и среднего предпринимательства путем предоставления права на размещение нестационарных торговых объектов без проведения торгов на безвозмездной основе на территории Козловского МО | B32: Малое и среднее предпринимательство и поддержка индивидуальной предпринимательской инициативы | C32: Козловский муниципальный округ Чувашской Республики | D32: 2024–2030 | E32: Создание условий для размещения 4–5 НТО, Размещение 4–5 НТО | F32: Внебюджетные средства | G32: объем финансирования, млн. рублей | H32: =SUM(H33:H36) -> 1.4 | I32: =SUM(I33:I36) -> 0.2 | J32: =SUM(J33:J36) -> 0.2 | K32: =SUM(K33:K36) -> 0.2 | L32: =SUM(L33:L36) -> 0.2 | M32: =SUM(M33:M36) -> 0.3 | N32: =SUM(N33:N36) -> 0.3 | O32: 1000 | Q32: Администрация Козловского муниципального округа
G33: федеральный бюджет | H33: =SUM(I33:N33) -> 0 | I33: 0 | J33: 0 | K33: 0 | L33: 0 | M33: 0 | N33: 0
G34: республиканский бюджет Чувашской Республики | H34: =SUM(I34:N34) -> 0 | I34: 0 | J34: 0 | K34: 0 | L34: 0 | M34: 0 | N34: 0
G35: местный бюджет | H35: =SUM(I35:N35) -> 0 | I35: 0 | J35: 0 | K35: 0 | L35: 0 | M35: 0 | N35: 0
G36: внебюджетные источники | H36: =SUM(I36:N36) -> 1.4 | I36: 0.2 | J36: 0.2 | K36: 0.2 | L36: 0.2 | M36: 0.3 | N36: 0.3
A37: ИТОГО по муниципальному округу: | G37: объем финансирования, млн. рублей | H37: =SUM(H38:H41) -> 2.9 | I37: =SUM(I38:I41) -> 0.2 | J37: =SUM(J38:J41) -> 0.7 | K37: =SUM(K38:K41) -> 0.7 | L37: =SUM(L38:L41) -> 0.7 | M37: =SUM(M38:M41) -> 0.3 | N37: =SUM(N38:N41) -> 0.3
G38: федеральный бюджет | H38: =SUM(I38:N38) -> 0 | I38: =I28+I33 -> 0 | J38: =J28+J33 -> 0 | K38: =K28+K33 -> 0 | L38: =L28+L33 -> 0 | M38: =M28+M33 -> 0 | N38: =N28+N33 -> 0
G39: республиканский бюджет Чувашской Республики | H39: =SUM(I39:N39) -> 0 | I39: =I29+I34 -> 0 | J39: =J29+J34 -> 0 | K39: =K29+K34 -> 0 | L39: =L29+L34 -> 0 | M39: =M29+M34 -> 0 | N39: =N29+N34 -> 0
G40: местный бюджет | H40: =SUM(I40:N40) -> 0 | I40: =I30+I35 -> 0 | J40: =J30+J35 -> 0 | K40: =K30+K35 -> 0 | L40: =L30+L35 -> 0 | M40: =M30+M35 -> 0 | N40: =N30+N35 -> 0
G41: внебюджетные источники | H41: =SUM(I41:N41) -> 2.9 | I41: =I31+I36 -> 0.2 | J41: =J31+J36 -> 0.7 | K41: =K31+K36 -> 0.7 | L41: =L31+L36 -> 0.7 | M41: =M31+M36 -> 0.3 | N41: =N31+N36 -> 0.3
A42: Комсомольский муниципальный округ Чувашской Республики
A43: Строительство фермерских торговых рядов, расположенных по адресу: с. Комсомоль­ское, кад. номер: 21:13:090110:76. | C43: Комсомольский муниципальный округ | D43: 2028–2030 | F43: республиканский бюджет Чувашской Республики, имеется необходимость составления проектно- сметной документации | G43: объем финансирования, млн. рублей | H43: =SUM(H44:H47) -> 15 | I43: =SUM(I44:I47) -> 0 | J43: =SUM(J44:J47) -> 0 | K43: =SUM(K44:K47) -> 0 | L43: =SUM(L44:L47) -> 0 | M43: =SUM(M44:M47) -> 7 | N43: =SUM(N44:N47) -> 8 | P43: 20409 | Q43: Администрация Комсомольского муниципального округа
G44: федеральный бюджет | H44: =SUM(I44:N44) -> 0 | I44: 0 | J44: 0 | K44: 0 | L44: 0 | M44: 0 | N44: 0
G45: республиканский бюджет Чувашской Республики | H45: =SUM(I45:N45) -> 15 | I45: 0 | J45: 0 | K45: 0 | L45: 0 | M45: 7 | N45: 8
G46: местный бюджет | H46: =SUM(I46:N46) -> 0 | I46: 0 | J46: 0 | K46: 0 | L46: 0 | M46: 0 | N46: 0
G47: внебюджетные источники | H47: =SUM(I47:N47) -> 0 | I47: 0 | J47: 0 | K47: 0 | L47: 0 | M47: 0 | N47: 0
A48: ИТОГО по муниципальному округу: | G48: объем финансирования, млн. рублей | H48: =SUM(H49:H52) -> 15 | I48: =SUM(I49:I52) -> 0 | J48: =SUM(J49:J52) -> 0 | K48: =SUM(K49:K52) -> 0 | L48: =SUM(L49:L52) -> 0 | M48: =SUM(M49:M52) -> 7 | N48: =SUM(N49:N52) -> 8
G49: федеральный бюджет | H49: =SUM(I49:N49) -> 0 | I49: =I44 -> 0 | J49: =J44 -> 0 | K49: =K44 -> 0 | L49: =L44 -> 0 | M49: =M44 -> 0 | N49: =N44 -> 0
G50: республиканский бюджет Чувашской Республики | H50: =SUM(I50:N50) -> 15 | I50: =I45 -> 0 | J50: =J45 -> 0 | K50: =K45 -> 0 | L50: =L45 -> 0 | M50: =M45 -> 7 | N50: =N45 -> 8
G51: местный бюджет | H51: =SUM(I51:N51) -> 0 | I51: =I46 -> 0 | J51: =J46 -> 0 | K51: =K46 -> 0 | L51: =L46 -> 0 | M51: =M46 -> 0 | N51: =N46 -> 0
G52: внебюджетные источники | H52: =SUM(I52:N52) -> 0 | I52: =I47 -> 0 | J52: =J47 -> 0 | K52: =K47 -> 0 | L52: =L47 -> 0 | M52: =M47 -> 0 | N52: =N47 -> 0
A53: Моргаушский муниципальный округ Чувашской Республики
A54: Строительство торговых рядов для сельскохозяйственной ярмарки в с. Мор­гауши Моргаушского муниципального округа Чувашской Республики | B54: НП «Малое и среднее предпринимательство и поддержка индивидуальной предпринимательской инициативы» «Создание системы поддержки фермеров и развитие сельской кооперации» | C54: Моргаушский муниципальный округ Чувашской Республики | D54: 2028 | E54: 15 торговых мест | F54: необходимость ПСД отсутствует | G54: объем финансирования, млн. рублей | H54: =SUM(H55:H58) -> 2 | I54: =SUM(I55:I58) -> 0 | J54: =SUM(J55:J58) -> 0 | K54: =SUM(K55:K58) -> 0 | L54: =SUM(L55:L58) -> 2 | M54: =SUM(M55:M58) -> 0 | N54: =SUM(N55:N58) -> 0 | Q54: Администрация Моргаушского муниципального округа
G55: федеральный бюджет | H55: =SUM(I55:N55) -> 0 | I55: 0 | J55: 0 | K55: 0 | L55: 0 | M55: 0 | N55: 0
G56: республиканский бюджет Чувашской Республики | H56: =SUM(I56:N56) -> 0 | I56: 0 | J56: 0 | K56: 0 | L56: 0 | M56: 0 | N56: 0
G57: местный бюджет | H57: =SUM(I57:N57) -> 2 | I57: 0 | J57: 0 | K57: 0 | L57: 2 | M57: 0 | N57: 0
G58: внебюджетные источники | H58: =SUM(I58:N58) -> 0 | I58: 0 | J58: 0 | K58: 0 | L58: 0 | M58: 0 | N58: 0
A59: ИТОГО по муниципальному округу: | G59: объем финансирования, млн. рублей | H59: =SUM(H60:H63) -> 2 | I59: =SUM(I60:I63) -> 0 | J59: =SUM(J60:J63) -> 0 | K59: =SUM(K60:K63) -> 0 | L59: =SUM(L60:L63) -> 2 | M59: =SUM(M60:M63) -> 0 | N59: =SUM(N60:N63) -> 0
G60: федеральный бюджет | H60: =SUM(I60:N60) -> 0 | I60: =SUM(I55) -> 0 | J60: =SUM(J55) -> 0 | K60: =SUM(K55) -> 0 | L60: =SUM(L55) -> 0 | M60: =SUM(M55) -> 0 | N60: =SUM(N55) -> 0
G61: республиканский бюджет Чувашской Республики | H61: =SUM(I61:N61) -> 0 | I61: =SUM(I56) -> 0 | J61: =SUM(J56) -> 0 | K61: =SUM(K56) -> 0 | L61: =SUM(L56) -> 0 | M61: =SUM(M56) -> 0 | N61: =SUM(N56) -> 0
G62: местный бюджет | H62: =SUM(I62:N62) -> 2 | I62: =SUM(I57) -> 0 | J62: =SUM(J57) -> 0 | K62: =SUM(K57) -> 0 | L62: =SUM(L57) -> 2 | M62: =SUM(M57) -> 0 | N62: =SUM(N57) -> 0
G63: внебюджетные источники | H63: =SUM(I63:N63) -> 0 | I63: =SUM(I58) -> 0 | J63: =SUM(J58) -> 0 | K63: =SUM(K58) -> 0 | L63: =SUM(L58) -> 0 | M63: =SUM(M58) -> 0 | N63: =SUM(N58) -> 0
A64: Урмарский муниципальный округ Чувашской Республики
A65: Строительство банно-прачечного комплекса | B65: ГП ЧР «Развитие строительного комплекса и архитектуры» | C65: Чувашская Республика, Урмарский муниципальный округ, пгт.Урмары | D65: 2029 | G65: объем финансирования, млн. рублей | H65: =I65+J65+K65+L65+M65+N65 -> 48 | I65: =I66+I67+I68+I69 -> 0 | J65: =J66+J67+J68+J69 -> 0 | K65: =K66+K67+K68+K69 -> 0 | L65: =L66+L67+L68+L69 -> 0 | M65: =M66+M67+M68+M69 -> 48 | N65: =N66+N67+N68+N69 -> 0 | O65: 6760 | P65: Социально-значимый объект. Включен в Стратегию СЭР Урмарского униципаального округа до 2035 года | Q65: Администрация Урмарского муниципального округа
G66: федеральный бюджет | H66: =I66+J66+K66+L66+M66+N66 -> 0 | I66: 0 | J66: 0 | K66: 0 | L66: 0 | M66: 0 | N66: 0
G67: республиканский бюджет Чувашской Республики | H67: =I67+J67+K67+L67+M67+N67 -> 45.6 | I67: 0 | J67: 0 | K67: 0 | L67: 0 | M67: 45.6 | N67: 0
G68: местный бюджет | H68: =I68+J68+K68+L68+M68+N68 -> 2.4 | I68: 0 | J68: 0 | K68: 0 | L68: 0 | M68: 2.4 | N68: 0
G69: внебюджетные источники | H69: =I69+J69+K69+L69+M69+N69 -> 0 | I69: 0 | J69: 0 | K69: 0 | L69: 0 | M69: 0 | N69: 0
A70: ИТОГО по муниципальному округу: | G70: объем финансирования, млн. рублей | H70: =SUM(H65) -> 48 | I70: =SUM(I65) -> 0 | J70: =SUM(J65) -> 0 | K70: =SUM(K65) -> 0 | L70: =SUM(L65) -> 0 | M70: =SUM(M65) -> 48 | N70: =SUM(N65) -> 0
G71: федеральный бюджет | H71: =SUM(H66) -> 0 | I71: =SUM(I66) -> 0 | J71: =SUM(J66) -> 0 | K71: =SUM(K66) -> 0 | L71: =SUM(L66) -> 0 | M71: =SUM(M66) -> 0 | N71: =SUM(N66) -> 0
G72: республиканский бюджет Чувашской Республики | H72: =SUM(H67) -> 45.6 | I72: =SUM(I67) -> 0 | J72: =SUM(J67) -> 0 | K72: =SUM(K67) -> 0 | L72: =SUM(L67) -> 0 | M72: =SUM(M67) -> 45.6 | N72: =SUM(N67) -> 0
G73: местный бюджет | H73: =SUM(H68) -> 2.4 | I73: =SUM(I68) -> 0 | J73: =SUM(J68) -> 0 | K73: =SUM(K68) -> 0 | L73: =SUM(L68) -> 0 | M73: =SUM(M68) -> 2.4 | N73: =SUM(N68) -> 0
G74: внебюджетные источники | H74: =SUM(H69) -> 0 | I74: =SUM(I69) -> 0 | J74: =SUM(J69) -> 0 | K74: =SUM(K69) -> 0 | L74: =SUM(L69) -> 0 | M74: =SUM(M69) -> 0 | N74: =SUM(N69) -> 0
A75: городской округ город Чебоксары Чувашской Республики
A76: Строительство приюта для животных без владельцев в г. Чебоксары | B76: НП«Экологическое благополучие» | C76: городской округ город Чебоксары Чувашской Республики | D76: 2026, 2029 | E76: 500 | F76: республиканский бюджет Чувашской Республики, местный бюджет, разработка ПСД планируется в 2026 году | G76: объем финансирования, млн. рублей | H76: =SUM(H77:H80) -> 455 | I76: =SUM(I77:I80) -> 0 | J76: =SUM(J77:J80) -> 5 | K76: =SUM(K77:K80) -> 0 | L76: 0 | M76: 450 | N76: =SUM(N77:N80) -> 0 | O76: 500000 | P76: Строительство приюта для животных без владельцев вместимостью 500 собак и 100 кошек | Q76: Администрация города Чебоксары
G77: федеральный бюджет | H77: =SUM(I77:N77) -> 0 | I77: 0 | J77: 0 | K77: 0 | L77: 0 | M77: 0 | N77: 0
G78: республиканский бюджет Чувашской Республики | H78: =SUM(I78:N78) -> 360 | I78: 0 | J78: 0 | K78: 0 | L78: 0 | M78: 360 | N78: 0
G79: местный бюджет | H79: =SUM(I79:N79) -> 95 | I79: 0 | J79: 5 | K79: 0 | L79: 0 | M79: 90 | N79: 0
G80: внебюджетные источники | H80: =SUM(I80:N80) -> 0 | I80: 0 | J80: 0 | K80: 0 | L80: 0 | M80: 0 | N80: 0
A81: Итого по городскому округу: | G81: объем финансирования, млн. рублей | H81: =SUM(H82:H85) -> 455 | I81: =SUM(I82:I85) -> 0 | J81: =SUM(J82:J85) -> 5 | K81: =SUM(K82:K85) -> 0 | L81: =SUM(L82:L85) -> 0 | M81: =SUM(M82:M85) -> 450 | N81: =SUM(N82:N85) -> 0
G82: федеральный бюджет | H82: =SUM(I82:N82) -> 0 | I82: =I77 -> 0 | J82: =J77 -> 0 | K82: =K77 -> 0 | L82: =L77 -> 0 | M82: =M77 -> 0 | N82: =N77 -> 0
G83: республиканский бюджет Чувашской Республики | H83: =SUM(I83:N83) -> 360 | I83: =I78 -> 0 | J83: =J78 -> 0 | K83: =K78 -> 0 | L83: =L78 -> 0 | M83: =M78 -> 360 | N83: =N78 -> 0
G84: местный бюджет | H84: =SUM(I84:N84) -> 95 | I84: =I79 -> 0 | J84: =J79 -> 5 | K84: =K79 -> 0 | L84: =L79 -> 0 | M84: =M79 -> 90 | N84: =N79 -> 0
G85: внебюджетные источники | H85: =SUM(I85:N85) -> 0 | I85: =I80 -> 0 | J85: =J80 -> 0 | K85: =K80 -> 0 | L85: =L80 -> 0 | M85: =M80 -> 0 | N85: =N80 -> 0

Sheet Здравоохранение
A1: Наименование | B1: Национальный проект, региональный проект | C1: Место реализации проекта | D1: Сроки реализации, годы | E1: Мощность | F1: Источник финансирования, наличие и необходимость ПСД | G1: Прогнозные объемы финансирования | O1: Число жителей, улучшивших условия в результате реализации, человек | P1: Основания для включения | Q1: Функциональный заказчик
G2: источник финансирования | H2: всего, в том числе | I2: 2025 | J2: 2026 | K2: 2027 | L2: 2028 | M2: 2029 | N2: 2030
A3: 1 | B3: 2 | C3: 3 | D3: 4 | E3: 5 | F3: 6 | G3: 7 | H3: 8 | I3: 9 | J3: 10 | K3: 11 | L3: 12 | M3: 13 | N3: 14 | O3: 15 | P3: 16 | Q3: 17
A4: городской округ город Чебоксары Чувашской Республики
A5: Создание новой поликлиники БУ «Больница скорой медицинской помощи» Минздрава Чувашии | B5: национальный проект «Продолжительная и активная жизнь», региональный проект Чувашской Республики «Модернизация первичного звена здравоохранения» | C5: городской округ город Чебоксары Чувашской Республики | D5: 2029–2030 | E5: 150 посещений в смену | F5: федеральный бюджет, республиканский бюджет Чувашской Республики, необходима ПСД | G5: объем финансирования, млн. рублей | H5: =SUM(H6:H9) -> 520.7 | I5: =SUM(I6:I9) -> 0 | J5: =SUM(J6:J9) -> 0 | K5: =SUM(K6:K9) -> 0 | L5: =SUM(L6:L9) -> 0 | M5: =SUM(M6:M9) -> 220 | N5: =SUM(N6:N9) -> 300.7 | O5: 14600 | P5: Повышение доступности и качества первичной медико-санитарной помощи, создание комфортных условий для пациентов и персонала. | Q5: Минздрав Чувашии
G6: федеральный бюджет | H6: =SUM(I6:N6) -> 515.5 | I6: 0 | J6: 0 | K6: 0 | L6: 0 | M6: 217.8 | N6: 297.7
G7: республиканский бюджет Чувашской Республики | H7: =SUM(I7:N7) -> 5.2 | I7: 0 | J7: 0 | K7: 0 | L7: 0 | M7: 2.2 | N7: 3
G8: местный бюджет | H8: =SUM(I8:N8) -> 0 | I8: 0 | J8: 0 | K8: 0 | L8: 0 | M8: 0 | N8: 0
G9: внебюджетные источники | H9: =SUM(I9:N9) -> 0 | I9: 0 | J9: 0 | K9: 0 | L9: 0 | M9: 0 | N9: 0
A10: Создание новой поликлиники БУ «Городская клиническая больница № 1» Минздрава Чувашии (мкр. "Лента") | B10: национальный проект «Продолжительная и активная жизнь», региональный проект Чувашской Республики «Модернизация первичного звена здравоохранения» | C10: городской округ город Чебоксары Чувашской Республики | D10: 2029–2030 | E10: 300 посещений в смену | F10: федеральный бюджет, республиканский бюджет Чувашской Республики, необходима ПСД | G10: объем финансирования, млн. рублей | H10: =SUM(H11:H14) -> 713.5 | I10: =SUM(I11:I14) -> 0 | J10: =SUM(J11:J14) -> 0 | K10: =SUM(K11:K14) -> 0 | L10: =SUM(L11:L14) -> 0 | M10: =SUM(M11:M14) -> 350 | N10: =SUM(N11:N14) -> 363.5 | O10: 37800 | P10: Повышение доступности и качества первичной медико-санитарной помощи, создание комфортных условий для пациентов и персонала. | Q10: Минздрав Чувашии
G11: федеральный бюджет | H11: =SUM(I11:N11) -> 706.4 | I11: 0 | J11: 0 | K11: 0 | L11: 0 | M11: 346.5 | N11: 359.9
G12: республиканский бюджет Чувашской Республики | H12: =SUM(I12:N12) -> 7.1 | I12: 0 | J12: 0 | K12: 0 | L12: 0 | M12: 3.5 | N12: 3.6
G13: местный бюджет | H13: =SUM(I13:N13) -> 0 | I13: 0 | J13: 0 | K13: 0 | L13: 0 | M13: 0 | N13: 0
G14: внебюджетные источники | H14: =SUM(I14:N14) -> 0 | I14: 0 | J14: 0 | K14: 0 | L14: 0 | M14: 0 | N14: 0
A15: Создание новой поликлиники БУ «Городская клиническая больница № 1» Минздрава Чувашии (мкр. "Новый город") | B15: национальный проект «Продолжительная и активная жизнь», региональный проект Чувашской Республики «Модернизация первичного звена здравоохранения» | C15: городской округ город Чебоксары Чувашской Республики | D15: 2029–2030 | E15: 300 посещений в смену | F15: федеральный бюджет, республиканский бюджет Чувашской Республики, необходима ПСД | G15: объем финансирования, млн. рублей | H15: =SUM(H16:H19) -> 713.5 | I15: =SUM(I16:I19) -> 0 | J15: =SUM(J16:J19) -> 0 | K15: =SUM(K16:K19) -> 0 | L15: =SUM(L16:L19) -> 0 | M15: =SUM(M16:M19) -> 350 | N15: =SUM(N16:N19) -> 363.5 | O15: 35500 | P15: Повышение доступности и качества первичной медико-санитарной помощи, создание комфортных условий для пациентов и персонала. | Q15: Минздрав Чувашии
G16: федеральный бюджет | H16: =SUM(I16:N16) -> 706.4 | I16: 0 | J16: 0 | K16: 0 | L16: 0 | M16: 346.5 | N16: 359.9
G17: республиканский бюджет Чувашской Республики | H17: =SUM(I17:N17) -> 7.1 | I17: 0 | J17: 0 | K17: 0 | L17: 0 | M17: 3.5 | N17: 3.6
G18: местный бюджет | H18: =SUM(I18:N18) -> 0 | I18: 0 | J18: 0 | K18: 0 | L18: 0 | M18: 0 | N18: 0
G19: внебюджетные источники | H19: =SUM(I19:N19) -> 0 | I19: 0 | J19: 0 | K19: 0 | L19: 0 | M19: 0 | N19: 0
A20: Создание взамен существующего поликлинического подразделения БУ «Городской клинический центр» Минздрава Чувашии | B20: национальный проект «Продолжительная и активная жизнь», региональный проект Чувашской Республики «Модернизация первичного звена здравоохранения» | C20: городской округ город Чебоксары Чувашской Республики | D20: 2030 | E20: 50 посещений в смену | F20: федеральный бюджет, республиканский бюджет Чувашской Республики, необходима ПСД | G20: объем финансирования, млн. рублей | H20: =SUM(H21:H24) -> 84 | I20: =SUM(I21:I24) -> 0 | J20: =SUM(J21:J24) -> 0 | K20: =SUM(K21:K24) -> 0 | L20: =SUM(L21:L24) -> 0 | M20: =SUM(M21:M24) -> 0 | N20: =SUM(N21:N24) -> 84 | O20: 12000 | Q20: Минздрав Чувашии
G21: федеральный бюджет | H21: =SUM(I21:N21) -> 60.5 | I21: 0 | J21: 0 | K21: 0 | L21: 0 | M21: 0 | N21: 60.5
G22: республиканский бюджет Чувашской Республики | H22: =SUM(I22:N22) -> 23.5 | I22: 0 | J22: 0 | K22: 0 | L22: 0 | M22: 0 | N22: 23.5
G23: местный бюджет | H23: =SUM(I23:N23) -> 0 | I23: 0 | J23: 0 | K23: 0 | L23: 0 | M23: 0 | N23: 0
G24: внебюджетные источники | H24: =SUM(I24:N24) -> 0 | I24: 0 | J24: 0 | K24: 0 | L24: 0 | M24: 0 | N24: 0
A25: Создание взамен существующего фельдшерского здравпункта п. Северный | B25: национальный проект «Продолжительная и активная жизнь», региональный проект Чувашской Республики «Модернизация первичного звена здравоохранения» | C25: городской округ город Чебоксары Чувашской Республики | D25: 2029 | E25: 15 посещений в смену | F25: федеральный бюджет, республиканский бюджет Чувашской Республики, необходима ПСД | G25: объем финансирования, млн. рублей | H25: =SUM(H26:H29) -> 13.9 | I25: =SUM(I26:I29) -> 0 | J25: =SUM(J26:J29) -> 0 | K25: =SUM(K26:K29) -> 0 | L25: =SUM(L26:L29) -> 0 | M25: =SUM(M26:M29) -> 13.9 | N25: =SUM(N26:N29) -> 0 | O25: 135 | P25: Повышение доступности и качества первичной медико-санитарной помощи, создание комфортных условий для пациентов и персонала. | Q25: Минздрав Чувашии
G26: федеральный бюджет | H26: =SUM(I26:N26) -> 13.8 | I26: 0 | J26: 0 | K26: 0 | L26: 0 | M26: 13.8 | N26: 0
G27: республиканский бюджет Чувашской Республики | H27: =SUM(I27:N27) -> 0.1 | I27: 0 | J27: 0 | K27: 0 | L27: 0 | M27: 0.1 | N27: 0
G28: местный бюджет | H28: =SUM(I28:N28) -> 0 | I28: 0 | J28: 0 | K28: 0 | L28: 0 | M28: 0 | N28: 0
G29: внебюджетные источники | H29: =SUM(I29:N29) -> 0 | I29: 0 | J29: 0 | K29: 0 | L29: 0 | M29: 0 | N29: 0
A30: Капитальный ремонт поликлиники БУ «Городская детская клиническая больница» Минздрава Чувашии (г. Чебоксары, ул. Энту­зиастов, д. 28) | B30: национальный проект «Продолжительная и активная жизнь», региональный проект Чувашской Республики «Модернизация первичного звена здравоохранения» | C30: городской округ город Чебоксары Чувашской Республики | D30: 2029–2030 | E30: 520 посещений в смену | F30: федеральный бюджет, республиканский бюджет Чувашской Республики, необходима ПСД | G30: объем финансирования, млн. рублей | H30: =SUM(H31:H34) -> 172.7 | I30: =SUM(I31:I34) -> 0 | J30: =SUM(J31:J34) -> 0 | K30: =SUM(K31:K34) -> 0 | L30: =SUM(L31:L34) -> 0 | M30: =SUM(M31:M34) -> 100 | N30: =SUM(N31:N34) -> 72.7 | O30: 24155 | P30: Повышение доступности и качества первичной медико-санитарной помощи, создание комфортных условий для пациентов и персонала. | Q30: Минздрав Чувашии
G31: федеральный бюджет | H31: =SUM(I31:N31) -> 171 | I31: 0 | J31: 0 | K31: 0 | L31: 0 | M31: 99 | N31: 72
G32: республиканский бюджет Чувашской Республики | H32: =SUM(I32:N32) -> 1.7 | I32: 0 | J32: 0 | K32: 0 | L32: 0 | M32: 1 | N32: 0.7
G33: местный бюджет | H33: =SUM(I33:N33) -> 0 | I33: 0 | J33: 0 | K33: 0 | L33: 0 | M33: 0 | N33: 0
G34: внебюджетные источники | H34: =SUM(I34:N34) -> 0 | I34: 0 | J34: 0 | K34: 0 | L34: 0 | M34: 0 | N34: 0
A35: Капитальный ремонт поликлиники БУ «Городская детская клиническая больница» Минздрава Чувашии (г. Чебоксары, Эгерский б-р, д. 6, корп. 1) | B35: национальный проект «Продолжительная и активная жизнь», региональный проект Чувашской Республики «Модернизация первичного звена здравоохранения» | C35: городской округ город Чебоксары Чувашской Республики | D35: 2030 | E35: 150 посещений в смену | F35: федеральный бюджет, республиканский бюджет Чувашской Республики, необходима ПСД | G35: объем финансирования, млн. рублей | H35: =SUM(H36:H39) -> 67.9 | I35: =SUM(I36:I39) -> 0 | J35: =SUM(J36:J39) -> 0 | K35: =SUM(K36:K39) -> 0 | L35: =SUM(L36:L39) -> 0 | M35: =SUM(M36:M39) -> 0 | N35: =SUM(N36:N39) -> 67.9 | O35: 5266 | P35: Повышение доступности и качества первичной медико-санитарной помощи, создание комфортных условий для пациентов и персонала. | Q35: Минздрав Чувашии
G36: федеральный бюджет | H36: =SUM(I36:N36) -> 67.2 | I36: 0 | J36: 0 | K36: 0 | L36: 0 | M36: 0 | N36: 67.2
G37: республиканский бюджет Чувашской Республики | H37: =SUM(I37:N37) -> 0.7 | I37: 0 | J37: 0 | K37: 0 | L37: 0 | M37: 0 | N37: 0.7
G38: местный бюджет | H38: =SUM(I38:N38) -> 0 | I38: 0 | J38: 0 | K38: 0 | L38: 0 | M38: 0 | N38: 0
G39: внебюджетные источники | H39: =SUM(I39:N39) -> 0 | I39: 0 | J39: 0 | K39: 0 | L39: 0 | M39: 0 | N39: 0
A40: Капитальный ремонт поликлиники БУ «Городская детская клиническая больница» Минздрава Чувашии (г. Чебоксары, пр-т Тракторостроителей, д. 12А) | B40: национальный проект «Продолжительная и активная жизнь», региональный проект Чувашской Республики «Модернизация первичного звена здравоохранения» | C40: городской округ город Чебоксары Чувашской Республики | D40: 2029 | E40: 640 посещений в смену | F40: федеральный бюджет, республиканский бюджет Чувашской Республики, необходима ПСД | G40: объем финансирования, млн. рублей | H40: =SUM(H41:H44) -> 95.4 | I40: =SUM(I41:I44) -> 0 | J40: =SUM(J41:J44) -> 0 | K40: =SUM(K41:K44) -> 0 | L40: =SUM(L41:L44) -> 0 | M40: =SUM(M41:M44) -> 95.4 | N40: =SUM(N41:N44) -> 0 | O40: 30846 | P40: Повышение доступности и качества первичной медико-санитарной помощи, создание комфортных условий для пациентов и персонала. | Q40: Минздрав Чувашии
G41: федеральный бюджет | H41: =SUM(I41:N41) -> 94.4 | I41: 0 | J41: 0 | K41: 0 | L41: 0 | M41: 94.4 | N41: 0
G42: республиканский бюджет Чувашской Республики | H42: =SUM(I42:N42) -> 1 | I42: 0 | J42: 0 | K42: 0 | L42: 0 | M42: 1 | N42: 0
G43: местный бюджет | H43: =SUM(I43:N43) -> 0 | I43: 0 | J43: 0 | K43: 0 | L43: 0 | M43: 0 | N43: 0
G44: внебюджетные источники | H44: =SUM(I44:N44) -> 0 | I44: 0 | J44: 0 | K44: 0 | L44: 0 | M44: 0 | N44: 0
A45: Капитальный ремонт поликлиники БУ «Городская клиническая больница № 1» Минздрава Чувашии (г. Чебоксары, ул. 50 лет Октября, д. 21) | B45: национальный проект «Продолжительная и активная жизнь», региональный проект Чувашской Республики «Модернизация первичного звена здравоохранения» | C45: городской округ город Чебоксары Чувашской Республики | D45: 2029–2030 | E45: 300 посещений в смену | F45: федеральный бюджет, республиканский бюджет Чувашской Республики, необходима ПСД | G45: объем финансирования, млн. рублей | H45: =SUM(H46:H49) -> 251.1 | I45: =SUM(I46:I49) -> 0 | J45: =SUM(J46:J49) -> 0 | K45: =SUM(K46:K49) -> 0 | L45: =SUM(L46:L49) -> 0 | M45: =SUM(M46:M49) -> 155.4 | N45: =SUM(N46:N49) -> 95.7 | O45: 30486 | P45: Повышение доступности и качества первичной медико-санитарной помощи, создание комфортных условий для пациентов и персонала. | Q45: Минздрав Чувашии
G46: федеральный бюджет | H46: =SUM(I46:N46) -> 248.5 | I46: 0 | J46: 0 | K46: 0 | L46: 0 | M46: 153.8 | N46: 94.7
G47: республиканский бюджет Чувашской Республики | H47: =SUM(I47:N47) -> 2.6 | I47: 0 | J47: 0 | K47: 0 | L47: 0 | M47: 1.6 | N47: 1
G48: местный бюджет | H48: =SUM(I48:N48) -> 0 | I48: 0 | J48: 0 | K48: 0 | L48: 0 | M48: 0 | N48: 0
G49: внебюджетные источники | H49: =SUM(I49:N49) -> 0 | I49: 0 | J49: 0 | K49: 0 | L49: 0 | M49: 0 | N49: 0
A50: Капитальный ремонт поликлиники БУ «Городская клиническая больница № 1» Минздрава Чувашии (г. Чебоксары, пр-т Тракторостроителей, д. 46) | B50: национальный проект «Продолжительная и активная жизнь», региональный проект Чувашской Республики «Модернизация первичного звена здравоохранения» | C50: городской округ город Чебоксары Чувашской Республики | D50: 2029–2030 | E50: 350 посещений в смену | F50: федеральный бюджет, республиканский бюджет Чувашской Республики, необходима ПСД | G50: объем финансирования, млн. рублей | H50: =SUM(H51:H54) -> 361.8 | I50: =SUM(I51:I54) -> 0 | J50: =SUM(J51:J54) -> 0 | K50: =SUM(K51:K54) -> 0 | L50: =SUM(L51:L54) -> 0 | M50: =SUM(M51:M54) -> 212 | N50: =SUM(N51:N54) -> 149.8 | O50: 43998 | P50: Повышение доступности и качества первичной медико-санитарной помощи, создание комфортных условий для пациентов и персонала. | Q50: Минздрав Чувашии
G51: федеральный бюджет | H51: =SUM(I51:N51) -> 358.2 | I51: 0 | J51: 0 | K51: 0 | L51: 0 | M51: 209.9 | N51: 148.3
G52: республиканский бюджет Чувашской Республики | H52: =SUM(I52:N52) -> 3.6 | I52: 0 | J52: 0 | K52: 0 | L52: 0 | M52: 2.1 | N52: 1.5
G53: местный бюджет | H53: =SUM(I53:N53) -> 0 | I53: 0 | J53: 0 | K53: 0 | L53: 0 | M53: 0 | N53: 0
G54: внебюджетные источники | H54: =SUM(I54:N54) -> 0 | I54: 0 | J54: 0 | K54: 0 | L54: 0 | M54: 0 | N54: 0
A55: Капитальный ремонт поликлиники БУ «Городская клиническая больница № 1» Минздрава Чувашии (г. Чебоксары, пр-т Тракторостроителей, д. 18) | B55: национальный проект «Продолжительная и активная жизнь», региональный проект Чувашской Республики «Модернизация первичного звена здравоохранения» | C55: городской округ город Чебоксары Чувашской Республики | D55: 2030 | E55: 240 посещений в смену | F55: федеральный бюджет, республиканский бюджет Чувашской Республики, необходима ПСД | G55: объем финансирования, млн. рублей | H55: =SUM(H56:H59) -> 131.4 | I55: =SUM(I56:I59) -> 0 | J55: =SUM(J56:J59) -> 0 | K55: =SUM(K56:K59) -> 0 | L55: =SUM(L56:L59) -> 0 | M55: =SUM(M56:M59) -> 0 | N55: =SUM(N56:N59) -> 131.4 | O55: 73000 | P55: Повышение доступности и качества первичной медико-санитарной помощи, создание комфортных условий для пациентов и персонала. | Q55: Минздрав Чувашии
G56: федеральный бюджет | H56: =SUM(I56:N56) -> 130.1 | I56: 0 | J56: 0 | K56: 0 | L56: 0 | M56: 0 | N56: 130.1
G57: республиканский бюджет Чувашской Республики | H57: =SUM(I57:N57) -> 1.3 | I57: 0 | J57: 0 | K57: 0 | L57: 0 | M57: 0 | N57: 1.3
G58: местный бюджет | H58: =SUM(I58:N58) -> 0 | I58: 0 | J58: 0 | K58: 0 | L58: 0 | M58: 0 | N58: 0
G59: внебюджетные источники | H59: =SUM(I59:N59) -> 0 | I59: 0 | J59: 0 | K59: 0 | L59: 0 | M59: 0 | N59: 0
A60: Капитальный ремонт поликлиники БУ «Центральная городская больница» Минздрава Чувашии (г. Чебоксары, пр-т Ленина, д. 47, блок В) | B60: национальный проект «Продолжительная и активная жизнь», региональный проект Чувашской Республики «Модернизация первичного звена здравоохранения» | C60: городской округ город Чебоксары Чувашской Республики | D60: 2029–2030 | E60: 900 посещений в смену | F60: федеральный бюджет, республиканский бюджет Чувашской Республики, необходима ПСД | G60: объем финансирования, млн. рублей | H60: =SUM(H61:H64) -> 166.8 | I60: =SUM(I61:I64) -> 0 | J60: =SUM(J61:J64) -> 0 | K60: =SUM(K61:K64) -> 0 | L60: =SUM(L61:L64) -> 0 | M60: =SUM(M61:M64) -> 96.5 | N60: =SUM(N61:N64) -> 70.3 | O60: 70000 | P60: Повышение доступности и качества первичной медико-санитарной помощи, создание комфортных условий для пациентов и персонала. | Q60: Минздрав Чувашии
G61: федеральный бюджет | H61: =SUM(I61:N61) -> 165.1 | I61: 0 | J61: 0 | K61: 0 | L61: 0 | M61: 95.5 | N61: 69.6
G62: республиканский бюджет Чувашской Республики | H62: =SUM(I62:N62) -> 1.7 | I62: 0 | J62: 0 | K62: 0 | L62: 0 | M62: 1 | N62: 0.7
G63: местный бюджет | H63: =SUM(I63:N63) -> 0 | I63: 0 | J63: 0 | K63: 0 | L63: 0 | M63: 0 | N63: 0
G64: внебюджетные источники | H64: =SUM(I64:N64) -> 0 | I64: 0 | J64: 0 | K64: 0 | L64: 0 | M64: 0 | N64: 0
A65: Капитальный ремонт поликлиники БУ «Центральная городская больница» Минздрава Чувашии (г. Чебоксары, пр-т Ленина, д. 47, блок Г) | B65: национальный проект «Продолжительная и активная жизнь», региональный проект Чувашской Республики «Модернизация первичного звена здравоохранения» | C65: городской округ город Чебоксары Чувашской Республики | D65: 2029–2030 | E65: 550 посещений в смену | F65: федеральный бюджет, республиканский бюджет Чувашской Республики, необходима ПСД | G65: объем финансирования, млн. рублей | H65: =SUM(H66:H69) -> 155.6 | I65: =SUM(I66:I69) -> 0 | J65: =SUM(J66:J69) -> 0 | K65: =SUM(K66:K69) -> 0 | L65: =SUM(L66:L69) -> 0 | M65: =SUM(M66:M69) -> 98.9 | N65: =SUM(N66:N69) -> 56.7 | O65: 70000 | P65: Повышение доступности и качества первичной медико-санитарной помощи, создание комфортных условий для пациентов и персонала. | Q65: Минздрав Чувашии
G66: федеральный бюджет | H66: =SUM(I66:N66) -> 154 | I66: 0 | J66: 0 | K66: 0 | L66: 0 | M66: 97.9 | N66: 56.1
G67: республиканский бюджет Чувашской Республики | H67: =SUM(I67:N67) -> 1.6 | I67: 0 | J67: 0 | K67: 0 | L67: 0 | M67: 1 | N67: 0.6
G68: местный бюджет | H68: =SUM(I68:N68) -> 0 | I68: 0 | J68: 0 | K68: 0 | L68: 0 | M68: 0 | N68: 0
G69: внебюджетные источники | H69: =SUM(I69:N69) -> 0 | I69: 0 | J69: 0 | K69: 0 | L69: 0 | M69: 0 | N69: 0
A70: Капитальный ремонт поликлиники БУ «Центральная городская больница» Минздрава Чувашии (г. Чебоксары, пр-т Ленина, д. 47, блок Б) | B70: национальный проект «Продолжительная и активная жизнь», региональный проект Чувашской Республики «Модернизация первичного звена здравоохранения» | C70: городской округ город Чебоксары Чувашской Республики | D70: 2029–2030 | E70: 400 посещений в смену | F70: федеральный бюджет, республиканский бюджет Чувашской Республики, необходима ПСД | G70: объем финансирования, млн. рублей | H70: =SUM(H71:H74) -> 163.4 | I70: =SUM(I71:I74) -> 0 | J70: =SUM(J71:J74) -> 0 | K70: =SUM(K71:K74) -> 0 | L70: =SUM(L71:L74) -> 0 | M70: =SUM(M71:M74) -> 98.8 | N70: =SUM(N71:N74) -> 64.6 | O70: 70000 | P70: Повышение доступности и качества первичной медико-санитарной помощи, создание комфортных условий для пациентов и персонала. | Q70: Минздрав Чувашии
G71: федеральный бюджет | H71: =SUM(I71:N71) -> 161.8 | I71: 0 | J71: 0 | K71: 0 | L71: 0 | M71: 97.8 | N71: 64
G72: республиканский бюджет Чувашской Республики | H72: =SUM(I72:N72) -> 1.6 | I72: 0 | J72: 0 | K72: 0 | L72: 0 | M72: 1 | N72: 0.6
G73: местный бюджет | H73: =SUM(I73:N73) -> 0 | I73: 0 | J73: 0 | K73: 0 | L73: 0 | M73: 0 | N73: 0
G74: внебюджетные источники | H74: =SUM(I74:N74) -> 0 | I74: 0 | J74: 0 | K74: 0 | L74: 0 | M74: 0 | N74: 0
A75: Приобретение нежилого помещения в мкр. Солнечный г. Чебоксары для размещения женской консультации БУ "Городская клиническая больница N 1" Минздрава Чувашии | B75: - | C75: городской округ город Чебоксары Чувашской Республики | D75: 2025 | E75: 55 посещений в смену | F75: республиканский бюджет Чувашской Республики, ПСД имеется | G75: объем финансирования, млн. рублей | H75: =SUM(H76:H79) -> 27.1 | I75: =I76+I77+I78+I79 -> 27.1 | J75: =J76+J77+J78+J79 -> 0 | K75: =K76+K77+K78+K79 -> 0 | L75: =L76+L77+L78+L79 -> 0 | M75: =M76+M77+M78+M79 -> 0 | N75: =N76+N77+N78+N79 -> 0 | O75: 12000 | P75: ГП ЧР "Развитие здравоохранения" | Q75: Минздрав Чувашии
G76: федеральный бюджет | H76: =SUM(I76:N76) -> 0 | I76: 0 | J76: 0 | K76: 0 | L76: 0 | M76: 0 | N76: 0
G77: республиканский бюджет Чувашской Республики | H77: =SUM(I77:N77) -> 27.1 | I77: 27.1 | J77: 0 | K77: 0 | L77: 0 | M77: 0 | N77: 0
G78: местный бюджет | H78: =SUM(I78:N78) -> 0 | I78: 0 | J78: 0 | K78: 0 | L78: 0 | M78: 0 | N78: 0
G79: внебюджетные источники | H79: =SUM(I79:N79) -> 0 | I79: 0 | J79: 0 | K79: 0 | L79: 0 | M79: 0 | N79: 0
A80: Строительство поликлиники на 300 посещений в смену БУ «Республиканский кардиологический диспансер» Минздрава Чувашии | C80: городской округ город Чебоксары Чувашской Республики | D80: 2028-2030 | E80: 300 | G80: объем финансирования, млн. рублей | H80: =SUM(H81:H84) -> 1611.9 | I80: =I81+I82+I83+I84 -> 0 | J80: =J81+J82+J83+J84 -> 0 | K80: =K81+K82+K83+K84 -> 42.4 | L80: =L81+L82+L83+L84 -> 500 | M80: =M81+M82+M83+M84 -> 500 | N80: =N81+N82+N83+N84 -> 569.5 | O80: 12000 | P80: ГП ЧР "Развитие здравоохранения" | Q80: Минздрав Чувашии
G81: федеральный бюджет | H81: =SUM(I81:N81) -> 0 | I81: 0 | J81: 0 | K81: 0 | L81: 0 | M81: 0 | N81: 0
G82: республиканский бюджет Чувашской Республики | H82: =SUM(I82:N82) -> 1611.9 | I82: 0 | J82: 0 | K82: 42.4 | L82: 500 | M82: 500 | N82: 569.5
G83: местный бюджет | H83: =SUM(I83:N83) -> 0 | I83: 0 | J83: 0 | K83: 0 | L83: 0 | M83: 0 | N83: 0
G84: внебюджетные источники | H84: =SUM(I84:N84) -> 0 | I84: 0 | J84: 0 | K84: 0 | L84: 0 | M84: 0 | N84: 0
A85: ИТОГО по городскому округу: | G85: объем финансирования, млн. рублей | H85: =SUM(H5,H10,H15,H20,H25,H30,H35,H40,H45,H50,H55,H60,H65,H70,H75,H80) -> 5250.7 | I85: =SUM(I5,I10,I15,I20,I25,I30,I35,I40,I45,I50,I55,I60,I65,I70,I75,I80) -> 27.1 | J85: =SUM(J5,J10,J15,J20,J25,J30,J35,J40,J45,J50,J55,J60,J65,J70,J75,J80) -> 0 | K85: =SUM(K5,K10,K15,K20,K25,K30,K35,K40,K45,K50,K55,K60,K65,K70,K75,K80) -> 42.4 | L85: =SUM(L5,L10,L15,L20,L25,L30,L35,L40,L45,L50,L55,L60,L65,L70,L75,L80) -> 500 | M85: =SUM(M5,M10,M15,M20,M25,M30,M35,M40,M45,M50,M55,M60,M65,M70,M75,M80) -> 2290.9 | N85: =SUM(N5,N10,N15,N20,N25,N30,N35,N40,N45,N50,N55,N60,N65,N70,N75,N80) -> 2390.3 | O85: 377786
G86: федеральный бюджет | H86: =SUM(H6,H11,H16,H21,H26,H31,H36,H41,H46,H51,H56,H61,H66,H71,H76,H81) -> 3552.9 | I86: =SUM(I6,I11,I16,I21,I26,I31,I36,I41,I46,I51,I56,I61,I66,I71,I76,I81) -> 0 | J86: =SUM(J6,J11,J16,J21,J26,J31,J36,J41,J46,J51,J56,J61,J66,J71,J76,J81) -> 0 | K86: =SUM(K6,K11,K16,K21,K26,K31,K36,K41,K46,K51,K56,K61,K66,K71,K76,K81) -> 0 | L86: =SUM(L6,L11,L16,L21,L26,L31,L36,L41,L46,L51,L56,L61,L66,L71,L76,L81) -> 0 | M86: =SUM(M6,M11,M16,M21,M26,M31,M36,M41,M46,M51,M56,M61,M66,M71,M76,M81) -> 1772.9 | N86: =SUM(N6,N11,N16,N21,N26,N31,N36,N41,N46,N51,N56,N61,N66,N71,N76,N81) -> 1780
G87: республиканский бюджет Чувашской Республики | H87: =SUM(H7,H12,H17,H22,H27,H32,H37,H42,H47,H52,H57,H62,H67,H72,H77,H82) -> 1697.8 | I87: =SUM(I7,I12,I17,I22,I27,I32,I37,I42,I47,I52,I57,I62,I67,I72,I77,I82) -> 27.1 | J87: =SUM(J7,J12,J17,J22,J27,J32,J37,J42,J47,J52,J57,J62,J67,J72,J77,J82) -> 0 | K87: =SUM(K7,K12,K17,K22,K27,K32,K37,K42,K47,K52,K57,K62,K67,K72,K77,K82) -> 42.4 | L87: =SUM(L7,L12,L17,L22,L27,L32,L37,L42,L47,L52,L57,L62,L67,L72,L77,L82) -> 500 | M87: =SUM(M7,M12,M17,M22,M27,M32,M37,M42,M47,M52,M57,M62,M67,M72,M77,M82) -> 518 | N87: =SUM(N7,N12,N17,N22,N27,N32,N37,N42,N47,N52,N57,N62,N67,N72,N77,N82) -> 610.3
G88: местный бюджет | H88: =SUM(H8,H13,H18,H23,H28,H33,H38,H43,H48,H53,H58,H63,H68,H73,H78,H83) -> 0 | I88: =SUM(I8,I13,I18,I23,I28,I33,I38,I43,I48,I53,I58,I63,I68,I73,I78,I83) -> 0 | J88: =SUM(J8,J13,J18,J23,J28,J33,J38,J43,J48,J53,J58,J63,J68,J73,J78,J83) -> 0 | K88: =SUM(K8,K13,K18,K23,K28,K33,K38,K43,K48,K53,K58,K63,K68,K73,K78,K83) -> 0 | L88: =SUM(L8,L13,L18,L23,L28,L33,L38,L43,L48,L53,L58,L63,L68,L73,L78,L83) -> 0 | M88: =SUM(M8,M13,M18,M23,M28,M33,M38,M43,M48,M53,M58,M63,M68,M73,M78,M83) -> 0 | N88: =SUM(N8,N13,N18,N23,N28,N33,N38,N43,N48,N53,N58,N63,N68,N73,N78,N83) -> 0
G89: внебюджетные источники | H89: =SUM(H9,H14,H19,H24,H29,H34,H39,H44,H49,H54,H59,H64,H69,H74,H79,H84) -> 0 | I89: =SUM(I9,I14,I19,I24,I29,I34,I39,I44,I49,I54,I59,I64,I69,I74,I79,I84) -> 0 | J89: =SUM(J9,J14,J19,J24,J29,J34,J39,J44,J49,J54,J59,J64,J69,J74,J79,J84) -> 0 | K89: =SUM(K9,K14,K19,K24,K29,K34,K39,K44,K49,K54,K59,K64,K69,K74,K79,K84) -> 0 | L89: =SUM(L9,L14,L19,L24,L29,L34,L39,L44,L49,L54,L59,L64,L69,L74,L79,L84) -> 0 | M89: =SUM(M9,M14,M19,M24,M29,M34,M39,M44,M49,M54,M59,M64,M69,M74,M79,M84) -> 0 | N89: =SUM(N9,N14,N19,N24,N29,N34,N39,N44,N49,N54,N59,N64,N69,N74,N79,N84) -> 0
A90: городской округ город Новочебоксарск Чувашской Республики
A91: Капитальный ремонт поликлиники БУ «Новочебоксарская городская больница» Минздрава Чувашии (ул. Коммунистическая, 27, корп. 1) | B91: национальный проект «Продолжительная и активная жизнь», региональный проект Чувашской Республики «Модернизация первичного звена здравоохранения» | C91: городской округ город Новочебоксарск Чувашской Республики | D91: 2028–2030 | E91: 1000 посещений в смену | F91: ФБ+РБ Требуется разработка ПСД | G91: объем финансирования, млн. рублей | H91: =SUM(H92:H95) -> 535.5 | I91: =SUM(I92:I95) -> 0 | J91: =SUM(J92:J95) -> 0 | K91: =SUM(K92:K95) -> 0 | L91: =SUM(L92:L95) -> 161.5 | M91: =SUM(M92:M95) -> 181.1 | N91: =SUM(N92:N95) -> 192.9 | O91: 95440 | Q91: Минздрав Чувашии
G92: федеральный бюджет | H92: =SUM(I92:N92) -> 385.6 | I92: 0 | J92: 0 | K92: 0 | L92: 116.3 | M92: 130.4 | N92: 138.9
G93: республиканский бюджет Чувашской Республики | H93: =SUM(I93:N93) -> 149.9 | I93: 0 | J93: 0 | K93: 0 | L93: 45.2 | M93: 50.7 | N93: 54
G94: местный бюджет | H94: =SUM(I94:N94) -> 0 | I94: 0 | J94: 0 | K94: 0 | L94: 0 | M94: 0 | N94: 0
G95: внебюджетные источники | H95: =SUM(I95:N95) -> 0 | I95: 0 | J95: 0 | K95: 0 | L95: 0 | M95: 0 | N95: 0
A96: Капитальный ремонт поликлиники БУ «Новочебоксарская городская больница» Минздрава Чувашии (ул. Пионерская, д. 20, корп. 1) | B96: национальный проект «Продолжительная и активная жизнь», региональный проект Чувашской Республики «Модернизация первичного звена здравоохранения» | C96: городской округ город Новочебоксарск Чувашской Республики | D96: 2029–2030 | E96: 1220 посещений в смену | F96: ФБ+РБ Требуется разработка ПСД | G96: объем финансирования, млн. рублей | H96: =SUM(H97:H100) -> 383.8 | I96: =SUM(I97:I100) -> 0 | J96: =SUM(J97:J100) -> 0 | K96: =SUM(K97:K100) -> 0 | L96: =SUM(L97:L100) -> 0 | M96: =SUM(M97:M100) -> 212 | N96: =SUM(N97:N100) -> 171.8 | O96: 95440 | Q96: Минздрав Чувашии
G97: федеральный бюджет | H97: =SUM(I97:N97) -> 276.3 | I97: 0 | J97: 0 | K97: 0 | L97: 0 | M97: 152.6 | N97: 123.7
G98: республиканский бюджет Чувашской Республики | H98: =SUM(I98:N98) -> 107.5 | I98: 0 | J98: 0 | K98: 0 | L98: 0 | M98: 59.4 | N98: 48.1
G99: местный бюджет | H99: =SUM(I99:N99) -> 0 | I99: 0 | J99: 0 | K99: 0 | L99: 0 | M99: 0 | N99: 0
G100: внебюджетные источники | H100: =SUM(I100:N100) -> 0 | I100: 0 | J100: 0 | K100: 0 | L100: 0 | M100: 0 | N100: 0
...

Sheet Физическая культура и спорт
A1: Наименование | B1: Национальный проект, региональный проект | C1: Место реализации проекта | D1: Сроки реализации, годы | E1: Мощность | F1: Источник финансирования, наличие и необходимость ПСД | G1: Прогнозные объемы финансирования | O1: Число жителей, улучшивших условия в результате реализации, человек | P1: Основания для включения | Q1: Функциональный заказчик
G2: источник финансирования | H2: всего, в том числе | I2: 2025 | J2: 2026 | K2: 2027 | L2: 2028 | M2: 2029 | N2: 2030
A3: 1 | B3: 2 | C3: 3 | D3: 4 | E3: 5 | F3: 6 | G3: 7 | H3: 8 | I3: 9 | J3: 10 | K3: 11 | L3: 12 | M3: 13 | N3: 14 | O3: 15 | P3: 16 | Q3: 17
A4: Аликовский муниципальный округ Чувашской Республики
A5: Капитальный ремонт МАУДО «ДЮСШ «Хĕлхем» Аликовского района Чувашской Республики | B5: - | C5: Аликовский муниципальный округ Чувашской Республики | D5: 2026 | E5: - | F5: РБ+МБ, имеется необходимость ПСД | G5: объем финансирования, млн. рублей | H5: =SUM(H6:H9) -> 21.6 | I5: =SUM(I6:I9) -> 0 | J5: =SUM(J6:J9) -> 21.6 | K5: =SUM(K6:K9) -> 0 | L5: =SUM(L6:L9) -> 0 | M5: =SUM(M6:M9) -> 0 | N5: =SUM(N6:N9) -> 0 | O5: 13550 | Q5: Администрация Аликовского муниципального округа
G6: федеральный бюджет | H6: =SUM(I6:N6) -> 0 | I6: 0 | J6: 0 | K6: 0 | L6: 0 | M6: 0 | N6: 0
G7: республиканский бюджет Чувашской Республики | H7: =SUM(I7:N7) -> 20.5 | I7: 0 | J7: 20.5 | K7: 0 | L7: 0 | M7: 0 | N7: 0
G8: местный бюджет | H8: =SUM(I8:N8) -> 1.1 | I8: 0 | J8: 1.1 | K8: 0 | L8: 0 | M8: 0 | N8: 0
G9: внебюджетные источники | H9: =SUM(I9:N9) -> 0 | I9: 0 | J9: 0 | K9: 0 | L9: 0 | M9: 0 | N9: 0
A10: Строительство спортивного стадиона в с. Аликово Аликовского муниципального округа | B10: - | C10: Аликовский муниципальный округ Чувашской Республики | D10: 2026 | E10: - | F10: РБ+МБ, имеется необходимость ПСД | G10: объем финансирования, млн. рублей | H10: =SUM(H11:H14) -> 65 | I10: =SUM(I11:I14) -> 0 | J10: =SUM(J11:J14) -> 65 | K10: =SUM(K11:K14) -> 0 | L10: =SUM(L11:L14) -> 0 | M10: =SUM(M11:M14) -> 0 | N10: =SUM(N11:N14) -> 0 | O10: 13550 | Q10: Администрация Аликовского муниципального округа
G11: федеральный бюджет | H11: =SUM(I11:N11) -> 0 | I11: 0 | J11: 0 | K11: 0 | L11: 0 | M11: 0 | N11: 0
G12: республиканский бюджет Чувашской Республики | H12: =SUM(I12:N12) -> 61.8 | I12: 0 | J12: 61.8 | K12: 0 | L12: 0 | M12: 0 | N12: 0
G13: местный бюджет | H13: =SUM(I13:N13) -> 3.2 | I13: 0 | J13: 3.2 | K13: 0 | L13: 0 | M13: 0 | N13: 0
G14: внебюджетные источники | H14: =SUM(I14:N14) -> 0 | I14: 0 | J14: 0 | K14: 0 | L14: 0 | M14: 0 | N14: 0
A15: Строительство хоккейной коробки в с. Таутово и в с. Яндоба | B15: - | C15: Аликовский муниципальный округ Чувашской Республики | D15: 2027 | E15: - | F15: РБ+МБ, имеется необходимость ПСД | G15: объем финансирования, млн. рублей | H15: =SUM(H16:H19) -> 63 | I15: =SUM(I16:I19) -> 0 | J15: =SUM(J16:J19) -> 0 | K15: =SUM(K16:K19) -> 63 | L15: =SUM(L16:L19) -> 0 | M15: =SUM(M16:M19) -> 0 | N15: =SUM(N16:N19) -> 0 | Q15: Администрация Аликовского муниципального округа
G16: федеральный бюджет | H16: =SUM(I16:N16) -> 0 | I16: 0 | J16: 0 | K16: 0 | L16: 0 | M16: 0 | N16: 0
G17: республиканский бюджет Чувашской Республики | H17: =SUM(I17:N17) -> 59.9 | I17: 0 | J17: 0 | K17: 59.9 | L17: 0 | M17: 0 | N17: 0
G18: местный бюджет | H18: =SUM(I18:N18) -> 3.1 | I18: 0 | J18: 0 | K18: 3.1 | L18: 0 | M18: 0 | N18: 0
G19: внебюджетные источники | H19: =SUM(I19:N19) -> 0 | I19: 0 | J19: 0 | K19: 0 | L19: 0 | M19: 0 | N19: 0
A20: Создание модульного спортивного зала | B20: - | C20: Аликовский муниципальный округ Чувашской Республики | D20: 2030 | E20: - | F20: РБ+МБ, имеется необходимость ПСД | G20: объем финансирования, млн. рублей | H20: =SUM(H21:H24) -> 135.1 | I20: =SUM(I21:I24) -> 0 | J20: =SUM(J21:J24) -> 0 | K20: =SUM(K21:K24) -> 0 | L20: =SUM(L21:L24) -> 0 | M20: =SUM(M21:M24) -> 0 | N20: =SUM(N21:N24) -> 135.1 | Q20: Администрация Аликовского муниципального округа
G21: федеральный бюджет | H21: =SUM(I21:N21) -> 0 | I21: 0 | J21: 0 | K21: 0 | L21: 0 | M21: 0 | N21: 0
G22: республиканский бюджет Чувашской Республики | H22: =SUM(I22:N22) -> 128.3 | I22: 0 | J22: 0 | K22: 0 | L22: 0 | M22: 0 | N22: 128.3
G23: местный бюджет | H23: =SUM(I23:N23) -> 6.8 | I23: 0 | J23: 0 | K23: 0 | L23: 0 | M23: 0 | N23: 6.8
G24: внебюджетные источники | H24: =SUM(I24:N24) -> 0 | I24: 0 | J24: 0 | K24: 0 | L24: 0 | M24: 0 | N24: 0
A25: Создание крытого модульного футбольного манежа | B25: - | C25: Аликовский муниципальный округ Чувашской Республики | D25: 2030 | E25: - | F25: РБ+МБ, имеется необходимость ПСД | G25: объем финансирования, млн. рублей | H25: =SUM(H26:H29) -> 135 | I25: =SUM(I26:I29) -> 0 | J25: =SUM(J26:J29) -> 0 | K25: =SUM(K26:K29) -> 0 | L25: =SUM(L26:L29) -> 0 | M25: =SUM(M26:M29) -> 0 | N25: =SUM(N26:N29) -> 135 | Q25: Администрация Аликовского муниципального округа
G26: федеральный бюджет | H26: =SUM(I26:N26) -> 0 | I26: 0 | J26: 0 | K26: 0 | L26: 0 | M26: 0 | N26: 0
G27: республиканский бюджет Чувашской Республики | H27: =SUM(I27:N27) -> 128.3 | I27: 0 | J27: 0 | K27: 0 | L27: 0 | M27: 0 | N27: 128.3
G28: местный бюджет | H28: =SUM(I28:N28) -> 6.7 | I28: 0 | J28: 0 | K28: 0 | L28: 0 | M28: 0 | N28: 6.7
G29: внебюджетные источники | H29: =SUM(I29:N29) -> 0 | I29: 0 | J29: 0 | K29: 0 | L29: 0 | M29: 0 | N29: 0
A30: Капитальный ремонт спортивного зала по адресу с. Аликово, ул. Советская, д. 13 для МАУДО «СШ «Хелхем»« | B30: - | C30: Аликовский муниципальный округ Чувашской Республики | D30: 2030 | E30: - | F30: РБ+МБ, имеется необходимость ПСД | G30: объем финансирования, млн. рублей | H30: =SUM(H31:H34) -> 15 | I30: =SUM(I31:I34) -> 0 | J30: =SUM(J31:J34) -> 0 | K30: =SUM(K31:K34) -> 0 | L30: =SUM(L31:L34) -> 0 | M30: =SUM(M31:M34) -> 0 | N30: =SUM(N31:N34) -> 15 | Q30: Администрация Аликовского муниципального округа
G31: федеральный бюджет | H31: =SUM(I31:N31) -> 0 | I31: 0 | J31: 0 | K31: 0 | L31: 0 | M31: 0 | N31: 0
G32: республиканский бюджет Чувашской Республики | H32: =SUM(I32:N32) -> 0 | I32: 0 | J32: 0 | K32: 0 | L32: 0 | M32: 0 | N32: 0
G33: местный бюджет | H33: =SUM(I33:N33) -> 14.3 | I33: 0 | J33: 0 | K33: 0 | L33: 0 | M33: 0 | N33: 14.3
G34: внебюджетные источники | H34: =SUM(I34:N34) -> 0.7 | I34: 0 | J34: 0 | K34: 0 | L34: 0 | M34: 0 | N34: 0.7
A35: ИТОГО по муниципальному округу: | G35: объем финансирования, млн. рублей | H35: =SUM(H5,H10,H15,H20,H25,H30) -> 434.7 | I35: =SUM(I5,I10,I15,I20,I25,I30) -> 0 | J35: =SUM(J5,J10,J15,J20,J25,J30) -> 86.6 | K35: =SUM(K5,K10,K15,K20,K25,K30) -> 63 | L35: =SUM(L5,L10,L15,L20,L25,L30) -> 0 | M35: =SUM(M5,M10,M15,M20,M25,M30) -> 0 | N35: =SUM(N5,N10,N15,N20,N25,N30) -> 285.1
G36: федеральный бюджет | H36: =SUM(H6,H11,H16,H21,H26,H31) -> 0 | I36: =SUM(I6,I11,I16,I21,I26,I31) -> 0 | J36: =SUM(J6,J11,J16,J21,J26,J31) -> 0 | K36: =SUM(K6,K11,K16,K21,K26,K31) -> 0 | L36: =SUM(L6,L11,L16,L21,L26,L31) -> 0 | M36: =SUM(M6,M11,M16,M21,M26,M31) -> 0 | N36: =SUM(N6,N11,N16,N21,N26,N31) -> 0
G37: республиканский бюджет Чувашской Республики | H37: =SUM(H7,H12,H17,H22,H27,H32) -> 398.8 | I37: =SUM(I7,I12,I17,I22,I27,I32) -> 0 | J37: =SUM(J7,J12,J17,J22,J27,J32) -> 82.3 | K37: =SUM(K7,K12,K17,K22,K27,K32) -> 59.9 | L37: =SUM(L7,L12,L17,L22,L27,L32) -> 0 | M37: =SUM(M7,M12,M17,M22,M27,M32) -> 0 | N37: =SUM(N7,N12,N17,N22,N27,N32) -> 256.6
G38: местный бюджет | H38: =SUM(H8,H13,H18,H23,H28,H33) -> 35.2 | I38: =SUM(I8,I13,I18,I23,I28,I33) -> 0 | J38: =SUM(J8,J13,J18,J23,J28,J33) -> 4.3 | K38: =SUM(K8,K13,K18,K23,K28,K33) -> 3.1 | L38: =SUM(L8,L13,L18,L23,L28,L33) -> 0 | M38: =SUM(M8,M13,M18,M23,M28,M33) -> 0 | N38: =SUM(N8,N13,N18,N23,N28,N33) -> 27.8
G39: внебюджетные источники | H39: =SUM(H9,H14,H19,H24,H29,H34) -> 0.7 | I39: =SUM(I9,I14,I19,I24,I29,I34) -> 0 | J39: =SUM(J9,J14,J19,J24,J29,J34) -> 0 | K39: =SUM(K9,K14,K19,K24,K29,K34) -> 0 | L39: =SUM(L9,L14,L19,L24,L29,L34) -> 0 | M39: =SUM(M9,M14,M19,M24,M29,M34) -> 0 | N39: =SUM(N9,N14,N19,N24,N29,N34) -> 0.7
A40: Алатырский муниципальный округ Чувашской Республики
A41: Строительство модульной лыжной базы в п. Алтышево | B41: - | C41: Алатырский муниципальный округ Чувашской Республики | D41: 2027 | E41: - | F41: РБ+МБ, имеется необходимость ПСД | G41: объем финансирования, млн. рублей | H41: =SUM(H42:H45) -> 7.6 | I41: =SUM(I42:I45) -> 0 | J41: =SUM(J42:J45) -> 0 | K41: =SUM(K42:K45) -> 7.6 | L41: =SUM(L42:L45) -> 0 | M41: =SUM(M42:M45) -> 0 | N41: =SUM(N42:N45) -> 0 | Q41: Администация Алатырского муниципального округа
G42: федеральный бюджет | H42: =SUM(I42:N42) -> 0 | I42: 0 | J42: 0 | K42: 0 | L42: 0 | M42: 0 | N42: 0
G43: республиканский бюджет Чувашской Республики | H43: =SUM(I43:N43) -> 7.1 | I43: 0 | J43: 0 | K43: 7.1 | L43: 0 | M43: 0 | N43: 0
G44: местный бюджет | H44: =SUM(I44:N44) -> 0.5 | I44: 0 | J44: 0 | K44: 0.5 | L44: 0 | M44: 0 | N44: 0
G45: внебюджетные источники | H45: =SUM(I45:N45) -> 0 | I45: 0 | J45: 0 | K45: 0 | L45: 0 | M45: 0 | N45: 0
A46: Строительство универсальных спортивных площадок в с. Ахматово, с. Сойгино, п. Киря, п. Алтышево | B46: - | C46: Алатырский муниципальный округ Чувашской Республики | D46: 2028 | E46: - | F46: РБ+МБ, имеется необходимость ПСД | G46: объем финансирования, млн. рублей | H46: =SUM(H47:H50) -> 9.6 | I46: =SUM(I47:I50) -> 0 | J46: =SUM(J47:J50) -> 0 | K46: =SUM(K47:K50) -> 0 | L46: =SUM(L47:L50) -> 9.6 | M46: =SUM(M47:M50) -> 0 | N46: =SUM(N47:N50) -> 0 | Q46: Администация Алатырского муниципального округа
G47: федеральный бюджет | H47: =SUM(I47:N47) -> 0 | I47: 0 | J47: 0 | K47: 0 | L47: 0 | M47: 0 | N47: 0
G48: республиканский бюджет Чувашской Республики | H48: =SUM(I48:N48) -> 8.9 | I48: 0 | J48: 0 | K48: 0 | L48: 8.9 | M48: 0 | N48: 0
G49: местный бюджет | H49: =SUM(I49:N49) -> 0.7 | I49: 0 | J49: 0 | K49: 0 | L49: 0.7 | M49: 0 | N49: 0
G50: внебюджетные источники | H50: =SUM(I50:N50) -> 0 | I50: 0 | J50: 0 | K50: 0 | L50: 0 | M50: 0 | N50: 0
A51: Капитальный ремонт здания МБОУ ДО «Спортивная школа № 1 им. летчика-космо­навта А.Г. Нико­лаева» в г. Алатырь Чувашской Республики | B51: - | C51: Алатырский муниципальный округ Чувашской Республики | D51: 2025 | E51: 471 | F51: РБ, МБ, ПСД разработа, есть экспертиза | G51: объем финансирования, млн. рублей | H51: =SUM(H52:H55) -> 75.8 | I51: =SUM(I52:I55) -> 75.8 | J51: =SUM(J52:J55) -> 0 | K51: =SUM(K52:K55) -> 0 | L51: =SUM(L52:L55) -> 0 | M51: =SUM(M52:M55) -> 0 | N51: =SUM(N52:N55) -> 0 | P51: Наличие проекта в ДПР | Q51: Администация Алатырского муниципального округа
G52: федеральный бюджет | H52: =SUM(I52:N52) -> 0 | I52: 0 | J52: 0 | K52: 0 | L52: 0 | M52: 0 | N52: 0
G53: республиканский бюджет Чувашской Республики | H53: =SUM(I53:N53) -> 69 | I53: 69 | J53: 0 | K53: 0 | L53: 0 | M53: 0 | N53: 0
G54: местный бюджет | H54: =SUM(I54:N54) -> 6.8 | I54: 6.8 | J54: 0 | K54: 0 | L54: 0 | M54: 0 | N54: 0
G55: внебюджетные источники | H55: =SUM(I55:N55) -> 0 | I55: 0 | J55: 0 | K55: 0 | L55: 0 | M55: 0 | N55: 0
A56: Устройство плоскостных спортивных сооружений Спортивной школы № 1 имени летчика-космонавта А.Г. Николаева в городе Алатырь | B56: - | C56: Алатырский муниципальный округ Чувашской Республики | D56: 2026–2027 | E56: 490 | F56: РБ+МБ, имеется необходимость ПСД | G56: объем финансирования, млн. рублей | H56: =SUM(H57:H60) -> 200 | I56: =SUM(I57:I60) -> 0 | J56: =SUM(J57:J60) -> 60 | K56: =SUM(K57:K60) -> 140 | L56: =SUM(L57:L60) -> 0 | M56: =SUM(M57:M60) -> 0 | N56: =SUM(N57:N60) -> 0 | P56: Долгосрочный план социально-экономического развития Алатырской сельской агломерации | Q56: Администация Алатырского муниципального округа
G57: федеральный бюджет | H57: =SUM(I57:N57) -> 0 | I57: 0 | J57: 0 | K57: 0 | L57: 0 | M57: 0 | N57: 0
G58: республиканский бюджет Чувашской Республики | H58: =SUM(I58:N58) -> 186 | I58: 0 | J58: 55.8 | K58: 130.2 | L58: 0 | M58: 0 | N58: 0
G59: местный бюджет | H59: =SUM(I59:N59) -> 14 | I59: 0 | J59: 4.2 | K59: 9.8 | L59: 0 | M59: 0 | N59: 0
G60: внебюджетные источники | H60: =SUM(I60:N60) -> 0 | I60: 0 | J60: 0 | K60: 0 | L60: 0 | M60: 0 | N60: 0
A61: Капитальный ремонт здания АОУ ДО «Спортивная школа № 2» в г. Алатырь Чувашской Республики | B61: - | C61: Алатырский муниципальный округ Чувашской Республики | D61: 2027–2028 | E61: 468 | F61: РБ, МБ, необходима разработка ПСД | G61: объем финансирования, млн. рублей | H61: =SUM(H62:H65) -> 120 | I61: =SUM(I62:I65) -> 0 | J61: =SUM(J62:J65) -> 0 | K61: =SUM(K62:K65) -> 0 | L61: =SUM(L62:L65) -> 120 | M61: =SUM(M62:M65) -> 0 | N61: =SUM(N62:N65) -> 0 | P61: Долгосрочный план социально-экономического развития Алатырской сельской агломерации | Q61: Администация Алатырского муниципального округа
G62: федеральный бюджет | H62: =SUM(I62:N62) -> 0 | I62: 0 | J62: 0 | K62: 0 | L62: 0 | M62: 0 | N62: 0
G63: республиканский бюджет Чувашской Республики | H63: =SUM(I63:N63) -> 111.6 | I63: 0 | J63: 0 | K63: 0 | L63: 111.6 | M63: 0 | N63: 0
G64: местный бюджет | H64: =SUM(I64:N64) -> 8.4 | I64: 0 | J64: 0 | K64: 0 | L64: 8.4 | M64: 0 | N64: 0
G65: внебюджетные источники | H65: =SUM(I65:N65) -> 0 | I65: 0 | J65: 0 | K65: 0 | L65: 0 | M65: 0 | N65: 0
A66: Капитальный ремонт спортивного зала «Луч» МБОУ ДО «Спортивная школа № 1 имени летчика-космо­навта А.Г. Николаева» | B66: - | C66: Алатырский муниципальный округ Чувашской Республики | D66: 2028–2029 | E66: 471 | F66: РБ, МБ, необходима разработка ПСД | G66: объем финансирования, млн. рублей | H66: =SUM(H67:H70) -> 40 | I66: =SUM(I67:I70) -> 0 | J66: =SUM(J67:J70) -> 0 | K66: =SUM(K67:K70) -> 0 | L66: =SUM(L67:L70) -> 0 | M66: =SUM(M67:M70) -> 40 | N66: =SUM(N67:N70) -> 0 | P66: Долгосрочный план социально-экономического развития Алатырской сельской агломерации | Q66: Администация Алатырского муниципального округа
G67: федеральный бюджет | H67: =SUM(I67:N67) -> 0 | I67: 0 | J67: 0 | K67: 0 | L67: 0 | M67: 0 | N67: 0
G68: республиканский бюджет Чувашской Республики | H68: =SUM(I68:N68) -> 37.2 | I68: 0 | J68: 0 | K68: 0 | L68: 0 | M68: 37.2 | N68: 0
G69: местный бюджет | H69: =SUM(I69:N69) -> 2.8 | I69: 0 | J69: 0 | K69: 0 | L69: 0 | M69: 2.8 | N69: 0
G70: внебюджетные источники | H70: =SUM(I70:N70) -> 0 | I70: 0 | J70: 0 | K70: 0 | L70: 0 | M70: 0 | N70: 0
A71: ИТОГО по муниципальному округу: | G71: объем финансирования, млн. рублей | H71: =SUM(H41,H46,H51,H56,H61,H66) -> 453 | I71: =SUM(I41,I46,I51,I56,I61,I66) -> 75.8 | J71: =SUM(J41,J46,J51,J56,J61,J66) -> 60 | K71: =SUM(K41,K46,K51,K56,K61,K66) -> 147.6 | L71: =SUM(L41,L46,L51,L56,L61,L66) -> 129.6 | M71: =SUM(M41,M46,M51,M56,M61,M66) -> 40 | N71: =SUM(N41,N46,N51,N56,N61,N66) -> 0
G72: федеральный бюджет | H72: =SUM(H42,H47,H52,H57,H62,H67) -> 0 | I72: =SUM(I42,I47,I52,I57,I62,I67) -> 0 | J72: =SUM(J42,J47,J52,J57,J62,J67) -> 0 | K72: =SUM(K42,K47,K52,K57,K62,K67) -> 0 | L72: =SUM(L42,L47,L52,L57,L62,L67) -> 0 | M72: =SUM(M42,M47,M52,M57,M62,M67) -> 0 | N72: =SUM(N42,N47,N52,N57,N62,N67) -> 0
G73: республиканский бюджет Чувашской Республики | H73: =SUM(H43,H48,H53,H58,H63,H68) -> 419.8 | I73: =SUM(I43,I48,I53,I58,I63,I68) -> 69 | J73: =SUM(J43,J48,J53,J58,J63,J68) -> 55.8 | K73: =SUM(K43,K48,K53,K58,K63,K68) -> 137.3 | L73: =SUM(L43,L48,L53,L58,L63,L68) -> 120.5 | M73: =SUM(M43,M48,M53,M58,M63,M68) -> 37.2 | N73: =SUM(N43,N48,N53,N58,N63,N68) -> 0
G74: местный бюджет | H74: =SUM(H44,H49,H54,H59,H64,H69) -> 33.2 | I74: =SUM(I44,I49,I54,I59,I64,I69) -> 6.8 | J74: =SUM(J44,J49,J54,J59,J64,J69) -> 4.2 | K74: =SUM(K44,K49,K54,K59,K64,K69) -> 10.3 | L74: =SUM(L44,L49,L54,L59,L64,L69) -> 9.1 | M74: =SUM(M44,M49,M54,M59,M64,M69) -> 2.8 | N74: =SUM(N44,N49,N54,N59,N64,N69) -> 0
G75: внебюджетные источники | H75: =SUM(H45,H50,H55,H60,H65,H70) -> 0 | I75: =SUM(I45,I50,I55,I60,I65,I70) -> 0 | J75: =SUM(J45,J50,J55,J60,J65,J70) -> 0 | K75: =SUM(K45,K50,K55,K60,K65,K70) -> 0 | L75: =SUM(L45,L50,L55,L60,L65,L70) -> 0 | M75: =SUM(M45,M50,M55,M60,M65,M70) -> 0 | N75: =SUM(N45,N50,N55,N60,N65,N70) -> 0
A76: Батыревский муниципальный округ Чувашской Республики
A77: Строительство физкультурно-оздоровительного комплекса в с. Шыгырдан Батыревского муниципального округа | C77: Батыревский муниципальный округ Чувашской Республики | D77: 2025–2026 | F77: РБ+МБ, ПСД имеется | G77: объем финансирования, млн. рублей | H77: =SUM(H78:H81) -> 236.6 | I77: =SUM(I78:I81) -> 71 | J77: =SUM(J78:J81) -> 165.6 | K77: =SUM(K78:K81) -> 0 | L77: =SUM(L78:L81) -> 0 | M77: =SUM(M78:M81) -> 0 | N77: =SUM(N78:N81) -> 0 | O77: 4000 | Q77: Администрация Батыревского муниципального округа
G78: федеральный бюджет | H78: =SUM(I78:N78) -> 0 | I78: 0 | J78: 0 | K78: 0 | L78: 0 | M78: 0 | N78: 0
G79: республиканский бюджет Чувашской Республики | H79: =SUM(I79:N79) -> 236.6 | I79: 71 | J79: 165.6 | K79: 0 | L79: 0 | M79: 0 | N79: 0
G80: местный бюджет | H80: =SUM(I80:N80) -> 0 | I80: 0 | J80: 0 | K80: 0 | L80: 0 | M80: 0 | N80: 0
G81: внебюджетные источники | H81: =SUM(I81:N81) -> 0 | I81: 0 | J81: 0 | K81: 0 | L81: 0 | M81: 0 | N81: 0
A82: Создание модульного спортивного зала | C82: Батыревский муниципальный округ Чувашской Республики | D82: 2026 | F82: РБ+МБ, имеется необходимость ПСД | G82: объем финансирования, млн. рублей | H82: =SUM(H83:H86) -> 134.2 | I82: =SUM(I83:I86) -> 0 | J82: =SUM(J83:J86) -> 134.2 | K82: =SUM(K83:K86) -> 0 | L82: =SUM(L83:L86) -> 0 | M82: =SUM(M83:M86) -> 0 | N82: =SUM(N83:N86) -> 0 | Q82: Администрация Батыревского муниципального округа
G83: федеральный бюджет | H83: =SUM(I83:N83) -> 0 | I83: 0 | J83: 0 | K83: 0 | L83: 0 | M83: 0 | N83: 0
G84: республиканский бюджет Чувашской Республики | H84: =SUM(I84:N84) -> 126.1 | I84: 0 | J84: 126.1 | K84: 0 | L84: 0 | M84: 0 | N84: 0
G85: местный бюджет | H85: =SUM(I85:N85) -> 8.1 | I85: 0 | J85: 8.1 | K85: 0 | L85: 0 | M85: 0 | N85: 0
G86: внебюджетные источники | H86: =SUM(I86:N86) -> 0 | I86: 0 | J86: 0 | K86: 0 | L86: 0 | M86: 0 | N86: 0
A87: Создание крытого модульного футбольного манежа | C87: Батыревский муниципальный округ Чувашской Республики | D87: 2026 | F87: РБ+МБ, имеется необходимость ПСД | G87: объем финансирования, млн. рублей | H87: =SUM(H88:H91) -> 135 | I87: =SUM(I88:I91) -> 0 | J87: =SUM(J88:J91) -> 135 | K87: =SUM(K88:K91) -> 0 | L87: =SUM(L88:L91) -> 0 | M87: =SUM(M88:M91) -> 0 | N87: =SUM(N88:N91) -> 0 | Q87: Администрация Батыревского муниципального округа
G88: федеральный бюджет | H88: =SUM(I88:N88) -> 0 | I88: 0 | J88: 0 | K88: 0 | L88: 0 | M88: 0 | N88: 0
G89: республиканский бюджет Чувашской Республики | H89: =SUM(I89:N89) -> 126.9 | I89: 0 | J89: 126.9 | K89: 0 | L89: 0 | M89: 0 | N89: 0
G90: местный бюджет | H90: =SUM(I90:N90) -> 8.1 | I90: 0 | J90: 8.1 | K90: 0 | L90: 0 | M90: 0 | N90: 0
G91: внебюджетные источники | H91: =SUM(I91:N91) -> 0 | I91: 0 | J91: 0 | K91: 0 | L91: 0 | M91: 0 | N91: 0
A92: Капитальный ремонт здания стадиона «Олимп» | C92: Батыревский муниципальный округ Чувашской Республики | D92: 2027–2028 | F92: РБ+МБ, имеется необходимость ПСД | G92: объем финансирования, млн. рублей | H92: =SUM(H93:H96) -> 30 | I92: =SUM(I93:I96) -> 0 | J92: =SUM(J93:J96) -> 0 | K92: =SUM(K93:K96) -> 0 | L92: =SUM(L93:L96) -> 30 | M92: =SUM(M93:M96) -> 0 | N92: =SUM(N93:N96) -> 0 | O92: 2500 | Q92: Администрация Батыревского муниципального округа
G93: федеральный бюджет | H93: =SUM(I93:N93) -> 0 | I93: 0 | J93: 0 | K93: 0 | L93: 0 | M93: 0 | N93: 0
G94: республиканский бюджет Чувашской Республики | H94: =SUM(I94:N94) -> 28.2 | I94: 0 | J94: 0 | K94: 0 | L94: 28.2 | M94: 0 | N94: 0
G95: местный бюджет | H95: =SUM(I95:N95) -> 1.8 | I95: 0 | J95: 0 | K95: 0 | L95: 1.8 | M95: 0 | N95: 0
G96: внебюджетные источники | H96: =SUM(I96:N96) -> 0 | I96: 0 | J96: 0 | K96: 0 | L96: 0 | M96: 0 | N96: 0
A97: Строительство крытого футбольного поля для МАУДО «Спортивная школа «Паттар» | C97: Батыревский муниципальный округ Чувашской Республики | D97: 2029–2030 | F97: РБ+МБ, имеется необходимость ПСД | G97: объем финансирования, млн. рублей | H97: =SUM(H98:H101) -> 60 | I97: =SUM(I98:I101) -> 0 | J97: =SUM(J98:J101) -> 0 | K97: =SUM(K98:K101) -> 0 | L97: =SUM(L98:L101) -> 0 | M97: =SUM(M98:M101) -> 0 | N97: =SUM(N98:N101) -> 60 | O97: 1200 | Q97: Администрация Батыревского муниципального округа
G98: федеральный бюджет | H98: =SUM(I98:N98) -> 0 | I98: 0 | J98: 0 | K98: 0 | L98: 0 | M98: 0 | N98: 0
G99: республиканский бюджет Чувашской Республики | H99: =SUM(I99:N99) -> 56.4 | I99: 0 | J99: 0 | K99: 0 | L99: 0 | M99: 0 | N99: 56.4
G100: местный бюджет | H100: =SUM(I100:N100) -> 3.6 | I100: 0 | J100: 0 | K100: 0 | L100: 0 | M100: 0 | N100: 3.6
...

Sheet Образование
A1: Наименование | B1: Национальный проект, региональный проект | C1: Место реализации проекта | D1: Сроки реализации, годы | E1: Мощность | F1: Источник финансирования, наличие и необходимость ПСД | G1: Прогнозные объемы финансирования | O1: Число жителей, улучшивших условия в результате реализации, человек | P1: Основания для включения | Q1: Функциональный заказчик
G2: источник финансирования | H2: всего, в том числе | I2: 2025 | J2: 2026 | K2: 2027 | L2: 2028 | M2: 2029 | N2: 2030
A3: 1 | B3: 2 | C3: 3 | D3: 4 | E3: 5 | F3: 6 | G3: 7 | H3: 8 | I3: 9 | J3: 10 | K3: 11 | L3: 12 | M3: 13 | N3: 14 | O3: 15 | P3: 16 | Q3: 17
A4: городской округ город Чебоксары Чувашской Республики
A5: Строительство объекта «Средняя общеобразовательная школа на 1400 мест в микрорайоне «Солнечный», г. Чебоксары Чувашской Республики» | B5: НП "Молодежь и дети" | C5: городской округ город Чебоксары Чувашской Республики | D5: 2025 | E5: - | F5: Федеральный бюджет, республиканский бюджет Чувашской Республики | G5: объем финансирования, млн. рублей | H5: =SUM(H6:H9) -> 1.1 | I5: =SUM(I6:I9) -> 1.1 | J5: =SUM(J6:J9) -> 0 | K5: =SUM(K6:K9) -> 0 | L5: =SUM(L6:L9) -> 0 | M5: =SUM(M6:M9) -> 0 | N5: =SUM(N6:N9) -> 0 | O5: 1400 | P5: Улучшение доступности школьного образования | Q5: Администрация города Чебоксары
G6: федеральный бюджет | H6: =SUM(I6:N6) -> 1 | I6: 1 | J6: 0 | K6: 0 | L6: 0 | M6: 0 | N6: 0
G7: республиканский бюджет Чувашской Республики | H7: =SUM(I7:N7) -> 0.1 | I7: 0.1 | J7: 0 | K7: 0 | L7: 0 | M7: 0 | N7: 0
G8: местный бюджет | H8: =SUM(I8:N8) -> 0 | I8: 0 | J8: 0 | K8: 0 | L8: 0 | M8: 0 | N8: 0
G9: внебюджетные источники | H9: =SUM(I9:N9) -> 0 | I9: 0 | J9: 0 | K9: 0 | L9: 0 | M9: 0 | N9: 0
A10: Школа на 1500 мест в микрорайоне "Университетский-2" СЗР г. Чебоксары | B10: НП "Молодежь и дети" | C10: городской округ город Чебоксары Чувашской Республики | D10: 2023-2025 | E10: - | F10: республиканский бюджет Чувашской Республики, ПСД есть | G10: объем финансирования, млн. рублей | H10: =SUM(H11:H14) -> 307.5 | I10: =SUM(I11:I14) -> 307.5 | J10: =SUM(J11:J14) -> 0 | K10: =SUM(K11:K14) -> 0 | L10: =SUM(L11:L14) -> 0 | M10: =SUM(M11:M14) -> 0 | N10: =SUM(N11:N14) -> 0 | O10: 1500 | P10: Улучшение доступности школьного образования | Q10: Администрация города Чебоксары
G11: федеральный бюджет | H11: =SUM(I11:N11) -> 0 | I11: =SUM(J11:O11) -> 0 | J11: =SUM(K11:P11) -> 0 | K11: =SUM(L11:Q11) -> 0 | L11: =SUM(M11:R11) -> 0 | M11: =SUM(N11:S11) -> 0 | N11: =SUM(O11:T11) -> 0
G12: республиканский бюджет Чувашской Республики | H12: =SUM(I12:N12) -> 307.5 | I12: 307.5 | J12: =SUM(K12:P12) -> 0 | K12: =SUM(L12:Q12) -> 0 | L12: =SUM(M12:R12) -> 0 | M12: =SUM(N12:S12) -> 0 | N12: =SUM(O12:T12) -> 0
G13: местный бюджет | H13: =SUM(I13:N13) -> 0 | I13: =SUM(J13:O13) -> 0 | J13: =SUM(K13:P13) -> 0 | K13: =SUM(L13:Q13) -> 0 | L13: =SUM(M13:R13) -> 0 | M13: =SUM(N13:S13) -> 0 | N13: =SUM(O13:T13) -> 0
G14: внебюджетные источники | H14: =SUM(I14:N14) -> 0 | I14: =SUM(J14:O14) -> 0 | J14: =SUM(K14:P14) -> 0 | K14: =SUM(L14:Q14) -> 0 | L14: =SUM(M14:R14) -> 0 | M14: =SUM(N14:S14) -> 0 | N14: =SUM(O14:T14) -> 0
A15: Реконструкция объекта незавершенного строительства под учебно-производственный комплекс Чебоксарского техникума строительства и городского хозяйства, по адресу: г. Чебоксары, ул. Ильбекова, д. 6 | B15: НП "Молодежь и дети" | C15: городской округ город Чебоксары Чувашской Республики | D15: 2027 | E15: - | F15: Республиканский бюджет Чувашской Республики | G15: объем финансирования, млн. рублей | H15: =SUM(H16:H19) -> 14.5 | I15: =SUM(I16:I19) -> 0 | J15: =SUM(J16:J19) -> 0 | K15: =SUM(K16:K19) -> 14.5 | L15: =SUM(L16:L19) -> 0 | M15: =SUM(M16:M19) -> 0 | N15: =SUM(N16:N19) -> 0 | O15: 2500 | P15: Создание современных учебных и производственных площадей для студентов строительных специальностей | Q15: Администрация города Чебоксары
G16: федеральный бюджет | H16: =SUM(I16:N16) -> 0 | I16: 0 | J16: 0 | K16: 0 | L16: 0 | M16: 0 | N16: 0
G17: республиканский бюджет Чувашской Республики | H17: =SUM(I17:N17) -> 14.5 | I17: 0 | J17: 0 | K17: 14.5 | L17: 0 | M17: 0 | N17: 0
G18: местный бюджет | H18: =SUM(I18:N18) -> 0 | I18: 0 | J18: 0 | K18: 0 | L18: 0 | M18: 0 | N18: 0
G19: внебюджетные источники | H19: =SUM(I19:N19) -> 0 | I19: 0 | J19: 0 | K19: 0 | L19: 0 | M19: 0 | N19: 0
A20: Средняя общеобразовательная школа на 1400 ученических мест поз. 2.35 в микрорайоне № 2 жилого района «Новый город» города Чебоксары Чувашской Республики | B20: НП "Молодежь и дети" | C20: городской округ город Чебоксары Чувашской Республики | D20: 2025–2027 | E20: - | F20: Федеральный бюджет, республиканский бюджет Чувашской Республики | G20: объем финансирования, млн. рублей | H20: =SUM(H21:H24) -> 2243.2946 | I20: =SUM(I21:I24) -> 303.8 | J20: =SUM(J21:J24) -> 722.519 | K20: =SUM(K21:K24) -> 1216.9756 | L20: =SUM(L21:L24) -> 0 | M20: =SUM(M21:M24) -> 0 | N20: =SUM(N21:N24) -> 0 | O20: 1400 | P20: Улучшение доступности школьного образования | Q20: Администрация города Чебоксары
G21: федеральный бюджет | H21: =SUM(I21:N21) -> 1570.1071 | I21: 293.3 | J21: 631.719 | K21: 645.0881 | L21: 0 | M21: 0 | N21: 0
G22: республиканский бюджет Чувашской Республики | H22: =SUM(I22:N22) -> 673.1875 | I22: 10.5 | J22: 90.8 | K22: 571.8875 | L22: 0 | M22: 0 | N22: 0
G23: местный бюджет | H23: =SUM(I23:N23) -> 0 | I23: 0 | J23: 0 | K23: 0 | L23: 0 | M23: 0 | N23: 0
G24: внебюджетные источники | H24: =SUM(I24:N24) -> 0 | I24: 0 | J24: 0 | K24: 0 | L24: 0 | M24: 0 | N24: 0
A25: Общеобразовательная школа на 825 мест в микрорайоне «Акварель», ограниченном жилыми домами по ул. Академика Королева, улицей Гражданская, ул. Дементьева г. Чебоксары | B25: НП «Инфраструктура для жизни» | C25: городской округ город Чебоксары Чувашской Республики | D25: 2026–2028 | E25: - | F25: федеральный бюджет, республиканский бюджет Чувашской Республики, муниципальный бюджет города Чебоксары | G25: объем финансирования, млн. рублей | H25: =SUM(H26:H29) -> 1688.3 | I25: =SUM(I26:I29) -> 0 | J25: =SUM(J26:J29) -> 552.1 | K25: =SUM(K26:K29) -> 735.4 | L25: =SUM(L26:L29) -> 400.8 | M25: =SUM(M26:M29) -> 0 | N25: =SUM(N26:N29) -> 0 | O25: 3700 | P25: Улучшение доступности школьного образования | Q25: Администрация города Чебоксары
G26: федеральный бюджет | H26: =SUM(I26:N26) -> 1671.4 | I26: 0 | J26: 546.6 | K26: 728 | L26: 396.8 | M26: 0 | N26: 0
G27: республиканский бюджет | H27: =SUM(I27:N27) -> 13.5 | I27: 0 | J27: 4.4 | K27: 5.9 | L27: 3.2 | M27: 0 | N27: 0
G28: местный бюджет | H28: =SUM(I28:N28) -> 3.4 | I28: 0 | J28: 1.1 | K28: 1.5 | L28: 0.8 | M28: 0 | N28: 0
G29: внебюджетные источники | H29: =SUM(I29:N29) -> 0 | I29: 0 | J29: 0 | K29: 0 | L29: 0 | M29: 0 | N29: 0
A30: Средняя общеобразовательная школа на 1100 мест в 14 микрорайоне НЮР, г. Чебоксары | B30: НП "Молодежь и дети" | C30: городской округ город Чебоксары Чувашской Республики | D30: 2026 | E30: - | F30: Республиканский бюджет Чувашской Республики | G30: объем финансирования, млн. рублей | H30: =SUM(H31:H34) -> 26 | I30: =SUM(I31:I34) -> 0 | J30: =SUM(J31:J34) -> 26 | K30: =SUM(K31:K34) -> 0 | L30: =SUM(L31:L34) -> 0 | M30: =SUM(M31:M34) -> 0 | N30: =SUM(N31:N34) -> 0 | O30: 1100 | P30: Улучшение доступности школьного образования | Q30: Администрация города Чебоксары
G31: федеральный бюджет | H31: =SUM(I31:N31) -> 0 | I31: 0 | J31: 0 | K31: 0 | L31: 0 | M31: 0 | N31: 0
G32: республиканский бюджет Чувашской Республики | H32: =SUM(I32:N32) -> 26 | I32: 0 | J32: 26 | K32: 0 | L32: 0 | M32: 0 | N32: 0
G33: местный бюджет | H33: =SUM(I33:N33) -> 0 | I33: 0 | J33: 0 | K33: 0 | L33: 0 | M33: 0 | N33: 0
G34: внебюджетные источники | H34: =SUM(I34:N34) -> 0 | I34: 0 | J34: 0 | K34: 0 | L34: 0 | M34: 0 | N34: 0
A35: Реконструкция объекта незавершенного строительства под учебно-производственный комплекс Чебоксарского техникума строительства и городского хозяйства, по адресу: г. Чебоксары, ул. Ильбекова, д. 6 | B35: НП "Молодежь и дети" | C35: городской округ город Чебоксары Чувашской Республики | D35: 2025–2027 | E35: - | F35: Республиканский бюджет Чувашской Республики | G35: объем финансирования, млн. рублей | H35: =SUM(H36:H39) -> 286.9 | I35: =SUM(I36:I39) -> 0 | J35: =SUM(J36:J39) -> 119.2 | K35: =SUM(K36:K39) -> 167.7 | L35: =SUM(L36:L39) -> 0 | M35: =SUM(M36:M39) -> 0 | N35: =SUM(N36:N39) -> 0 | O35: 2500 | P35: Создание современных учебных и производственных площадей для студентов строительных специальностей | Q35: Администрация города Чебоксары
G36: федеральный бюджет | H36: =SUM(I36:N36) -> 0 | I36: 0 | J36: 0 | K36: 0 | L36: 0 | M36: 0 | N36: 0
G37: республиканский бюджет Чувашской Республики | H37: =SUM(I37:N37) -> 286.9 | I37: 0 | J37: 119.2 | K37: 167.7 | L37: 0 | M37: 0 | N37: 0
G38: местный бюджет | H38: =SUM(I38:N38) -> 0 | I38: 0 | J38: 0 | K38: 0 | L38: 0 | M38: 0 | N38: 0
G39: внебюджетные источники | H39: =SUM(I39:N39) -> 0 | I39: 0 | J39: 0 | K39: 0 | L39: 0 | M39: 0 | N39: 0
A40: Детское дошкольное учреждение на 340 мест поз. 5.14 в микрорайоне № 5 жилого района «Новый город» г. Чебоксары | B40: НП «Инфраструктура для жизни» | C40: городской округ город Чебоксары Чувашской Республики | D40: 2025-2026 | E40: - | F40: Республиканский бюджет Чувашской Республики | G40: объем финансирования, млн. рублей | H40: =SUM(H41:H44) -> 297.1 | I40: =SUM(I41:I44) -> 2.5 | J40: =SUM(J41:J44) -> 294.6 | K40: =SUM(K41:K44) -> 0 | L40: =SUM(L41:L44) -> 0 | M40: =SUM(M41:M44) -> 0 | N40: =SUM(N41:N44) -> 0 | O40: 340 | P40: Решение проблемы наличия мест в ДОУ в шаговой доступности | Q40: Администрация города Чебоксары
G41: федеральный бюджет | H41: =SUM(I41:N41) -> 0 | I41: 0 | J41: 0 | K41: 0 | L41: 0 | M41: 0 | N41: 0
G42: республиканский бюджет Чувашской Республики | H42: =SUM(I42:N42) -> 297.1 | I42: 2.5 | J42: 294.6 | K42: 0 | L42: 0 | M42: 0 | N42: 0
G43: местный бюджет | H43: =SUM(I43:N43) -> 0 | I43: 0 | J43: 0 | K43: 0 | L43: 0 | M43: 0 | N43: 0
G44: внебюджетные источники | H44: =SUM(I44:N44) -> 0 | I44: 0 | J44: 0 | K44: 0 | L44: 0 | M44: 0 | N44: 0
A45: Детский сад на 180 мест поз.3.10 с отдельностоящей котельной в микрорайоне №3 жилого района "Новый город" г. Чебоксары | B45: НП «Инфраструктура для жизни» | C45: городской округ город Чебоксары Чувашской Республики | D45: 2026 | E45: - | F45: Республиканский бюджет Чувашской Республики | G45: объем финансирования, млн. рублей | H45: =SUM(H46:H49) -> 478.2 | I45: =SUM(I46:I49) -> 0 | J45: =SUM(J46:J49) -> 478.2 | K45: =SUM(K46:K49) -> 0 | L45: =SUM(L46:L49) -> 0 | M45: =SUM(M46:M49) -> 0 | N45: =SUM(N46:N49) -> 0 | O45: 180 | P45: Решение проблемы наличия мест в ДОУ в шаговой доступности | Q45: Администрация города Чебоксары
G46: федеральный бюджет | H46: =SUM(I46:N46) -> 0 | I46: 0 | J46: 0 | K46: 0 | L46: 0 | M46: 0 | N46: 0
G47: республиканский бюджет Чувашской Республики | H47: =SUM(I47:N47) -> 478.2 | I47: 0 | J47: 478.2 | K47: 0 | L47: 0 | M47: 0 | N47: 0
G48: местный бюджет | H48: =SUM(I48:N48) -> 0 | I48: 0 | J48: 0 | K48: 0 | L48: 0 | M48: 0 | N48: 0
G49: внебюджетные источники | H49: =SUM(I49:N49) -> 0 | I49: 0 | J49: 0 | K49: 0 | L49: 0 | M49: 0 | N49: 0
A50: Модернизация пищеблоков в дошкольных образовательных организациях города Чебоксары | B50: НП "Молодежь и дети" | C50: городской округ город Чебоксары Чувашской Республики | D50: 2029-2030 | E50: - | F50: республиканский бюджет Чувашской Республики, местный бюджет, имеется необходимость ПСД, разработку ПСД необходимо выполнить в 2028 году | G50: Объем финансирования, млн. руб. | H50: =SUM(H51:H54) -> 455 | I50: =SUM(I51:I54) -> 0 | J50: =SUM(J51:J54) -> 0 | K50: =SUM(K51:K54) -> 0 | L50: =SUM(L51:L54) -> 0 | M50: =SUM(M51:M54) -> 126 | N50: =SUM(N51:N54) -> 329 | O50: 12000 | P50: Увеличение доли государственных (муниципальных) в дошкольных образовательных организациях , соответствующих современным требованиям обучения, в общем количестве государственных (муниципальных) в дошкольных образовательных организациях | Q50: Администрация города Чебоксары
G51: федеральный бюджет | H51: =SUM(I51:N51) -> 0 | I51: 0 | J51: 0 | K51: 0 | L51: 0 | M51: 0 | N51: 0
G52: республиканский бюджет Чувашской Республики | H52: =SUM(I52:N52) -> 365 | I52: 0 | J52: 0 | K52: 0 | L52: 0 | M52: 100.8 | N52: 264.2
G53: местный бюджет | H53: =SUM(I53:N53) -> 90 | I53: 0 | J53: 0 | K53: 0 | L53: 0 | M53: 25.2 | N53: 64.8
G54: внебюджетные источники | H54: =SUM(I54:N54) -> 0 | I54: 0 | J54: 0 | K54: 0 | L54: 0 | M54: 0 | N54: 0
A55: Проведение работ в целях обеспечения противопожарной безопасности (установка АПС) в дошкольных образовательных организациях города Чебоксары | B55: НП "Молодежь и дети" | C55: городской округ город Чебоксары Чувашской Республики | D55: 2029-2030 | E55: - | F55: республиканский бюджет Чувашской Республики, местный бюджет, имеется необходимость ПСД, разработку ПСД необходимо выполнить в 2028 году | G55: Объем финансирования, млн. руб. | H55: =SUM(H56:H59) -> 300 | I55: =SUM(I56:I59) -> 0 | J55: =SUM(J56:J59) -> 0 | K55: =SUM(K56:K59) -> 0 | L55: =SUM(L56:L59) -> 0 | M55: =SUM(M56:M59) -> 75 | N55: =SUM(N56:N59) -> 225 | O55: 12000 | P55: Увеличение доли государственных (муниципальных) общеобразовательных организаций, соответствующих современным требованиям обучения, в общем количестве государственных (муниципальных) общеобразовательных организаций | Q55: Администрация города Чебоксары
G56: федеральный бюджет | H56: =SUM(I56:N56) -> 0 | I56: 0 | J56: 0 | K56: 0 | L56: 0 | M56: 0 | N56: 0
G57: республиканский бюджет Чувашской Республики | H57: =SUM(I57:N57) -> 240 | I57: 0 | J57: 0 | K57: 0 | L57: 0 | M57: 60 | N57: 180
G58: местный бюджет | H58: =SUM(I58:N58) -> 60 | I58: 0 | J58: 0 | K58: 0 | L58: 0 | M58: 15 | N58: 45
G59: внебюджетные источники | H59: =SUM(I59:N59) -> 0 | I59: 0 | J59: 0 | K59: 0 | L59: 0 | M59: 0 | N59: 0
A60: Модернизация территорий МБОУ "НОШ № 2" г.Чебоксары (2025 год) | B60: НП "Молодежь и дети" | C60: городской округ город Чебоксары Чувашской Республики | D60: 2025 | E60: - | F60: республиканский бюджет Чувашской Республики, местный бюджет, ПСД имеется | G60: объем финансирования, млн. рублей | H60: =SUM(H61:H64) -> 29.8 | I60: =SUM(I61:I64) -> 29.8 | J60: =SUM(J61:J64) -> 0 | K60: =SUM(K61:K64) -> 0 | L60: =SUM(L61:L64) -> 0 | M60: =SUM(M61:M64) -> 0 | N60: =SUM(N61:N64) -> 0 | O60: 858 | P60: Увеличение доли государственных (муниципаль­ных) общеобразовательных организаций, соответствующих современным требованиям обучения, в общем количестве государственных (муниципальных) общеобразовательных организаций | Q60: Администрация города Чебоксары
G61: федеральный бюджет | H61: 0 | I61: 0 | J61: 0 | K61: 0 | L61: 0 | M61: 0 | N61: 0
G62: республиканский бюджет Чувашской Республики | H62: =SUM(I62:N62) -> 23.9 | I62: 23.9 | J62: 0 | K62: 0 | L62: 0 | M62: 0 | N62: 0
G63: местный бюджет | H63: =SUM(I63:N63) -> 5.9 | I63: 5.9 | J63: 0 | K63: 0 | L63: 0 | M63: 0 | N63: 0
G64: внебюджетные источники | H64: 0 | I64: 0 | J64: 0 | K64: 0 | L64: 0 | M64: 0 | N64: 0
A65: Модернизация территорий МБОУ "СОШ № 7 имени Олега Беспалова" (2025 год) | B65: НП "Молодежь и дети" | C65: городской округ город Чебоксары Чувашской Республики | D65: 2025 | E65: - | F65: республиканский бюджет Чувашской Республики, местный бюджет, ПСД имеется | G65: объем финансирования, млн. рублей | H65: =SUM(H66:H69) -> 6.9 | I65: =SUM(I66:I69) -> 6.9 | J65: =SUM(J66:J69) -> 0 | K65: =SUM(K66:K69) -> 0 | L65: =SUM(L66:L69) -> 0 | M65: =SUM(M66:M69) -> 0 | N65: =SUM(N66:N69) -> 0 | O65: 870 | P65: Увеличение доли государственных (муниципаль­ных) общеобразовательных организаций, соответствующих современным требованиям обучения, в общем количестве государственных (муниципальных) общеобразовательных организаций | Q65: Администрация города Чебоксары
G66: федеральный бюджет | H66: 0 | I66: 0 | J66: 0 | K66: 0 | L66: 0 | M66: 0 | N66: 0
G67: республиканский бюджет Чувашской Республики | H67: =SUM(I67:N67) -> 5.5 | I67: 5.5 | J67: 0 | K67: 0 | L67: 0 | M67: 0 | N67: 0
G68: местный бюджет | H68: =SUM(I68:N68) -> 1.4 | I68: 1.4 | J68: 0 | K68: 0 | L68: 0 | M68: 0 | N68: 0
G69: внебюджетные источники | H69: 0 | I69: 0 | J69: 0 | K69: 0 | L69: 0 | M69: 0 | N69: 0
A70: Модернизация территорий МБОУ "СОШ № 10" г. Чебоксары (2025 год) | B70: НП "Молодежь и дети" | C70: городской округ город Чебоксары Чувашской Республики | D70: 2025 | E70: 1015 | F70: республиканский бюджет Чувашской Республики, местный бюджет, ПСД имеется | G70: объем финансирования, млн. рублей | H70: =SUM(H71:H74) -> 19.6 | I70: =SUM(I71:I74) -> 19.6 | J70: =SUM(J71:J74) -> 0 | K70: =SUM(K71:K74) -> 0 | L70: =SUM(L71:L74) -> 0 | M70: =SUM(M71:M74) -> 0 | N70: =SUM(N71:N74) -> 0 | O70: 1015 | P70: Увеличение доли государственных (муниципаль­ных) общеобразовательных организаций, соответствующих современным требованиям обучения, в общем количестве государственных (муниципальных) общеобразовательных организаций | Q70: Администрация города Чебоксары
G71: федеральный бюджет | H71: 0 | I71: 0 | J71: 0 | K71: 0 | L71: 0 | M71: 0 | N71: 0
G72: республиканский бюджет Чувашской Республики | H72: =SUM(I72:N72) -> 15.7 | I72: 15.7 | J72: 0 | K72: 0 | L72: 0 | M72: 0 | N72: 0
G73: местный бюджет | H73: =SUM(I73:N73) -> 3.9 | I73: 3.9 | J73: 0 | K73: 0 | L73: 0 | M73: 0 | N73: 0
G74: внебюджетные источники | H74: 0 | I74: 0 | J74: 0 | K74: 0 | L74: 0 | M74: 0 | N74: 0
A75: Модернизация территорий МБОУ "СОШ № 12" г. Чебоксары (2025 год) | B75: НП "Молодежь и дети" | C75: городской округ город Чебоксары Чувашской Республики | D75: 2025 | E75: 1041 | F75: республиканский бюджет Чувашской Республики, местный бюджет, ПСД имеется | G75: объем финансирования, млн. рублей | H75: =SUM(H76:H79) -> 11.4 | I75: =SUM(I76:I79) -> 11.4 | J75: =SUM(J76:J79) -> 0 | K75: =SUM(K76:K79) -> 0 | L75: =SUM(L76:L79) -> 0 | M75: =SUM(M76:M79) -> 0 | N75: =SUM(N76:N79) -> 0 | O75: 1041 | P75: Увеличение доли государственных (муниципаль­ных) общеобразовательных организаций, соответствующих современным требованиям обучения, в общем количестве государственных (муниципальных) общеобразовательных организаций | Q75: Администрация города Чебоксары
G76: федеральный бюджет | H76: 0 | I76: 0 | J76: 0 | K76: 0 | L76: 0 | M76: 0 | N76: 0
G77: республиканский бюджет Чувашской Республики | H77: =SUM(I77:N77) -> 3.8 | I77: 3.8 | J77: 0 | K77: 0 | L77: 0 | M77: 0 | N77: 0
G78: местный бюджет | H78: =SUM(I78:N78) -> 7.6 | I78: 7.6 | J78: 0 | K78: 0 | L78: 0 | M78: 0 | N78: 0
G79: внебюджетные источники | H79: 0 | I79: 0 | J79: 0 | K79: 0 | L79: 0 | M79: 0 | N79: 0
A80: Модернизация территорий МБОУ "СОШ № 23" г. Чебоксары (2025 год) | B80: НП "Молодежь и дети" | C80: городской округ город Чебоксары Чувашской Республики | D80: 2025 | E80: 568 | F80: республиканский бюджет Чувашской Республики, местный бюджет, ПСД имеется | G80: объем финансирования, млн. рублей | H80: =SUM(H81:H84) -> 19.5 | I80: =SUM(I81:I84) -> 19.5 | J80: =SUM(J81:J84) -> 0 | K80: =SUM(K81:K84) -> 0 | L80: =SUM(L81:L84) -> 0 | M80: =SUM(M81:M84) -> 0 | N80: =SUM(N81:N84) -> 0 | O80: 568 | P80: Увеличение доли государственных (муниципаль­ных) общеобразовательных организаций, соответствующих современным требованиям обучения, в общем количестве государственных (муниципальных) общеобразовательных организаций | Q80: Администрация города Чебоксары
G81: федеральный бюджет | H81: 0 | I81: 0 | J81: 0 | K81: 0 | L81: 0 | M81: 0 | N81: 0
G82: республиканский бюджет Чувашской Республики | H82: =SUM(I82:N82) -> 15.6 | I82: 15.6 | J82: 0 | K82: 0 | L82: 0 | M82: 0 | N82: 0
G83: местный бюджет | H83: =SUM(I83:N83) -> 3.9 | I83: 3.9 | J83: 0 | K83: 0 | L83: 0 | M83: 0 | N83: 0
G84: внебюджетные источники | H84: 0 | I84: 0 | J84: 0 | K84: 0 | L84: 0 | M84: 0 | N84: 0
A85: Модернизация территорий МБОУ "СОШ № 24" г. Чебоксары (2025 год) | B85: НП "Молодежь и дети" | C85: городской округ город Чебоксары Чувашской Республики | D85: 2025 | E85: 500 | F85: республиканский бюджет Чувашской Республики, местный бюджет, ПСД имеется | G85: объем финансирования, млн. рублей | H85: =SUM(H86:H89) -> 20 | I85: =SUM(I86:I89) -> 20 | J85: =SUM(J86:J89) -> 0 | K85: =SUM(K86:K89) -> 0 | L85: =SUM(L86:L89) -> 0 | M85: =SUM(M86:M89) -> 0 | N85: =SUM(N86:N89) -> 0 | O85: 500 | P85: Увеличение доли государственных (муниципаль­ных) общеобразовательных организаций, соответствующих современным требованиям обучения, в общем количестве государственных (муниципальных) общеобразовательных организаций | Q85: Администрация города Чебоксары
G86: федеральный бюджет | H86: 0 | I86: 0 | J86: 0 | K86: 0 | L86: 0 | M86: 0 | N86: 0
G87: республиканский бюджет Чувашской Республики | H87: =SUM(I87:N87) -> 10.3 | I87: 10.3 | J87: 0 | K87: 0 | L87: 0 | M87: 0 | N87: 0
G88: местный бюджет | H88: =SUM(I88:N88) -> 9.7 | I88: 9.7 | J88: 0 | K88: 0 | L88: 0 | M88: 0 | N88: 0
G89: внебюджетные источники | H89: 0 | I89: 0 | J89: 0 | K89: 0 | L89: 0 | M89: 0 | N89: 0
A90: Модернизация территорий МБОУ "СОШ № 28" г. Чебоксары (2025 год) | B90: НП "Молодежь и дети" | C90: городской округ город Чебоксары Чувашской Республики | D90: 2025 | E90: 1154 | F90: республиканский бюджет Чувашской Республики, местный бюджет, ПСД имеется | G90: объем финансирования, млн. рублей | H90: =SUM(H91:H94) -> 16.8 | I90: =SUM(I91:I94) -> 16.8 | J90: =SUM(J91:J94) -> 0 | K90: =SUM(K91:K94) -> 0 | L90: =SUM(L91:L94) -> 0 | M90: =SUM(M91:M94) -> 0 | N90: =SUM(N91:N94) -> 0 | O90: 1154 | P90: Увеличение доли государственных (муниципаль­ных) общеобразовательных организаций, соответствующих современным требованиям обучения, в общем количестве государственных (муниципальных) общеобразовательных организаций | Q90: Администрация города Чебоксары
G91: федеральный бюджет | H91: 0 | I91: 0 | J91: 0 | K91: 0 | L91: 0 | M91: 0 | N91: 0
G92: республиканский бюджет Чувашской Республики | H92: =SUM(I92:N92) -> 11.5 | I92: 11.5 | J92: 0 | K92: 0 | L92: 0 | M92: 0 | N92: 0
G93: местный бюджет | H93: =SUM(I93:N93) -> 5.3 | I93: 5.3 | J93: 0 | K93: 0 | L93: 0 | M93: 0 | N93: 0
G94: внебюджетные источники | H94: 0 | I94: 0 | J94: 0 | K94: 0 | L94: 0 | M94: 0 | N94: 0
A95: Модернизация территорий МБОУ "СОШ № 30 " г. Чебоксары (2025 год) | B95: НП "Молодежь и дети" | C95: городской округ город Чебоксары Чувашской Республики | D95: 2025 | E95: 849 | F95: республиканский бюджет Чувашской Республики, местный бюджет, ПСД имеется | G95: объем финансирования, млн. рублей | H95: =SUM(H96:H99) -> 17.1 | I95: =SUM(I96:I99) -> 17.1 | J95: =SUM(J96:J99) -> 0 | K95: =SUM(K96:K99) -> 0 | L95: =SUM(L96:L99) -> 0 | M95: =SUM(M96:M99) -> 0 | N95: =SUM(N96:N99) -> 0 | O95: 849 | P95: Увеличение доли государственных (муниципаль­ных) общеобразовательных организаций, соответствующих современным требованиям обучения, в общем количестве государственных (муниципальных) общеобразовательных организаций | Q95: Администрация города Чебоксары
G96: федеральный бюджет | H96: 0 | I96: 0 | J96: 0 | K96: 0 | L96: 0 | M96: 0 | N96: 0
G97: республиканский бюджет Чувашской Республики | H97: =SUM(I97:N97) -> 12.9 | I97: 12.9 | J97: 0 | K97: 0 | L97: 0 | M97: 0 | N97: 0
G98: местный бюджет | H98: =SUM(I98:N98) -> 4.2 | I98: 4.2 | J98: 0 | K98: 0 | L98: 0 | M98: 0 | N98: 0
G99: внебюджетные источники | H99: 0 | I99: 0 | J99: 0 | K99: 0 | L99: 0 | M99: 0 | N99: 0
A100: Модернизация территорий МБОУ "СОШ № 38" г. Чебоксары (2025 год) | B100: НП "Молодежь и дети" | C100: городской округ город Чебоксары Чувашской Республики | D100: 2025 | E100: 937 | F100: республиканский бюджет Чувашской Республики, местный бюджет, ПСД имеется | G100: объем финансирования, млн. рублей | H100: =SUM(H101:H104) -> 17.2 | I100: =SUM(I101:I104) -> 17.2 | J100: =SUM(J101:J104) -> 0 | K100: =SUM(K101:K104) -> 0 | L100: =SUM(L101:L104) -> 0 | M100: =SUM(M101:M104) -> 0 | N100: =SUM(N101:N104) -> 0 | O100: 937 | P100: Увеличение доли государственных (муниципаль­ных) общеобразовательных организаций, соответствующих современным требованиям обучения, в общем количестве государственных (муниципальных) общеобразовательных организаций | Q100: Администрация города Чебоксары
...

Sheet Культура
A1: Наименование | B1: Национальный проект, региональный проект | C1: Место реализации проекта | D1: Сроки реализации, годы | E1: Мощность | F1: Источник финансирования, наличие и необходимость ПСД | G1: Прогнозные объемы финансирования | O1: Число жителей, улучшивших условия в результате реализации, человек | P1: Основания для включения | Q1: Функциональный заказчик
G2: источник финансирования | H2: всего, в том числе | I2: 2025 | J2: 2026 | K2: 2027 | L2: 2028 | M2: 2029 | N2: 2030
A3: 1 | B3: 2 | C3: 3 | D3: 4 | E3: 5 | F3: 6 | G3: 7 | H3: 8 | I3: 9 | J3: 10 | K3: 11 | L3: 12 | M3: 13 | N3: 14 | O3: 15 | P3: 16
A4: городской округ город Чебоксары Чувашской Республики
A5: Строительство многофункционального центра культуры и досуга в «Заволжье» г. Чебоксары | B5: государственная программа Чувашской республики «Развитие культуры» национальный проект "Семья" | C5: городской округ город Чебоксары Чувашской Республики | D5: 2026-2027 | E5: 1406,9 кв.м 250 мест | F5: республиканский бюджет Чувашской Республики, местный бюджет | G5: объем финансирования, млн. рублей, млн. руб. | H5: =SUM(H6:H9) -> 265.84 | I5: =SUM(I6:I9) -> 0 | J5: =SUM(J6:J9) -> 132.92 | K5: =SUM(K6:K9) -> 132.92 | L5: =SUM(L6:L9) -> 0 | M5: =SUM(M6:M9) -> 0 | N5: =SUM(N6:N9) -> 0 | O5: 5115 | P5: распоряжение Министерства культуры Российской Федерации от 23 октября 2023 г. N Р-2879 «Об утверждении методических рекомендаций органам государственной власти субъектов российской федерации и органам местного самоуправления о применении нормативов и норм оптимального размещения организаций культуры и обеспеченности населения услугами организаций культуры» / Прирост участников клубных формирований 110,4% | Q5: Администрация города Чебоксары
G6: федеральный бюджет | H6: =SUM(I6:N6) -> 0 | I6: 0 | J6: 0 | K6: 0 | L6: 0 | M6: 0 | N6: 0
G7: республиканский бюджет Чувашской Республики | H7: =SUM(I7:N7) -> 118.98 | I7: 0 | J7: 59.49 | K7: 59.49 | L7: 0 | M7: 0 | N7: 0
G8: местный бюджет | H8: =SUM(I8:N8) -> 146.86 | I8: 0 | J8: 73.43 | K8: 73.43 | L8: 0 | M8: 0 | N8: 0
G9: внебюджетные источники | H9: =SUM(I9:N9) -> 0 | I9: 0 | J9: 0 | K9: 0 | L9: 0 | M9: 0 | N9: 0
A10: ПСД на строительство многофункционального центра культуры и досуга в мкр. Новый город г. Чебоксары | B10: муниципальная программа города Чебоксарыублики «Развитие культуры и Туризма в городе Чебоксары» | C10: городской округ город Чебоксары Чувашской Республики | D10: 2029 | E10: 10 000 кв.м 700мест | F10: местный бюджет | G10: объем финансирования, млн. рублей, млн. руб. | H10: =SUM(H11:H14) -> 20 | I10: =SUM(I11:I14) -> 0 | J10: =SUM(J11:J14) -> 0 | K10: =SUM(K11:K14) -> 0 | L10: =SUM(L11:L14) -> 0 | M10: =SUM(M11:M14) -> 20 | N10: =SUM(N11:N14) -> 0 | O10: 20880 | P10: Методические рекомендации Министерства культуры России от 18 ноября 2025 года № Р-494 | Q10: Администрация города Чебоксары
G11: федеральный бюджет | H11: =SUM(I11:N11) -> 0 | I11: 0 | J11: 0 | K11: 0 | L11: 0 | M11: 0 | N11: 0
G12: республиканский бюджет Чувашской Республики | H12: =SUM(I12:N12) -> 0 | I12: 0 | J12: 0 | K12: 0 | L12: 0 | M12: 0 | N12: 0
G13: местный бюджет | H13: =SUM(I13:N13) -> 20 | I13: 0 | J13: 0 | K13: 0 | L13: 0 | M13: =0.002*10000 -> 20 | N13: 0
G14: внебюджетные источники | H14: =SUM(I14:N14) -> 0 | I14: 0 | J14: 0 | K14: 0 | L14: 0 | M14: 0 | N14: 0
A15: ПСД на строительство многофункционального центра культуры и досуга в мкр.Солнечный г. Чебоксары | B15: муниципальная программа города Чебоксарыублики «Развитие культуры и Туризма в городе Чебоксары» | C15: городской округ город Чебоксары Чувашской Республики | D15: 2029 | E15: 10 000 кв.м 700мест | F15: местный бюджет | G15: объем финансирования, млн. рублей, млн. руб. | H15: =SUM(H16:H19) -> 20 | I15: =SUM(I16:I19) -> 0 | J15: =SUM(J16:J19) -> 0 | K15: =SUM(K16:K19) -> 0 | L15: =SUM(L16:L19) -> 0 | M15: =SUM(M16:M19) -> 20 | N15: =SUM(N16:N19) -> 0 | O15: 19120 | P15: Методические рекомендации Министерства культуры России от 18 ноября 2025 года № Р-494 | Q15: Администрация города Чебоксары
G16: федеральный бюджет | H16: =SUM(I16:N16) -> 0 | I16: 0 | J16: 0 | K16: 0 | L16: 0 | M16: 0 | N16: 0
G17: республиканский бюджет Чувашской Республики | H17: =SUM(I17:N17) -> 0 | I17: 0 | J17: 0 | K17: 0 | L17: 0 | M17: 0 | N17: 0
G18: местный бюджет | H18: =SUM(I18:N18) -> 20 | I18: 0 | J18: 0 | K18: 0 | L18: 0 | M18: =0.002*10000 -> 20 | N18: 0
G19: внебюджетные источники | H19: =SUM(I19:N19) -> 0 | I19: 0 | J19: 0 | K19: 0 | L19: 0 | M19: 0 | N19: 0
A20: Строительство многофункционального центра культуры и досуга в мкр. Новый город г. Чебоксары | B20: муниципальная программа города Чебоксарыублики «Развитие культуры и Туризма в городе Чебоксары» | C20: городской округ город Чебоксары Чувашской Республики | D20: 2029-2030 | E20: 10 000 кв.м 700мест | F20: республиканский бюджет Чувашской Республики, местный бюджет | G20: объем финансирования, млн. рублей, млн. руб. | H20: =SUM(H21:H24) -> 1000 | I20: =SUM(I21:I24) -> 0 | J20: =SUM(J21:J24) -> 0 | K20: =SUM(K21:K24) -> 0 | L20: =SUM(L21:L24) -> 0 | M20: =SUM(M21:M24) -> 500 | N20: =SUM(N21:N24) -> 500 | O20: 20880 | P20: Методические рекомендации Министерства культуры России от 18 ноября 2025 года № Р-494 | Q20: Администрация города Чебоксары
G21: федеральный бюджет | H21: 0 | I21: 0 | J21: 0 | K21: 0 | L21: 0 | M21: 0 | N21: 0
G22: республиканский бюджет Чувашской Республики | H22: 700 | I22: 0 | J22: 0 | K22: 0 | L22: 0 | M22: 350 | N22: 350
G23: местный бюджет | H23: 300 | I23: 0 | J23: 0 | K23: 0 | L23: 0 | M23: 150 | N23: 150
G24: внебюджетные источники | H24: =SUM(I24:N24) -> 0 | I24: 0 | J24: 0 | K24: 0 | L24: 0 | M24: 0 | N24: 0
A25: Строительство многофункционального центра культуры и досуга в мкр.Солнечный г. Чебоксары | B25: муниципальная программа города Чебоксарыублики «Развитие культуры и Туризма в городе Чебоксары» | C25: городской округ город Чебоксары Чувашской Республики | D25: 2029-2030 | E25: 10 000 кв.м 700мест | F25: республиканский бюджет Чувашской Республики, местный бюджет | G25: объем финансирования, млн. рублей, млн. руб. | H25: =SUM(H26:H29) -> 1000 | I25: =SUM(I26:I29) -> 0 | J25: =SUM(J26:J29) -> 0 | K25: =SUM(K26:K29) -> 0 | L25: =SUM(L26:L29) -> 0 | M25: =SUM(M26:M29) -> 500 | N25: =SUM(N26:N29) -> 500 | O25: 19120 | P25: Методические рекомендации Министерства культуры России от 18 ноября 2025 года № Р-494 | Q25: Администрация города Чебоксары
G26: федеральный бюджет | H26: 0 | I26: 0 | J26: 0 | K26: 0 | L26: 0 | M26: 0 | N26: 0
G27: республиканский бюджет Чувашской Республики | H27: 700 | I27: 0 | J27: 0 | K27: 0 | L27: 0 | M27: 350 | N27: 350
G28: местный бюджет | H28: 300 | I28: 0 | J28: 0 | K28: 0 | L28: 0 | M28: 150 | N28: 150
G29: внебюджетные источники | H29: =SUM(I29:N29) -> 0 | I29: 0 | J29: 0 | K29: 0 | L29: 0 | M29: 0 | N29: 0
A30: Создание детского культурно-просветительского центра на базе ДК"Южный" по адрресу: город Чебоксары, ул. Сапожникова,15 | B30: Национальнный проект "Семья" государственная программа Чувашской республики «Развитие культуры» | C30: городской округ город Чебоксары Чувашской Республики | D30: 2026 | E30: - | F30: федеральный бюджет, республиканский бюджет Чувашской Республики, местный бюджет | G30: объем финансирования, млн. рублей | H30: =SUM(H31:H34) -> 3.88 | I30: =SUM(I31:I34) -> 0 | J30: =SUM(J31:J34) -> 3.88 | K30: =SUM(K31:K34) -> 0 | L30: =SUM(L31:L34) -> 0 | M30: =SUM(M31:M34) -> 0 | N30: =SUM(N31:N34) -> 0 | O30: 29106 | P30: статья 67.1 Конституции Российской Федерации, Семейный кодекс Российской Федерации, Основы законодательства Российской Федерации о культуре, Федеральный закон от 20.10.2022 № 402-ФЗ «О нематериальном этнокультурном достоянии Российской Федерации», Федеральный закон от 29.12.2010 № 436-ФЗ «О защите детей от информации, причиняющей вред их здоровью и развитию», Указ Президента Российской Федерации от 07.05.2024 № 309 «О национальных целях Российской Федерации на период до 2030 года и на перспективу до 2036 года" / Прирост участников клубных формирований 110,4% | Q30: Администрация города Чебоксары
G31: федеральный бюджет | H31: =SUM(I31:N31) -> 3.8 | I31: 0 | J31: 3.8 | K31: 0 | L31: 0 | M31: 0 | N31: 0
G32: республиканский бюджет Чувашской Республики | H32: =SUM(I32:N32) -> 0.04 | I32: 0 | J32: 0.04 | K32: 0 | L32: 0 | M32: 0 | N32: 0
G33: местный бюджет | H33: =SUM(I33:N33) -> 0.04 | I33: 0 | J33: 0.04 | K33: 0 | L33: 0 | M33: 0 | N33: 0
G34: внебюджетные источники | H34: =SUM(I34:N34) -> 0 | I34: 0 | J34: 0 | K34: 0 | L34: 0 | M34: 0 | N34: 0
A35: Капитальный ремонт здания МАУК Дворец культуры "Акация", расположенного по адресу: поселок городского типа Новые Лапсары, Совхозная улица, д. 3 | B35: государственная программа Чувашской республики «Развитие культуры» | C35: городской округ город Чебоксары Чувашской Республики | D35: 2025, 2030 | E35: - | F35: республиканский бюджет Чувашской Республики, местный бюджет | G35: объем финансирования, млн. рублей | H35: =SUM(H36:H39) -> 15.2 | I35: =SUM(I36:I39) -> 2.2 | J35: =SUM(J36:J39) -> 0 | K35: =SUM(K36:K39) -> 0 | L35: =SUM(L36:L39) -> 0 | M35: =SUM(M36:M39) -> 0 | N35: =SUM(N36:N39) -> 13 | O35: 22000 | P35: Повышение качества предоставляемых услуг, в соответствии с требованиями законодательства о защите прав инвалидов и лиц ОВЗ, нормами антитеррористического законодательства и пожарной безопасности / Прирост участников клубных формирований 110,4% | Q35: Администрация города Чебоксары
G36: федеральный бюджет | H36: =SUM(I36:N36) -> 0 | I36: 0 | J36: 0 | K36: 0 | L36: 0 | M36: 0 | N36: 0
G37: республиканский бюджет Чувашской Республики | H37: =SUM(I37:N37) -> 8.25 | I37: 1.75 | J37: 0 | K37: 0 | L37: 0 | M37: 0 | N37: 6.5
G38: местный бюджет | H38: =SUM(I38:N38) -> 6.95 | I38: 0.45 | J38: 0 | K38: 0 | L38: 0 | M38: 0 | N38: 6.5
G39: внебюджетные источники | H39: =SUM(I39:N39) -> 0 | I39: 0 | J39: 0 | K39: 0 | L39: 0 | M39: 0 | N39: 0
A40: Капитальный ремонт детской библиотеки имени А. Барто - филиал №12 | B40: муниципальная программа города Чебоксары «Развитие культуры и Туризма в г. Чебоксары»« | C40: городской округ город Чебоксары Чувашской Республики | D40: 2025 | E40: 186.4 | F40: местный бюджет | G40: объем финансирования, млн. рублей | H40: =SUM(H41:H44) -> 4.2 | I40: =SUM(I41:I44) -> 4.2 | J40: =SUM(J41:J44) -> 0 | K40: =SUM(K41:K44) -> 0 | L40: =SUM(L41:L44) -> 0 | M40: =SUM(M41:M44) -> 0 | N40: =SUM(N41:N44) -> 0 | O40: 4000 | P40: Федеральный закон от 29.12.1994 №78-ФЗ «О библиотечном деле». Распоряжение Правительства РФ от 13.03.2021 №608-р (ред. от 28.04.2025) «Об утверждении Стратегии развития библиотечного дела на период до 2030 года» /Количество посещений общедоступных библиотек (на 1 жителя в год) 2,97 ед. | Q40: Администрация города Чебоксары
G41: федеральный бюджет | H41: =SUM(I41:N41) -> 0 | I41: 0 | J41: 0 | K41: 0 | L41: 0 | M41: 0 | N41: 0
G42: республиканский бюджет Чувашской Республики | H42: =SUM(I42:N42) -> 0 | I42: 0 | J42: 0 | K42: 0 | L42: 0 | M42: 0 | N42: 0
G43: местный бюджет | H43: =SUM(I43:N43) -> 4.2 | I43: 4.2 | J43: 0 | K43: 0 | L43: 0 | M43: 0 | N43: 0
G44: внебюджетные источники | H44: =SUM(I44:N44) -> 0 | I44: 0 | J44: 0 | K44: 0 | L44: 0 | M44: 0 | N44: 0
A45: Создание модельной детской библиотеки имени А.Барто - филиал №12 | B45: НП «Семья» | C45: городской округ город Чебоксары Чувашской Республики | D45: 2025 | E45: 186.4 | F45: федеральный бюджет, республиканский бюджет Чувашской Республики, местный бюджет | G45: объем финансирования, млн. рублей | H45: =SUM(H46:H49) -> 8.004 | I45: =SUM(I46:I49) -> 8.004 | J45: =SUM(J46:J49) -> 0 | K45: =SUM(K46:K49) -> 0 | L45: =SUM(L46:L49) -> 0 | M45: =SUM(M46:M49) -> 0 | N45: =SUM(N46:N49) -> 0 | O45: 4000 | P45: Федеральный закон от 29.12.1994 №78-ФЗ «О библиотечном деле». Распоряжение Правительства РФ от 13.03.2021 №608-р (ред. от 28.04.2025) «Об утверждении Стратегии развития библиотечного дела на период до 2030 года»/ /Количество посещений общедоступных библиотек (на 1 жителя в год) 2,97 ед. | Q45: Администрация города Чебоксары
G46: федеральный бюджет | H46: =SUM(I46:N46) -> 7.92 | I46: 7.92 | J46: 0 | K46: 0 | L46: 0 | M46: 0 | N46: 0
G47: республиканский бюджет Чувашской Республики | H47: =SUM(I47:N47) -> 0.08 | I47: 0.08 | J47: 0 | K47: 0 | L47: 0 | M47: 0 | N47: 0
G48: местный бюджет | H48: =SUM(I48:N48) -> 0.004 | I48: 0.004 | J48: 0 | K48: 0 | L48: 0 | M48: 0 | N48: 0
G49: внебюджетные источники | H49: =SUM(I49:N49) -> 0 | I49: 0 | J49: 0 | K49: 0 | L49: 0 | M49: 0 | N49: 0
A50: разработка ПСД на проведение капитального ремонта ДК «Южный» | B50: муниципальная программа города Чебоксары «Развитие культуры и Туризма в г. Чебоксары» | C50: городской округ город Чебоксары Чувашской Республики | D50: 2025 | E50: площадь 730,2 кв.м | F50: местный бюджет | G50: объем финансирования, млн. рублей | H50: =SUM(H51:H54) -> 2.9 | I50: =SUM(I51:I54) -> 2.9 | J50: =SUM(J51:J54) -> 0 | K50: =SUM(K51:K54) -> 0 | L50: =SUM(L51:L54) -> 0 | M50: =SUM(M51:M54) -> 0 | N50: =SUM(N51:N54) -> 0 | O50: 29106 | P50: статья 67.1 Конституции Российской Федерации, Семейный кодекс Российской Федерации, Основы законодательства Российской Федерации о культуре, Федеральный закон от 20.10.2022 № 402-ФЗ «О нематериальном этнокультурном достоянии Российской Федерации», Федеральный закон от 29.12.2010 № 436-ФЗ «О защите детей от информации, причиняющей вред их здоровью и развитию», Указ Президента Российской Федерации от 07.05.2024 № 309 «О национальных целях Российской Федерации на период до 2030 года и на перспективу до 2036 года" / Прирост участников клубных формирований 110,4% | Q50: Администрация города Чебоксары
G51: федеральный бюджет | H51: =SUM(I51:N51) -> 0 | I51: 0 | J51: 0 | K51: 0 | L51: 0 | M51: 0 | N51: 0
G52: республиканский бюджет Чувашской Республики | H52: =SUM(I52:N52) -> 0 | I52: 0 | J52: 0 | K52: 0 | L52: 0 | M52: 0 | N52: 0
G53: местный бюджет | H53: =SUM(I53:N53) -> 2.9 | I53: 2.9 | J53: 0 | K53: 0 | L53: 0 | M53: 0 | N53: 0
G54: внебюджетные источники | H54: =SUM(I54:N54) -> 0 | I54: 0 | J54: 0 | K54: 0 | L54: 0 | M54: 0 | N54: 0
A55: Капитальный ремонт ДК «Южный» | B55: НП «Семья»; государственная программа Чувашской республики «Развитие культуры»; муниципальная программа города Чебоксары «Развитие культуры и Туризма в г. Чебоксары»« | C55: городской округ город Чебоксары Чувашской Республики | D55: 2029 | E55: площадь 730,2 кв. м | F55: республиканский бюджет Чувашской Республики, местный бюджет | G55: объем финансирования, млн. рублей | H55: =SUM(H56:H59) -> 92.1 | I55: =SUM(I56:I59) -> 0 | J55: =SUM(J56:J59) -> 0 | K55: =SUM(K56:K59) -> 0 | L55: =SUM(L56:L59) -> 0 | M55: =SUM(M56:M59) -> 92.1 | N55: =SUM(N56:N59) -> 0 | O55: 30000 | Q55: Администрация города Чебоксары
G56: федеральный бюджет | H56: =SUM(I56:N56) -> 0 | I56: 0 | J56: 0 | K56: 0 | L56: 0 | M56: 0 | N56: 0
G57: республиканский бюджет Чувашской Республики | H57: =SUM(I57:N57) -> 46 | I57: 0 | J57: 0 | K57: 0 | L57: 0 | M57: 46 | N57: 0
G58: местный бюджет | H58: =SUM(I58:N58) -> 46.1 | I58: 0 | J58: 0 | K58: 0 | L58: 0 | M58: 46.1 | N58: 0
G59: внебюджетные источники | H59: =SUM(I59:N59) -> 0 | I59: 0 | J59: 0 | K59: 0 | L59: 0 | M59: 0 | N59: 0
